Workbook
Name _ftn1: 'Focus - POLITICHE RETRIBUTIVE'!#REF!
Name _ftn1: 'I. Questionario nazionale'!#REF!
Name _ftn1: 'II. Gomma Plastica Cavi'!#REF!
Name _ftn1: #REF!
Name _ftn2: 'Focus - POLITICHE RETRIBUTIVE'!#REF!
Name _ftn2: 'I. Questionario nazionale'!#REF!
Name _ftn2: 'II. Gomma Plastica Cavi'!#REF!
Name _ftn3: 'Focus - POLITICHE RETRIBUTIVE'!#REF!
Name _ftn3: 'I. Questionario nazionale'!#REF!
Name _ftn3: 'II. Gomma Plastica Cavi'!#REF!
Name _ftn4: 'Focus - POLITICHE RETRIBUTIVE'!#REF!
Name _ftn4: 'I. Questionario nazionale'!#REF!
Name _ftn4: 'II. Gomma Plastica Cavi'!#REF!
Name _ftn5: 'Focus - POLITICHE RETRIBUTIVE'!#REF!
Name _ftn5: 'I. Questionario nazionale'!#REF!
Name _ftn5: 'II. Gomma Plastica Cavi'!#REF!
Name _ftn6: 'Focus - POLITICHE RETRIBUTIVE'!#REF!
Name _ftn6: 'I. Questionario nazionale'!#REF!
Name _ftn6: 'II. Gomma Plastica Cavi'!#REF!
Name _ftn7: 'Focus - POLITICHE RETRIBUTIVE'!#REF!
Name _ftn7: 'I. Questionario nazionale'!#REF!
Name _ftn7: 'II. Gomma Plastica Cavi'!#REF!
Name _ftnref1: 'Focus - POLITICHE RETRIBUTIVE'!#REF!
Name _ftnref1: 'I. Questionario nazionale'!#REF!
Name _ftnref1: 'II. Gomma Plastica Cavi'!#REF!
Name _ftnref1: #REF!
Name _ftnref2: 'Focus - POLITICHE RETRIBUTIVE'!#REF!
Name _ftnref2: 'I. Questionario nazionale'!#REF!
Name _ftnref2: 'II. Gomma Plastica Cavi'!#REF!
Name _ftnref3: 'Focus - POLITICHE RETRIBUTIVE'!#REF!
Name _ftnref3: 'I. Questionario nazionale'!#REF!
Name _ftnref3: 'II. Gomma Plastica Cavi'!#REF!
Name _ftnref4: 'Focus - POLITICHE RETRIBUTIVE'!#REF!
Name _ftnref4: 'I. Questionario nazionale'!#REF!
Name _ftnref4: 'II. Gomma Plastica Cavi'!#REF!
Name _ftnref5: 'Focus - POLITICHE RETRIBUTIVE'!#REF!
Name _ftnref5: 'I. Questionario nazionale'!#REF!
Name _ftnref5: 'II. Gomma Plastica Cavi'!#REF!
Name _ftnref6: 'Focus - POLITICHE RETRIBUTIVE'!#REF!
Name _ftnref6: 'I. Questionario nazionale'!#REF!
Name _ftnref6: 'II. Gomma Plastica Cavi'!#REF!
Name _ftnref7: 'Focus - POLITICHE RETRIBUTIVE'!#REF!
Name _ftnref7: 'I. Questionario nazionale'!#REF!
Name _ftnref7: 'II. Gomma Plastica Cavi'!#REF!
Name Button_1: "Struttura_database__maschera_biagi_2006_maschera_Elenca"

Sheet I. Questionario nazionale
C1: Indagine Confindustria sul lavoro del 2025 | L1: Colonna di controllo
C5: Questionario Nazionale
K6: FALSE
A8: Persona a cui inviare i risultati:
A10: E-mail: | L10: =+IF(B10="","Compilare E-mail","") -> Compilare E-mail
A12: A) INFORMAZIONI GENERALI SULL'IMPRESA
A13: 9
A15: A.1 Denominazione dell'impresa | L15: =+IF(F15="","Compilare denominazione impresa","") -> Compilare denominazione impresa
A17: A.2 Associazione territoriale e/o di categoria | F17: ASSOLOMBARDA | L17: =+IF(F17="","Compilare Associazione","")
L18: =+IF(C19="","Compilare Partita IVA",IF(LEN(C19)>11,"Partita IVA oltre 11 caratteri?","")) -> Compilare Partita IVA
A19: A.3 Partita IVA | F19: A.4.1 CCNL | J19: 1 | L19: =+IF(J19=1,"Scegliere CCNL principale","") -> Scegliere CCNL principale | N19: =IF(NOT(J19=""),VLOOKUP(J19,ccnl!A2:C82,3,FALSE),"0") -> 0
A21: A.4.2 Codice Ateco attività principale | J21: 1 | L21: =+IF(J21=1,"Scegliere settore Ateco principale","") -> Scegliere settore Ateco principale | N21: =IF(NOT(J21=""),VLOOKUP(J21,ateco2007_2digit!A2:C90,3,FALSE),"0") -> 0
A23: A.5 L'impresa è plurilocalizzata? | H23: No | I23: FALSE | J23: Sì | K23: FALSE | L23: =IF(P23+Q23>1,"Scegliere una sola opzione","") | N23: =+IF(I23=TRUE,1,0) -> 0 | O23: =+IF(K23=TRUE,1,0) -> 0 | P23: =N23*1 -> 0 | Q23: =O23*1 -> 0
A25: A.6 I dati che inserirà nel questionario riguardano: | L25: =IF(NOT(N27=1),IF(NOT(N29=1),"Compilare A.6",""),IF(NOT(N29=1),"","Attenzione compilare solo un'opzione!")) -> Compilare A.6
B27: =IF(P23=1,"l'unica sede","tutta l'impresa a livello nazionale") -> tutta l'impresa a livello nazionale | E27: FALSE | H27: Provincia | K27: 1 | L27: =IF(AND(P23=1,Q23=0),IF(N27=1,IF(O27>0,"","Scegliere Provincia dell'unica sede"),IF(O27>0,"Attenzione A.6!","")),IF(AND(P23=0,Q23=1),IF(N27=1,IF(O27>0,"","Scegliere Provincia della sede principale"),IF(O27>0,"Attenzione A.6!","")),"")) | N27: =+IF(E27=TRUE,1,0) -> 0 | O27: =+IF(NOT(K27=""),VLOOKUP(K27,provincia!A1:C108,3,FALSE),0) -> 0 | P27: =N27*1 -> 0
B29: solo l'unità locale | E29: FALSE | H29: Provincia | K29: 1 | L29: =IF(OR(AND(N23=1,P29=1),AND(N23=0,O23=0,P29=1)),"Attenzione A.5!",IF(P29=1,IF(O29>"0","","Scegliere Provincia dell'unità locale"),IF(AND(P29=0,O29>"0"),"Attenzione A.6!",""))) | N29: =+IF(E29=TRUE,1,0) -> 0 | O29: =IF(NOT(K29=""),VLOOKUP(K29,provincia!A1:C108,3,FALSE),0) -> 0 | P29: =N29*1 -> 0
A32: B) STRUTTURA E DINAMICA DELL'OCCUPAZIONE
A34: B.1 Numero di lavoratori dipendenti per sesso e tipologia contrattuale
D36: Lavoratori al 31.12.2023 | H36: Lavoratori al 31.12.2024 | I36: FALSE | K36: TRUE
D37: Maschi | F37: Femmine | H37: Maschi | J37: Femmine
A38: Indeterminato full-time
A39: Indeterminato part-time
A40: Totale INDETERMINATO | D40: =+SUM(D38:E39) -> 0 | F40: =+SUM(F38:G39) -> 0 | H40: =+SUM(H38:I39) -> 0 | J40: =+SUM(J38:K39) -> 0
A41: Determinato full-time
A42: Determinato part-time
A43: Apprendistato
A44: TOTALE dipendenti | D44: =D40+SUM(D41:E43) -> 0 | F44: =F40+SUM(F41:G43) -> 0 | H44: =H40+SUM(H41:I43) -> 0 | J44: =J40+SUM(J41:K43) -> 0
A48: B.2 Numero di lavoratori DIPENDENTI A TEMPO INDETERMINATO per sesso e inquadramento professionale
A50: Attenzione: questa tabella è riferita ai soli LAVORATORI A TEMPO INDETERMINATO | D50: Lavoratori al 31.12.2023 | H50: Lavoratori al 31.12.2024
D51: Maschi | E51: di cui part-time | F51: Femmine | G51: di cui part-time | H51: Maschi | I51: di cui part-time | J51: Femmine | K51: di cui part-time
A52: Dirigenti | L52: =IF(D40>0,IF(D57>0,IF(AND(D40=D57,D39=E57),"","Attenzione Maschi 2023 in B.1!"),"Compilare Maschi 2023 in B.2"),IF(AND(D40=D57,D39=E57),"","Attenzione Maschi 2023 in B.1!"))
A53: Quadri | L53: =IF(F40>0, IF(F57>0,IF(AND(F40=F57,F39=G57),"","Attenzione Femmine 2023 in B.1!"),"Compilare Femmine 2023 in B.2"),IF(AND(F40=F57,F39=G57),"","Attenzione Femmine 2023 in B.1!"))
A54: Impiegati | L54: =IF((D39+F39)>0,IF((E57+G57)>0,IF((E57+G57)=(D39+F39),"","Attenzione part-time 2023 in B.2!"),"Compilare part-time 2023 in B.2"),IF((E57+G57)=(D39+F39),"","Attenzione part-time 2023 in B.2!"))
A55: Intermedi | L55: =IF(H40>0, IF(H57>0,IF(AND(H40=H57,H39=I57),"","Attenzione Maschi 2024 in B.1!"),"Compilare Maschi 2024 in B.2"),IF(AND(H40=H57,H39=I57),"","Attenzione Maschi 2024 in B.1!"))
A56: Operai | L56: =IF(J40>0, IF(J57>0,IF(AND(J40=J57,J39=K57),"","Attenzione Femmine 2024 in B.1!"),"Compilare Femmine 2024 in B.2"),IF(AND(J40=J57,J39=K57),"","Attenzione Femmine 2024 in B.1!"))
A57: Totale INDETERMINATO | D57: =+SUM(D52:D56) -> 0 | E57: =+SUM(E52:E56) -> 0 | F57: =+SUM(F52:F56) -> 0 | G57: =+SUM(G52:G56) -> 0 | H57: =+SUM(H52:H56) -> 0 | I57: =+SUM(I52:I56) -> 0 | J57: =+SUM(J52:J56) -> 0 | K57: =+SUM(K52:K56) -> 0 | L57: =IF((H39+J39)>0,IF((I57+K57)>0,IF((I57+K57)=(H39+J39),"","Attenzione part-time 2024 in B.2!"),"Compilare part-time 2024 in B.2"),IF((I57+K57)=(H39+J39),"","Attenzione part-time 2024 in B.2!"))
A59: B.3 Indicare il numero di dipendenti che nel corso del 2024 sono stati:
A60: N.B. non vanno conteggiate le variazioni che riguardino lo stesso lavoratore (es. i rinnovi/proroghe di contratti a tempo determinato o le trasformazioni da tempo determinato a tempo indeterminato)
B61: assunti | L61: =IF((I61+I63)>0, IF((H44+J44-D44-F44)=(I61-I63),"","Attenzione: dati non coerenti con variazione tra 31.12.2023 e 31.12.2024 del totale dipendenti ricavabile da B.1"),"")
B63: cessati (dimessi, pensionati, licenziati, con contratti terminati, ...)
B65: di cui cessati: | C65: - per dimissioni | L65: =IF(OR(I61+I63>0,I65+I66>0), IF(AND(I65<=I63,I66<=I63,I65+I66<=I63),"","Attenzione: dati non coerenti con dipendenti cessati"),"")
C66: - per uscita incentivata
A68: Sulla base delle informazioni fornite, nel 2024 il turnover è stato pari a: | I68: =IF(ISERROR((I61+I63)/(D44+F44)),"",(I61+I63)/(D44+F44))
A71: B.4 L'impresa si è avvalsa di lavoratori in somministrazione e/o staff leasing nel 2024? | B71: FALSE | D71: FALSE
B72: Somministrazione a tempo determinato (ex-interinale)
A73: No | B73: FALSE | C73: Sì | D73: FALSE | E73: Quanti | K73: =IF(P73+Q73>1,"Scegliere una sola opzione",IF(AND(Q73=1,F73=0),"Indicare il numero di lavoratori somministrati a tempo determinato",IF(AND(Q73=0,P73=1,F73>0),"Attenzione: risposte non coerenti tra loro",""))) | N73: =+IF(B73=TRUE,"1","0") -> 0 | O73: =+IF(D73=TRUE,"1","0") -> 0 | P73: =N73*1 -> 0 | Q73: =O73*1 -> 0
D74: FALSE
B75: Somministrazione a tempo indeterminato/staff-leasing
A76: No | B76: FALSE | C76: Sì | D76: FALSE | E76: Quanti | K76: =IF(P76+Q76>1,"Scegliere una sola opzione",IF(AND(Q76=1,F76=0),"Indicare il numero di lavoratori somministrati a tempo indeterminato",IF(AND(Q76=0,P76=1,F76>0),"Attenzione: risposte non coerenti tra loro",""))) | N76: =+IF(B76=TRUE,"1","0") -> 0 | O76: =+IF(D76=TRUE,"1","0") -> 0 | P76: =N76*1 -> 0 | Q76: =O76*1 -> 0
L85: =IF(P85+Q85>1,"Scegliere una sola opzione","")
A87: C) ORARI E ASSENZE DAL LAVORO
A88: Le informazioni richieste in questa sezione si riferiscono al solo personale dipendente A TEMPO INDETERMINATO FULL-TIME
A90: I dati in questa tabella vanno forniti per lavoratore (dati medi)
H91: Quadri/Impiegati/ Intermedi | J91: Operai | N91: Check interno: correzioni per errori presunti
A92: C.1 GIORNI di ferie, P.A.R.1 e permessi per banca ore e conto ore per lavoratore effettivamente goduti nel 2024 (es. 20 + 4 + 9 = 33 giorni) | L92: =IF(F104+G104+H104+I104=0,IF(H92>0,"Nessun quadro/impieg./intermedio FT in B.2!",""),IF(H92=0,"Compilare Ferie Quadri/Impiegati/Intermedi","")) | N92: Se azienda ha fornito monte ferie /ore lavorate invece che pro-capite
L93: =IF(J104+K104=0,IF(J92>0,"Nessun Operaio FT in B.2!",""),IF(J92=0,"Compilare Ferie Operai","")) | N93: Allora pro-capite sarebbe:
A94: C.2 ORARIO SETTIMANALE per lavoratore da CCNL, al lordo delle pause retribuite (es. 40 ore a settimana; 37,5 ore; ecc.) | L94: =IF(F104+G104+H104+I104=0,IF(H94>0,"Nessun quadro/impiegato/intermedio in B.2!",""),IF(H94=0,"Compilare Orario Quadri/Impiegati/Intermedi",IF(H94>48,"Orario settimanale > 48 ore?",""))) | O94: QII | P94: O
L95: =IF(J104+K104=0,IF(J94>0,"Nessun operaio in B.2!",""),IF(J94=0,"Compilare Orario Operai",IF(J94>48,"Orario settimanale > 48?",""))) | N95: Ferie | O95: =H92/(F104+G104+H104+I104) -> #DIV/0! | P95: =J92/(J104+K104) -> #DIV/0!
A96: di cui MINUTI SETTIMANALI di pause retribuite per lavoratore a settimana (es. 10 minuti per 5 giorni = 50 minuti alla settimana) | N96: Orario | O96: =H94/(F104+G104+H104+I104) -> #DIV/0! | P96: =J94/(J104+K104) -> #DIV/0!
A97: 1 Ex-festività, riduzioni di orario di lavoro.
A99: C.3 MONTE ORE DI ASSENZA, CIG E STRAORDINARIO NEL 2024 (fornire il numero totale di ore di assenza effettuate dai lavoratori a tempo indeterminato full-time nel corso del 2024) | P99: Totale | S99: Quadri | V99: Impiegati/Intermedi | Y99: Operai | AC99: Giorni nell'anno | AD99: 366
A100: Qualora fosse disponibile solo un'informazione aggregata, indicare qui sotto il personale a cui si riferiscono i dati (es. maschi+femmine; quadri+impiegati). | P100: Maschi | Q100: Femmine | R100: Totale | S100: Maschi | T100: Femmine | U100: Totale | V100: Maschi | W100: Femmine | X100: Totale | Y100: Maschi | Z100: Femmine | AA100: Totale | AC100: Sab+Dom | AD100: 104
A101: I dati si riferiscono a: | F101: …........................................................................... | N101: Lavoratori* | P101: =+S101+V101+Y101 -> 0 | Q101: =+T101+W101+Z101 -> 0 | R101: =+U101+X101+AA101 -> 0 | S101: =+$F$104 -> 0 | T101: =$G$104 -> 0 | U101: =+S101+T101 -> 0 | V101: =$H$104 -> 0 | W101: =$I$104 -> 0 | X101: =+V101+W101 -> 0 | Y101: =$J$104 -> 0 | Z101: =$K$104 -> 0 | AA101: =+Y101+Z101 -> 0 | AC101: Festività | AD101: 8
F102: Quadri | H102: Impiegati/Intermedi | J102: Operai | N102: Ore lavorabili | P102: =IF(P101>0,+(S102*S101+V102*V101+Y102*Y101)/P101,"0") -> 0 | Q102: =IF(Q101>0,+(T102*T101+W102*W101+Z102*Z101)/Q101,"0") -> 0 | R102: =IF(P101>0,IF(Q101>0,+(P102*P101+Q102*Q101)/R101,P102),Q102) -> 0 | S102: =IF(S101>0,((($AD$99-$AD$100-$AD$101-$AD$102-$H$92)/5)*($H$94-($H$96/60))-F117/S101),"0") -> 0 | T102: =IF(T101>0,((($AD$99-$AD$100-$AD$101-$AD$102-$H$92)/5)*($H$94-($H$96/60))-G117/T101),"0") -> 0 | U102: =IF(S101>0,IF(T101>0,+(S102*S101+T102*T101)/U101,S102),T102) -> 0 | V102: =IF(V101>0,((($AD$99-$AD$100-$AD$101-$AD$102-$H$92)/5)*($H$94-($H$96/60))-H117/V101),"0") -> 0 | W102: =IF(W101>0,((($AD$99-$AD$100-$AD$101-$AD$102-$H$92)/5)*($H$94-($H$96/60))-I117/W101),"0") -> 0 | X102: =IF(V101>0,IF(W101>0,+(V102*V101+W102*W101)/X101,V102),W102) -> 0 | Y102: =IF(Y101>0,((($AD$99-$AD$100-$AD$101-$AD$102-$J$92)/5)*($J$94-($J$96/60))-J117/Y101),"0") -> 0 | Z102: =IF(Z101>0,((($AD$99-$AD$100-$AD$101-$AD$102-$J$92)/5)*($J$94-($J$96/60))-K117/Z101),"0") -> 0 | AA102: =IF(Y101>0,IF(Z101>0,+(Y102*Y101+Z102*Z101)/AA101,Y102),Z102) -> 0 | AC102: Santo Patrono | AD102: 1
F103: Maschi | G103: Femmine | H103: Maschi | I103: Femmine | J103: Maschi | K103: Femmine | N103: Ore lavorate | P103: =IF(P101>0,+(S103*S101+V103*V101+Y103*Y101)/P101,"0") -> 0 | Q103: =IF(Q101,+(T103*T101+W103*W101+Z103*Z101)/Q101,"0") -> 0 | R103: =IF(P101>0,IF(Q101>0,+(P103*P101+Q103*Q101)/R101,P103),Q103) -> 0 | S103: =IF(S101>0,+S102-(F105+F106+F109+F110+F112+F113+F114)/S101,"0") -> 0 | T103: =IF(T101>0,+T102-(G105+G106+G109+G110+G112+G113+G114)/T101,"0") -> 0 | U103: =IF(S101>0,IF(T101>0,+(S103*S101+T103*T101)/U101,S103),T103) -> 0 | V103: =IF(V101>0,+V102-(H105+H106+H109+H110+H112+H113+H114)/V101,"0") -> 0 | W103: =IF(W101>0,+W102-(I105+I106+I109+I110+I112+I113+I114)/W101,"0") -> 0 | X103: =IF(V101>0,IF(W101>0,+(V103*V101+W103*W101)/X101,V103),W103) -> 0 | Y103: =IF(Y101>0,+Y102-(J105+J106+J109+J110+J112+J113+J114)/Y101,"0") -> 0 | Z103: =IF(Z101>0,+Z102-(K105+K106+K109+K110+K112+K113+K114)/Z101,"0") -> 0 | AA103: =IF(Y101>0,IF(Z101>0,+(Y103*Y101+Z103*Z101)/AA101,Y103),Z103) -> 0
A104: La riga riporta il numero medio di lavoratori full-time a tempo indeterminato nel corso del 2024 (come da organici indicati in B.2) | F104: =+(D53+H53-E53-I53)/2 -> 0 | G104: =(F53+J53-G53-K53)/2 -> 0 | H104: =+(D54+D55+H54+H55-E54-E55-I54-I55)/2 -> 0 | I104: =+(F54+F55+J54+J55-G54-G55-K54-K55)/2 -> 0 | J104: =+(D56+H56-E56-I56)/2 -> 0 | K104: =+(F56+J56-G56-K56)/2 -> 0 | N104: Ore assenza pro-capite | P104: =IF(P101>0,+(S104*S101+V104*V101+Y104*Y101)/P101,"0") -> 0 | Q104: =IF(Q101>0,+(T104*T101+W104*W101+Z104*Z101)/Q101,"0") -> 0 | R104: =IF(P101>0,IF(Q101>0,+R102-R103,P104),Q104) -> 0 | S104: =IF(S101>0,+S102-S103,"0") -> 0 | T104: =IF(T101>0,+T102-T103,"0") -> 0 | U104: =IF(S101>0,IF(T101>0,+U102-U103,S104),T104) -> 0 | V104: =IF(V101>0,+V102-V103,"0") -> 0 | W104: =IF(W101>0,+W102-W103,"0") -> 0 | X104: =IF(V101>0,IF(W101>0,+X102-X103,V104),W104) -> 0 | Y104: =IF(Y101>0,+Y102-Y103,"0") -> 0 | Z104: =IF(Z101>0,+Z102-Z103,"0") -> 0 | AA104: =IF(Y101>0,IF(Z101>0,+AA102-AA103,Y104),Z104) -> 0
A105: 1. Infortuni per lavoro e malattie professionali | L105: =IF(F104+F105+F106+F109+F110+F112+F113+F114+F117=0,"",IF(F104=0,IF(F105+F106+F109+F110+F112+F113+F114+F117>0,"Attenzione Zero Quadri M full-time in B.2!",""),IF(F105+F106+F109+F110+F112+F113+F114=0,"Nessuna assenza per Quadri M?",""))) | N105: 1. Giorni infortuni pro-capite | S105: =IF(S$101>0,+F105/S$101/8,"0") -> 0 | T105: =IF(T$101>0,+G105/T$101/8,"0") -> 0 | V105: =IF(V$101>0,+H105/V$101/8,"0") -> 0 | W105: =IF(W$101>0,+I105/W$101/8,"0") -> 0 | Y105: =IF(Y$101>0,+J105/Y$101/8,"0") -> 0 | Z105: =IF(Z$101>0,+K105/Z$101/8,"0") -> 0
A106: 2. Malattie non professionali | L106: =IF(G104+G105+G106+G109+G110+G112+G113+G114+G117=0,"",IF(G104=0,IF(G105+G106+G109+G110+G112+G113+G114+G117>0,"Attenzione Zero Quadri F full-time in B.2!",""),IF(G105+G106+G109+G110+G112+G113+G114=0,"Nessuna assenza per Quadri F?",""))) | N106: 2. Giorni malattia pro-capite | S106: =IF(S$101>0,+F106/S$101/8,"0") -> 0 | T106: =IF(T$101>0,+G106/T$101/8,"0") -> 0 | V106: =IF(V$101>0,+H106/V$101/8,"0") -> 0 | W106: =IF(W$101>0,+I106/W$101/8,"0") -> 0 | Y106: =IF(Y$101>0,+J106/Y$101/8,"0") -> 0 | Z106: =IF(Z$101>0,+K106/Z$101/8,"0") -> 0
A107: 2a. di cui: per carenza (inferiore a 3 giorni di malattia degli operai) | L107: =IF(OR(J107>J106,K107>K106),"Attenzione: Carenza > Malattie non professionali (punto 2.)","") | N107: 2a. di cui per carenza | S107: =IF(S$101>0,+F107/S$101/8,"0") -> 0 | T107: =IF(T$101>0,+G107/T$101/8,"0") -> 0 | V107: =IF(V$101>0,+H107/V$101/8,"0") -> 0 | W107: =IF(W$101>0,+I107/W$101/8,"0") -> 0 | Y107: =IF(Y$101>0,+J107/Y$101/8,"0") -> 0 | Z107: =IF(Z$101>0,+K107/Z$101/8,"0") -> 0
A108: 3b. Maternità e allattamento | S108: =IF(S$101>0,+F108/S$101/8,"0") -> 0 | T108: =IF(T$101>0,+G108/T$101/8,"0") -> 0 | V108: =IF(V$101>0,+H108/V$101/8,"0") -> 0 | W108: =IF(W$101>0,+I108/W$101/8,"0") -> 0 | Y108: =IF(Y$101>0,+J108/Y$101/8,"0") -> 0 | Z108: =IF(Z$101>0,+K108/Z$101/8,"0") -> 0
A109: 3. Congedi retribuiti | N109: 3. Giorni congedi pro-capite | S109: =IF(S$101>0,+F109/S$101/8,"0") -> 0 | T109: =IF(T$101>0,+G109/T$101/8,"0") -> 0 | V109: =IF(V$101>0,+H109/V$101/8,"0") -> 0 | W109: =IF(W$101>0,+I109/W$101/8,"0") -> 0 | Y109: =IF(Y$101>0,+J109/Y$101/8,"0") -> 0 | Z109: =IF(Z$101>0,+K109/Z$101/8,"0") -> 0
A110: 4. Permessi Legge 104 | L110: =IF(H104+H105+H106+H109+H110+H112+H113+H114+H117+H119=0,"",IF(H104=0,IF(H105+H106+H109+H110+H112+H113+H114+H117+H119>0,"Attenzione Zero Impiegati/Intermedi M full-time in B.2!",""),IF(H105+H106+H109+H110+H112+H113+H114=0,"Nessuna assenza per Impiegati/Intermedi M?",""))) | N110: 4. Giorni Permessi 104 pro-capite | S110: =IF(S$101>0,+F110/S$101/8,"0") -> 0 | T110: =IF(T$101>0,+G110/T$101/8,"0") -> 0 | V110: =IF(V$101>0,+H110/V$101/8,"0") -> 0 | W110: =IF(W$101>0,+I110/W$101/8,"0") -> 0 | Y110: =IF(Y$101>0,+J110/Y$101/8,"0") -> 0 | Z110: =IF(Z$101>0,+K110/Z$101/8,"0") -> 0
A111: 4a.di cui | N111: 4a. | S111: =IF(S$101>0,+F111/S$101/8,"0") -> 0 | T111: =IF(T$101>0,+G111/T$101/8,"0") -> 0 | V111: =IF(V$101>0,+H111/V$101/8,"0") -> 0 | W111: =IF(W$101>0,+I111/W$101/8,"0") -> 0 | Y111: =IF(Y$101>0,+J111/Y$101/8,"0") -> 0 | Z111: =IF(Z$101>0,+K111/Z$101/8,"0") -> 0
A112: 5. Altri permessi retribuiti | L112: =IF(I104+I105+I106+I109+I110+I112+I113+I114+I117+I119=0,"",IF(I104=0,IF(I105+I106+I109+I110+I112+I113+I114+I117+I119>0,"Attenzione Zero Impiegati/Intermedi F full-time in B.2!",""),IF(I105+I106+I109+I110+I112+I113+I114=0,"Nessuna assenza per Impiegati/Intermedi F?",""))) | N112: 5. Giorni altri permessi retr pro-capite | S112: =IF(S$101>0,+F112/S$101/8,"0") -> 0 | T112: =IF(T$101>0,+G112/T$101/8,"0") -> 0 | V112: =IF(V$101>0,+H112/V$101/8,"0") -> 0 | W112: =IF(W$101>0,+I112/W$101/8,"0") -> 0 | Y112: =IF(Y$101>0,+J112/Y$101/8,"0") -> 0 | Z112: =IF(Z$101>0,+K112/Z$101/8,"0") -> 0
A113: 6. Altre assenze non retribuite | L113: =IF(J104+J105+J106+J109+J110+J112+J113+J114+J117+J119=0,"",IF(J104=0,IF(J105+J106+J109+J110+J112+J113+J114+J117+J119>0,"Attenzione Zero Operai M full-time in B.2!",""),IF(J105+J106+J109+J110+J112+J113+J114=0,"Nessuna assenza per Operai M?",""))) | N113: 6. Giorni altre assenze nr pro-capite | S113: =IF(S$101>0,+F113/S$101/8,"0") -> 0 | T113: =IF(T$101>0,+G113/T$101/8,"0") -> 0 | V113: =IF(V$101>0,+H113/V$101/8,"0") -> 0 | W113: =IF(W$101>0,+I113/W$101/8,"0") -> 0 | Y113: =IF(Y$101>0,+J113/Y$101/8,"0") -> 0 | Z113: =IF(Z$101>0,+K113/Z$101/8,"0") -> 0
A114: 7. Assenze per sciopero | L114: =IF(K104+K105+K106+K109+K110+K112+K113+K114+K117+K119=0,"",IF(K104=0,IF(K105+K106+K109+K110+K112+K113+K114+K117+K119>0,"Attenzione Zero Operai F full-time in B.2!",""),IF(K105+K106+K109+K110+K112+K113+K114=0,"Nessuna assenza per Operai F?",""))) | N114: 7. Giorni sciopero pro-capite | S114: =IF(S$101>0,+F114/S$101/8,"0") -> 0 | T114: =IF(T$101>0,+G114/T$101/8,"0") -> 0 | V114: =IF(V$101>0,+H114/V$101/8,"0") -> 0 | W114: =IF(W$101>0,+I114/W$101/8,"0") -> 0 | Y114: =IF(Y$101>0,+J114/Y$101/8,"0") -> 0 | Z114: =IF(Z$101>0,+K114/Z$101/8,"0") -> 0
A115: 8a. CIGO | S115: =IF(S$101>0,+F115/S$101/8,"0") -> 0 | T115: =IF(T$101>0,+G115/T$101/8,"0") -> 0 | V115: =IF(V$101>0,+H115/V$101/8,"0") -> 0 | W115: =IF(W$101>0,+I115/W$101/8,"0") -> 0 | Y115: =IF(Y$101>0,+J115/Y$101/8,"0") -> 0 | Z115: =IF(Z$101>0,+K115/Z$101/8,"0") -> 0
A116: 8b. CIGS | S116: =IF(S$101>0,+F116/S$101/8,"0") -> 0 | T116: =IF(T$101>0,+G116/T$101/8,"0") -> 0 | V116: =IF(V$101>0,+H116/V$101/8,"0") -> 0 | W116: =IF(W$101>0,+I116/W$101/8,"0") -> 0 | Y116: =IF(Y$101>0,+J116/Y$101/8,"0") -> 0 | Z116: =IF(Z$101>0,+K116/Z$101/8,"0") -> 0
A117: 8. CIG o Fondi di solidarietà (es. FIS) | N117: 8. Giorni CIG pro-capite | S117: =IF(S$101>0,+F117/S$101/8,"0") -> 0 | T117: =IF(T$101>0,+G117/T$101/8,"0") -> 0 | V117: =IF(V$101>0,+H117/V$101/8,"0") -> 0 | W117: =IF(W$101>0,+I117/W$101/8,"0") -> 0 | Y117: =IF(Y$101>0,+J117/Y$101/8,"0") -> 0 | Z117: =IF(Z$101>0,+K117/Z$101/8,"0") -> 0
A118: 8a Di cui CIG in deroga | S118: =IF(S$101>0,+F118/S$101,"0") -> 0
A119: 9. Ore di lavoro straordinario | N119: 9. Ore straordinario pro-capite | V119: =IF(V$101>0,+H119/V$101,"0") -> 0 | W119: =IF(W$101>0,+I119/W$101,"0") -> 0 | Y119: =IF(Y$101>0,+J119/Y$101,"0") -> 0 | Z119: =IF(Z$101>0,+K119/Z$101,"0") -> 0
A120: 10a. Ore di solidarietà (CDS) effettuate nell'anno
A121: 10b. Lavoratori effettivamente coinvolti nel CDS
N122: Tasso di gravità | P122: =IF(P101>0,+(S122*S101+V122*V101+Y122*Y101)/P101,"0") -> 0 | Q122: =IF(Q101>0,+(T122*T101+W122*W101+Z122*Z101)/Q101,"0") -> 0 | R122: =IF(P101>0,IF(Q101>0,+R104/R102,P122),Q122) -> 0 | S122: =IF(S101>0,+S104/S102,"0") -> 0 | T122: =IF(T101>0,+T104/T102,"0") -> 0 | U122: =IF(S101>0,IF(T101>0,+U104/U102,S122),T122) -> 0 | V122: =IF(V101>0,+V104/V102,"0") -> 0 | W122: =IF(W101>0,+W104/W102,"0") -> 0 | X122: =IF(V101>0,IF(W101>0,+X104/X102,V122),W122) -> 0 | Y122: =IF(Y101>0,+Y104/Y102,"0") -> 0 | Z122: =IF(Z101>0,+Z104/Z102,"0") -> 0 | AA122: =IF(Y101>0,IF(Z101>0,+AA104/AA102,Y122),Z122) -> 0
A123: NOTE PER LA COMPILAZIONE DELLA TABELLA C.3 | N123: * Numero medio di lavoratori a tempo indeterminato full-time
A124: Punti 1-7: indicare il numero complessivo di ore perse per motivo di assenza, per qualifica e per sesso.
A125: Punto 2: indicare le ore di assenza per: malattia non professionale; infortuni extra-lavorativi; cure termali non in conto ferie; casi di malattia che determinano un'anticipazione o prolungamento del periodo di gravidanza o puerperio.
A126: Punto 2a: solo per gli operai, del totale indicato al punto 2, indicare le ore di assenza per malattia rientranti nel periodo di "carenza", ovvero nei primi tre giorni di malattia non indennizzati da INPS.
A127: Punto 3: indicare le ore di assenza per congedi parentali (es. maternità obbligatoria e facoltativa, allattamento) e matrimoniali.
A128: Punto 5: indicare le ore di assenza per permessi sindacali (aziendali, provinciali, nazionali), per ore di assemblea e per tutti i permessi per visite mediche e altri motivi retribuiti, non ricomprese nelle righe precedenti. In tali permessi non rientrano quelli goduti a fronte di riduzione di orario di lavoro (R.O.L.) di cui al punto C.1.
A129: Punto 6: indicare le ore di assenza per: congedi parentali non retribuiti; permessi non retribuiti; astensioni facoltative per maternità non retribuite; ecc.
A130: Punto 8: indicare il numero complessivo di ore di CIG (CIGO + CIGS + CIG in deroga) o Fondi di solidarietà (es. FIS) cui l'azienda ha fatto ricorso nel 2024.
A131: Punto 9: indicare il numero complessivo di ore di lavoro straordinario prestate nel 2024 eccedenti il normale orario contrattuale.
A133: D) LAVORO AGILE / SMART WORKING
A134: Le informazioni richieste in questa sezione si riferiscono al solo personale NON DIRIGENZIALE
A135: D.1 L’impresa utilizzava il lavoro agile / smart working prima del Covid?
H136: No | I136: FALSE | K136: FALSE | L136: =IF(P136+P137>1,"Scegliere una sola opzione","") | N136: =+IF(I136=TRUE,"1","0") -> 0 | P136: =N136*1 -> 0
H137: Sì | I137: FALSE | N137: =+IF(I137=TRUE,"1","0") -> 0 | P137: =N137*1 -> 0
A139: D.2 L’impresa ha utilizzato il lavoro agile / smart working nel 2024?
H140: No | I140: FALSE | K140: FALSE | L140: =IF(P140+P141>1,"Scegliere una sola opzione",IF(AND(P140=0,P141=1,F147=0),"Vai alla domanda D.3","")) | N140: =+IF(I140=TRUE,"1","0") -> 0 | P140: =N140*1 -> 0
...

Sheet Focus - POLITICHE RETRIBUTIVE
A1: G) POLITICHE RETRIBUTIVE
A2: A.1 Denominazione dell'impresa | F2: =+'I. Questionario nazionale'!F15 -> 0 | L2: =+IF(F2="","Compilare denominazione impresa","")
A4: A.2 Associazione territoriale e/o di categoria | F4: =+'I. Questionario nazionale'!F17 -> ASSOLOMBARDA | L4: =+IF(F4="","Compilare Associazione","")
L5: =+IF(C6="","Compilare Partita IVA (senza zeri iniziali)",IF(LEN(C6)>11,"Partita IVA oltre 11 caratteri?",""))
A6: A.3 Partita IVA | C6: =+'I. Questionario nazionale'!C19 -> 0
A8: G.1 L'impresa ha una struttura di politica retributiva formalizzata?
H9: No | I9: FALSE | J9: Sì | K9: FALSE
L10: =IF(I9+K9>1,"scegliere una sola opzione","") | N10: =IF($I$9=TRUE,"1","0") -> 0 | O10: =IF($K$9=TRUE,"1","0") -> 0 | P10: =N10*1 -> 0 | Q10: =O10*1 -> 0
A12: G.2 Quali criteri vengono utilizzati per aumentare la RAL (Retribuzione Annua Lorda)?
I13: dirigenti | J13: quadri | K13: impiegati | L13: operai/intermedi | N13: dirigenti | O13: quadri | P13: impiegati | Q13: operai/intermedi
B14: Nessun criterio | I14: FALSE | J14: FALSE | K14: FALSE | L14: FALSE | N14: =IF($N$10="1","",IF(AND($O$10="1",I$22=0),"",IF(I14=TRUE,"1","0"))) -> 0 | O14: =IF($N$10="1","",IF(AND($O$10="1",J$22=0),"",IF(J14=TRUE,"1","0"))) -> 0 | P14: =IF($N$10="1","",IF(AND($O$10="1",K$22=0),"",IF(K14=TRUE,"1","0"))) -> 0 | Q14: =IF($N$10="1","",IF(AND($O$10="1",L$22=0),"",IF(L14=TRUE,"1","0"))) -> 0
B15: Obiettivi aziendali | I15: FALSE | J15: FALSE | K15: FALSE | L15: FALSE | N15: =IF($N$10="1","",IF(AND($O$10="1",I$22=0),"",IF(I15=TRUE,"1","0"))) -> 0 | O15: =IF($N$10="1","",IF(AND($O$10="1",J$22=0),"",IF(J15=TRUE,"1","0"))) -> 0 | P15: =IF($N$10="1","",IF(AND($O$10="1",K$22=0),"",IF(K15=TRUE,"1","0"))) -> 0 | Q15: =IF($N$10="1","",IF(AND($O$10="1",L$22=0),"",IF(L15=TRUE,"1","0"))) -> 0
B16: Obiettivi individuali | I16: FALSE | J16: FALSE | K16: FALSE | L16: FALSE | N16: =IF($N$10="1","",IF(AND($O$10="1",I$22=0),"",IF(I16=TRUE,"1","0"))) -> 0 | O16: =IF($N$10="1","",IF(AND($O$10="1",J$22=0),"",IF(J16=TRUE,"1","0"))) -> 0 | P16: =IF($N$10="1","",IF(AND($O$10="1",K$22=0),"",IF(K16=TRUE,"1","0"))) -> 0 | Q16: =IF($N$10="1","",IF(AND($O$10="1",L$22=0),"",IF(L16=TRUE,"1","0"))) -> 0
B17: Job evaluation/Classificazione dei ruoli | I17: FALSE | J17: FALSE | K17: FALSE | L17: FALSE | N17: =IF($N$10="1","",IF(AND($O$10="1",I$22=0),"",IF(I17=TRUE,"1","0"))) -> 0 | O17: =IF($N$10="1","",IF(AND($O$10="1",J$22=0),"",IF(J17=TRUE,"1","0"))) -> 0 | P17: =IF($N$10="1","",IF(AND($O$10="1",K$22=0),"",IF(K17=TRUE,"1","0"))) -> 0 | Q17: =IF($N$10="1","",IF(AND($O$10="1",L$22=0),"",IF(L17=TRUE,"1","0"))) -> 0
B18: Posizionamento rispetto al mercato di riferimento | I18: FALSE | J18: FALSE | K18: FALSE | L18: FALSE | N18: =IF($N$10="1","",IF(AND($O$10="1",I$22=0),"",IF(I18=TRUE,"1","0"))) -> 0 | O18: =IF($N$10="1","",IF(AND($O$10="1",J$22=0),"",IF(J18=TRUE,"1","0"))) -> 0 | P18: =IF($N$10="1","",IF(AND($O$10="1",K$22=0),"",IF(K18=TRUE,"1","0"))) -> 0 | Q18: =IF($N$10="1","",IF(AND($O$10="1",L$22=0),"",IF(L18=TRUE,"1","0"))) -> 0
B19: Anzianità di servizio | I19: FALSE | J19: FALSE | K19: FALSE | L19: FALSE | N19: =IF($N$10="1","",IF(AND($O$10="1",I$22=0),"",IF(I19=TRUE,"1","0"))) -> 0 | O19: =IF($N$10="1","",IF(AND($O$10="1",J$22=0),"",IF(J19=TRUE,"1","0"))) -> 0 | P19: =IF($N$10="1","",IF(AND($O$10="1",K$22=0),"",IF(K19=TRUE,"1","0"))) -> 0 | Q19: =IF($N$10="1","",IF(AND($O$10="1",L$22=0),"",IF(L19=TRUE,"1","0"))) -> 0
B20: Tasso di inflazione | I20: FALSE | J20: FALSE | K20: FALSE | L20: FALSE | N20: =IF($N$10="1","",IF(AND($O$10="1",I$22=0),"",IF(I20=TRUE,"1","0"))) -> 0 | O20: =IF($N$10="1","",IF(AND($O$10="1",J$22=0),"",IF(J20=TRUE,"1","0"))) -> 0 | P20: =IF($N$10="1","",IF(AND($O$10="1",K$22=0),"",IF(K20=TRUE,"1","0"))) -> 0 | Q20: =IF($N$10="1","",IF(AND($O$10="1",L$22=0),"",IF(L20=TRUE,"1","0"))) -> 0
B21: Altro | I21: FALSE | J21: FALSE | K21: FALSE | L21: FALSE | N21: =IF($N$10="1","",IF(AND($O$10="1",I$22=0),"",IF(I21=TRUE,"1","0"))) -> 0 | O21: =IF($N$10="1","",IF(AND($O$10="1",J$22=0),"",IF(J21=TRUE,"1","0"))) -> 0 | P21: =IF($N$10="1","",IF(AND($O$10="1",K$22=0),"",IF(K21=TRUE,"1","0"))) -> 0 | Q21: =IF($N$10="1","",IF(AND($O$10="1",L$22=0),"",IF(L21=TRUE,"1","0"))) -> 0
I22: ='I. Questionario nazionale'!H52+'I. Questionario nazionale'!J52 -> 0 | J22: ='I. Questionario nazionale'!H53+'I. Questionario nazionale'!J53 -> 0 | K22: ='I. Questionario nazionale'!H54+'I. Questionario nazionale'!J54 -> 0 | L22: ='I. Questionario nazionale'!H55+'I. Questionario nazionale'!J55+'I. Questionario nazionale'!H56+'I. Questionario nazionale'!J56 -> 0 | M22: =SUM(I22:L22) -> 0
A23: G.3 Quale prevede sarà, nel 2025, l'incremento medio della RAL (Retribuzione Annua Lorda) per ciascuna categoria di dipendenti?
F25: Incremento % (incrementi di merito e previsti dal CCNL)
A26: =IF(F26>0.15,_xlfn.CONCAT($R$26,S26,$T$26),"") | E26: Dirigenti | G26: =IF(F26<0,"Inserire un valore maggiore o uguale a zero","") | P26: =IF(I22>0,F26,"") | R26: Le retribuzioni sono aumentate mediamente del | S26: =F26*100 -> 0 | T26: %?
A27: =IF(F27>0.15,_xlfn.CONCAT($R$26,S27,$T$26),"") | E27: Quadri | G27: =IF(F27<0,"Inserire un valore maggiore o uguale a zero","") | P27: =IF(J22>0,F27,"") | S27: =F27*100 -> 0
A28: =IF(F28>0.15,_xlfn.CONCAT($R$26,S28,$T$26),"") | E28: Impiegati | G28: =IF(F28<0,"Inserire un valore maggiore o uguale a zero","") | P28: =IF(K22>0,F28,"") | S28: =F28*100 -> 0
A29: =IF(F29>0.15,_xlfn.CONCAT($R$26,S29,$T$26),"") | E29: Operai / Intermedi | G29: MEDIA PONDERATA | I29: =SUM(I30:L30)/M30 -> #VALUE! | P29: =IF(L22>0,F29,"") | S29: =F29*100 -> 0
I30: =IF(I22=0,"",F26*I22) | J30: =IF(J22=0,"",F27*J22) | K30: =IF(K22=0,"",F28*K22) | L30: =IF(L22=0,"",F29*L22) | M30: =IF(M22=0,"",M22)
A31: Qualora il dato per categoria di dipendenti non fosse disponibile, indicare la media dell'azienda
F32: Incremento % (incrementi di merito e previsti dal CCNL)
E33: MEDIA AZIENDA
A35: G.4 L'impresa riconosce un premio variabile?
G37: no | H37: FALSE | I37: =IF(OR(H37+'I. Questionario nazionale'!K264>1,'I. Questionario nazionale'!K264+'Focus - POLITICHE RETRIBUTIVE'!H38>1),"Attenzione! In F3 hai indicato l'erogazione di premi variabili collettivi","") | N37: =+IF(H37=TRUE,"1","0") -> 0 | P37: =N37*1 -> 0
G38: sì, solo premi variabili individuali | H38: FALSE | N38: =+IF(H38=TRUE,"1","0") -> 0 | P38: =N38*1 -> 0
G39: sì, solo premi variabili collettivi | H39: FALSE | N39: =+IF(H39=TRUE,"1","0") -> 0 | P39: =N39*1 -> 0
G40: sì, sia premi variabili collettivi che individuali | H40: FALSE | N40: =+IF(H40=TRUE,"1","0") -> 0 | P40: =N40*1 -> 0
A42: G.5 Quali sono gli indicatori (di produttività, redditività, efficienza, qualità o innovazione) sulla base dei quali vengono erogati i premi variabili?
B45: Volume della produzione/n. dipendenti | H45: FALSE | N45: =IF($N$37="1","",IF(H45=TRUE,"1","0")) -> 0 | P45: =IF(N45="","",N45*1) -> 0
B46: Fatturato o VA di bilancio/n. dipendenti | H46: FALSE | N46: =IF($N$37="1","",IF(H46=TRUE,"1","0")) -> 0 | P46: =IF(N46="","",N46*1) -> 0
B47: MOL/VA di bilancio | H47: FALSE | N47: =IF($N$37="1","",IF(H47=TRUE,"1","0")) -> 0 | P47: =IF(N47="","",N47*1) -> 0
B48: Indici di soddisfazione del cliente | H48: FALSE | N48: =IF($N$37="1","",IF(H48=TRUE,"1","0")) -> 0 | P48: =IF(N48="","",N48*1) -> 0
B49: Diminuzione n. riparazioni, rilavorazioni | H49: FALSE | N49: =IF($N$37="1","",IF(H49=TRUE,"1","0")) -> 0 | P49: =IF(N49="","",N49*1) -> 0
B50: Riduzione degli scarti di lavorazione | H50: FALSE | N50: =IF($N$37="1","",IF(H50=TRUE,"1","0")) -> 0 | P50: =IF(N50="","",N50*1) -> 0
B51: Percentuale di rispetto dei tempi di consegna | H51: FALSE | N51: =IF($N$37="1","",IF(H51=TRUE,"1","0")) -> 0 | P51: =IF(N51="","",N51*1) -> 0
B52: Rispetto previsioni di avanzamento lavori | H52: FALSE | N52: =IF($N$37="1","",IF(H52=TRUE,"1","0")) -> 0 | P52: =IF(N52="","",N52*1) -> 0
B53: Modifiche organizzazione del lavoro | H53: FALSE | N53: =IF($N$37="1","",IF(H53=TRUE,"1","0")) -> 0 | P53: =IF(N53="","",N53*1) -> 0
B54: Lavoro agile (smart working) | H54: FALSE | N54: =IF($N$37="1","",IF(H54=TRUE,"1","0")) -> 0 | P54: =IF(N54="","",N54*1) -> 0
B55: Modifiche ai regimi di orario | H55: FALSE | N55: =IF($N$37="1","",IF(H55=TRUE,"1","0")) -> 0 | P55: =IF(N55="","",N55*1) -> 0
B56: Rapporto costi effettivi/costi previsti | H56: FALSE | N56: =IF($N$37="1","",IF(H56=TRUE,"1","0")) -> 0 | P56: =IF(N56="","",N56*1) -> 0
... B63: Riduzione tempi di commessa | H63: FALSE | N63: =IF($N$37="1","",IF(H63=TRUE,"1","0")) -> 0 | P63: =IF(N63="","",N63*1) -> 0
B64: Altro (specificare) | H64: ….....
A67: G.6 Indicare la retribuzione d'ingresso per neolaureati alla prima esperienza di lavoro distinguendo la laurea triennale dalla magistrale e quest'ultima per indirizzi generali
E69: Retribuzione Lorda su base annua (es. 20.000€)
B70: =IF(AND(F70>0,F70<3000),"Indicare il valore in euro su base annua","") | E70: Magistrale | G70: Umanistica (lettere, filosofia, ecc.)
B71: =IF(AND(F71>0,F71<3000),"Indicare il valore in euro su base annua","") | G71: Economico-giuridiche (Economia e commercio, Giurisprudenza, ecc.)
B72: =IF(AND(F72>0,F72<3000),"Indicare il valore in euro su base annua","") | G72: Tecnico-Scientifiche (Ingegneria, Matematica, ecc.)
B74: =IF(AND(F74>0,F74<3000),"Indicare il valore in euro su base annua","") | E74: Triennale
A76: G.7 Qual è indicativamente la percentuale di incremento dopo il primo anno?
F77: Incremento %
A80: G.8 Qual è il rimborso mensile erogato mediamente agli stagisti?
H81: No | I81: FALSE | J81: Sì | K81: FALSE
E82: Nel 2024 l'azienda ha avuto stagisti? | I82: FALSE | K82: FALSE | L82: =IF(I82+K82>1,"scegliere una sola opzione","") | N82: =IF($I$82=TRUE,"1","0") -> 0 | O82: =IF($K$82=TRUE,"1","0") -> 0 | P82: =N82*1 -> 0 | Q82: =O82*1 -> 0
F84: Se sì, con quale rimborso mensile medio in caso di tirocini extracurriculari?
P85: =IF(F85="","",F85)
A87: Fine questionario

Sheet Focus - SUPPORTO GENITORIALITÀ
A1: SUPPORTO ALLA GENITORIALITÀ | N1: Colonna di controllo
A3: LEGENDA
A4: Congedo di maternità: periodo obbligatorio di astensione per le madri in prossimità del parto (5 mesi, retribuito all'80% dello stipendio).
A5: Congedo di paternità: periodo obbligatorio di astensione per i padri (10 giorni, retribuito al 100% dello stipendio).
A6: Congedo parentale: periodo facoltativo di astensione disponibile per entrambi i genitori, della durata massima di 6 mesi per ciascun genitore, con un massimo complessivo di 10 mesi (o 11 mesi se il padre utilizza almeno 3 mesi). Il congedo parentale è retribuito al 30% dello stipendio.
A8: 1) A supporto della genitorialità l'impresa prevede la possibilità di congedi con condizioni più favorevoli rispetto a quanto previsto dalla legge e dal CCNL ed integrate economicamente tra il 30% e il 100%?
F10: Sì | G10: FALSE | N10: =IF(AND(G11=FALSE,G10=TRUE),"Andare alla domanda 1a)","") | O10: Sì | P10: =IF(G10=TRUE,"1","0") -> 0 | Q10: =P10*1 -> 0
F11: No | G11: FALSE | N11: =IF(AND(G11=TRUE,G10=FALSE),"Andare alla domanda 2)","") | O11: No | P11: =IF(G11=TRUE,"1","0") -> 0 | Q11: =P11*1 -> 0
N12: =IF(G10+G11>1,"Scegliere una sola opzione!","")
A13: 1a) Se sì, selezioni tutte le opzioni applicabili - tra quelle proposte - e specifichi per ognuna l’oggetto dell’ampliamento (durata e/o indennità)
F15: Durata | G15: Indennità | P15: Durata | Q15: Indennità | U15: Durata | V15: Indennità
C16: Per congedo di maternità | F16: FALSE | G16: FALSE | O16: mat | P16: =IF(F16=TRUE,"1","0") -> 0 | Q16: =IF(G16=TRUE,"1","0") -> 0 | T16: mat | U16: =P16*1 -> 0 | V16: =Q16*1 -> 0
C17: Per congedo di paternità | F17: FALSE | G17: FALSE | O17: pat | P17: =IF(F17=TRUE,"1","0") -> 0 | Q17: =IF(G17=TRUE,"1","0") -> 0 | T17: pat | U17: =P17*1 -> 0 | V17: =Q17*1 -> 0
C18: Per congedo parentale | F18: FALSE | G18: FALSE | O18: par. | P18: =IF(F18=TRUE,"1","0") -> 0 | Q18: =IF(G18=TRUE,"1","0") -> 0 | T18: par. | U18: =P18*1 -> 0 | V18: =Q18*1 -> 0
A21: 2) L’impresa prevede condizioni di miglior favore a supporto della genitorialità in tema di orario lavorativo flessibile/smart working?
N22: =IF(G23+G24>1,"Scegliere una sola opzione!","")
F23: Sì | G23: FALSE | N23: =IF(AND(G24=FALSE,G23=TRUE),"Andare alla domanda 2a)","") | O23: Sì | P23: =IF(G23=TRUE,"1",0) -> 0 | Q23: =1*P23 -> 0
F24: No | G24: FALSE | N24: =IF(AND(G24=TRUE,G23=FALSE),"Andare alla domanda 3)","") | O24: No | P24: =IF(G24=TRUE,"1","0") -> 0 | Q24: =1*P24 -> 0
A26: 2a) Se sì, quali? (selezioni tutte le opzioni applicabili)
F28: Smart working | H28: Flessibilità di orario di ingresso | J28: Flessibilità di orario di uscita
P29: smart | Q29: fless entrata | R29: fless uscita | U29: smart | V29: fless entrata | W29: fless uscita
C30: Dirigenti e quadri | F30: FALSE | H30: FALSE | J30: FALSE | O30: dir e qua | P30: =IF(F30=TRUE,"1","0") -> 0 | Q30: =IF(H30=TRUE,"1","0") -> 0 | R30: =IF(J30=TRUE,"1","0") -> 0 | T30: dir e qua | U30: =1*P30 -> 0 | V30: =1*Q30 -> 0 | W30: =1*R30 -> 0
C31: Impiegati e operai | F31: FALSE | H31: FALSE | J31: FALSE | O31: imp e op | P31: =IF(F31=TRUE,"1","0") -> 0 | Q31: =IF(H31=TRUE,"1","0") -> 0 | R31: =IF(J31=TRUE,"1","0") -> 0 | T31: imp e op | U31: =1*P31 -> 0 | V31: =1*Q31 -> 0 | W31: =1*R31 -> 0
A34: 3) In che misura concorda che l’integrazione da parte dell’azienda dei seguenti istituti e la promozione del loro utilizzo siano strumenti efficaci per attrarre e trattenere talenti?
F36: Decisamente d'accordo | H36: D'accordo | J36: In disaccordo | L36: Decisamente in disaccordo
P37: dec acc | Q37: acc | R37: disacc | S37: dec disacc | W37: dec acc | X37: acc | Y37: disacc | Z37: dec disacc
C38: Congedo di maternità | F38: FALSE | H38: FALSE | J38: FALSE | L38: FALSE | N38: =IF(F38+H38+J38+L38>1,"Inserire una sola opzione!","") | O38: Congedo di maternità | P38: =IF(F38=TRUE,"1","0") -> 0 | Q38: =IF(H38=TRUE,"1","0") -> 0 | R38: =IF(J38=TRUE,"1","0") -> 0 | S38: =IF(L38=TRUE,"1","0") -> 0 | V38: Congedo di maternità | W38: =1*P38 -> 0 | X38: =1*Q38 -> 0 | Y38: =1*R38 -> 0 | Z38: =1*S38 -> 0
C39: Congedo di paternità | F39: FALSE | H39: FALSE | J39: FALSE | L39: FALSE | N39: =IF(F39+H39+J39+L39>1,"Inserire una sola opzione!","") | O39: Congedo di paternità | P39: =IF(F39=TRUE,"1","0") -> 0 | Q39: =IF(H39=TRUE,"1","0") -> 0 | R39: =IF(J39=TRUE,"1","0") -> 0 | S39: =IF(L39=TRUE,"1","0") -> 0 | V39: Congedo di paternità | W39: =1*P39 -> 0 | X39: =1*Q39 -> 0 | Y39: =1*R39 -> 0 | Z39: =1*S39 -> 0
C40: Congedo parentale | F40: FALSE | H40: FALSE | J40: FALSE | L40: FALSE | N40: =IF(F40+H40+J40+L40>1,"Inserire una sola opzione!","") | O40: Congedo parentale | P40: =IF(F40=TRUE,"1","0") -> 0 | Q40: =IF(H40=TRUE,"1","0") -> 0 | R40: =IF(J40=TRUE,"1","0") -> 0 | S40: =IF(L40=TRUE,"1","0") -> 0 | V40: Congedo parentale | W40: =1*P40 -> 0 | X40: =1*Q40 -> 0 | Y40: =1*R40 -> 0 | Z40: =1*S40 -> 0
C41: Orario lavorativo flessibile | F41: FALSE | H41: FALSE | J41: FALSE | L41: FALSE | N41: =IF(F41+H41+J41+L41>1,"Inserire una sola opzione!","") | O41: Orario lavorativo flessibile | P41: =IF(F41=TRUE,"1","0") -> 0 | Q41: =IF(H41=TRUE,"1","0") -> 0 | R41: =IF(J41=TRUE,"1","0") -> 0 | S41: =IF(L41=TRUE,"1","0") -> 0 | V41: Orario lavorativo flessibile | W41: =1*P41 -> 0 | X41: =1*Q41 -> 0 | Y41: =1*R41 -> 0 | Z41: =1*S41 -> 0
C42: Smart working | F42: FALSE | H42: FALSE | J42: FALSE | L42: FALSE | N42: =IF(F42+H42+J42+L42>1,"Inserire una sola opzione!","") | O42: Smart working | P42: =IF(F42=TRUE,"1","0") -> 0 | Q42: =IF(H42=TRUE,"1","0") -> 0 | R42: =IF(J42=TRUE,"1","0") -> 0 | S42: =IF(L42=TRUE,"1","0") -> 0 | V42: Smart working | W42: =1*P42 -> 0 | X42: =1*Q42 -> 0 | Y42: =1*R42 -> 0 | Z42: =1*S42 -> 0
A44: 4) Quale effetto ritiene che l’utilizzo dei seguenti istituti da parte dei dipendenti possa avere sulla loro produttività?
F46: Aumento | G46: Nessuno | H46: Diminuzione | P46: Aumento | Q46: Nessuno | R46: Diminuzione | W46: Aumento | X46: Nessuno | Y46: Diminuzione
C47: Congedo di maternità | F47: FALSE | G47: FALSE | H47: FALSE | N47: =IF(F47+G47+H47>1,"Inserire una sola opzione!","") | O47: Congedo di maternità | P47: =IF(F47=TRUE,"1","0") -> 0 | Q47: =IF(G47=TRUE,"1","0") -> 0 | R47: =IF(H47=TRUE,"1","0") -> 0 | V47: Congedo di maternità | W47: =1*P47 -> 0 | X47: =1*Q47 -> 0 | Y47: =1*R47 -> 0
C48: Congedo di paternità | F48: FALSE | G48: FALSE | H48: FALSE | N48: =IF(F48+G48+H48>1,"Inserire una sola opzione!","") | O48: Congedo di paternità | P48: =IF(F48=TRUE,"1","0") -> 0 | Q48: =IF(G48=TRUE,"1","0") -> 0 | R48: =IF(H48=TRUE,"1","0") -> 0 | V48: Congedo di paternità | W48: =1*P48 -> 0 | X48: =1*Q48 -> 0 | Y48: =1*R48 -> 0
C49: Congedo parentale | F49: FALSE | G49: FALSE | H49: FALSE | N49: =IF(F49+G49+H49>1,"Inserire una sola opzione!","") | O49: Congedo parentale | P49: =IF(F49=TRUE,"1","0") -> 0 | Q49: =IF(G49=TRUE,"1","0") -> 0 | R49: =IF(H49=TRUE,"1","0") -> 0 | V49: Congedo parentale | W49: =1*P49 -> 0 | X49: =1*Q49 -> 0 | Y49: =1*R49 -> 0
C50: Orario lavorativo flessibile | F50: FALSE | G50: FALSE | H50: FALSE | N50: =IF(F50+G50+H50>1,"Inserire una sola opzione!","") | O50: Orario lavorativo flessibile | P50: =IF(F50=TRUE,"1","0") -> 0 | Q50: =IF(G50=TRUE,"1","0") -> 0 | R50: =IF(H50=TRUE,"1","0") -> 0 | V50: Orario lavorativo flessibile | W50: =1*P50 -> 0 | X50: =1*Q50 -> 0 | Y50: =1*R50 -> 0
C51: Smart working | F51: FALSE | G51: FALSE | H51: FALSE | N51: =IF(F51+G51+H51>1,"Inserire una sola opzione!","") | O51: Smart working | P51: =IF(F51=TRUE,"1","0") -> 0 | Q51: =IF(G51=TRUE,"1","0") -> 0 | R51: =IF(H51=TRUE,"1","0") -> 0 | V51: Smart working | W51: =1*P51 -> 0 | X51: =1*Q51 -> 0 | Y51: =1*R51 -> 0
A53: 5) Quanti dipendenti dell’azienda hanno meno di 40 anni?
N54: =IF(OR(F56="",H56=""),"VALORE MANCANTE! Inserire 0 se nessun dipendente o nessuna donna under 40","") -> VALORE MANCANTE! Inserire 0 se nessun dipendente o nessuna donna under 40
F55: TOTALE | H55: di cui donne: | N55: =IF(H56>F56,"Il numero di dipendenti donna è superiore al TOTALE!","")
N56: =IF(F56>SUM('I. Questionario nazionale'!D44:K44)/2,"Il numero di under 40 è superiore al totale dei dipendenti indicato al punto B.1!","")
N57: =IF(H56>('I. Questionario nazionale'!F44+'I. Questionario nazionale'!J44)/2,"Il numero di donne under 40 è superiore al totale delle dipendenti indicato al punto B.1!","")
A58: 6) Nel corso del 2024 quanti dipendenti hanno utilizzato i congedi legati alla genitorialità e per quanti giorni?
F60: N° di dipendenti | H60: N° complessivo di giorni (sommare quelli di tutti i beneficiari)
C61: Congedo di maternità | N61: =IF(F61="","VALORE MANCANTE! Inserire 0 se nessuna dipendente ne ha usufruito","") -> VALORE MANCANTE! Inserire 0 se nessuna dipendente ne ha usufruito
C62: Congedo di paternità | N62: =IF(F62="","VALORE MANCANTE! Inserire 0 se nessun dipendente ne ha usufruito","") -> VALORE MANCANTE! Inserire 0 se nessun dipendente ne ha usufruito
C63: Congedo parentale da parte delle madri | N63: =IF(F63="","VALORE MANCANTE! Inserire 0 se nessuna dipendente ne ha usufruito","") -> VALORE MANCANTE! Inserire 0 se nessuna dipendente ne ha usufruito
C64: Congedo parentale da parte dei padri | N64: =IF(F64="","VALORE MANCANTE! Inserire 0 se nessun dipendente ne ha usufruito","") -> VALORE MANCANTE! Inserire 0 se nessun dipendente ne ha usufruito
A66: 7) Quali dei seguenti servizi sono presenti in azienda? (possibili più risposte)
D68: Programmi di rientro al lavoro (re-onboarding) | I68: FALSE | O68: re-onboarding | P68: =IF(I68=TRUE,"1","0") -> 0 | Q68: =1*P68 -> 0
D69: Asilo nido aziendale | I69: FALSE | O69: Asilo nido aziendale | P69: =IF(I69=TRUE,"1","0") -> 0 | Q69: =1*P69 -> 0
D70: Scuola d’infanzia aziendale | I70: FALSE | O70: Scuola d’infanzia aziendale | P70: =IF(I70=TRUE,"1","0") -> 0 | Q70: =1*P70 -> 0
D71: Adesione a progetti per la creazione di sistemi di asilo nido diffusi | I71: FALSE | O71: Asilo nido diffusi | P71: =IF(I71=TRUE,"1","0") -> 0 | Q71: =1*P71 -> 0
D72: Assicurazione sanitaria per familiari | I72: FALSE | O72: Assicurazione sanitaria per familiari | P72: =IF(I72=TRUE,"1","0") -> 0 | Q72: =1*P72 -> 0
D73: Sussidi per asilo nido esterno | I73: FALSE | O73: Sussidi per asilo nido esterno | P73: =IF(I73=TRUE,"1","0") -> 0 | Q73: =1*P73 -> 0
D74: Sussidi per l’assistenza alla prima infanzia | I74: FALSE | O74: Sussidi per l’assistenza | P74: =IF(I74=TRUE,"1","0") -> 0 | Q74: =1*P74 -> 0
D75: Sussidi per campi estivi | I75: FALSE | O75: Sussidi per campi estivi | P75: =IF(I75=TRUE,"1","0") -> 0 | Q75: =1*P75 -> 0
D76: Sussidi per le spese in istruzione | I76: FALSE | O76: Sussidi per le spese in istruzione | P76: =IF(I76=TRUE,"1","0") -> 0 | Q76: =1*P76 -> 0
A78: Le domande della sezione successiva hanno lo scopo di raccogliere la percezione delle aziende associate sui temi del supporto alla genitorialità e, in particolare, sugli strumenti del congedo di maternità, congedo di paternità, congedo parentale, orario flessibile, smart working. Le valutazioni che verranno espresse verranno elaborate ad esclusivo uso interno, fermo restando l’eliminazione di qualsiasi riferimento a compilatori ed aziende.
A80: A) Per quanto riguarda l’istituto del congedo di paternità, su quali delle seguenti affermazioni è d’accordo? (Indichi in che misura per ciascuna affermazione)
F82: Decisamente d'accordo | H82: D'accordo | J82: In disaccordo | L82: Decisamente in disaccordo
P83: dec acc | Q83: acc | R83: disacc | S83: dec disac | W83: dec acc | X83: acc | Y83: disacc | Z83: dec disac
C84: I dipendenti non hanno sufficienti informazioni sull’istituto | F84: FALSE | H84: FALSE | J84: FALSE | L84: FALSE | N84: =IF(F84+H84+J84+L84>1,"Inserire una sola opzione!","") | O84: I dipendenti non hanno sufficienti informazioni sull’istituto | P84: =IF(F84=TRUE,"1","0") -> 0 | Q84: =IF(H84=TRUE,"1","0") -> 0 | R84: =IF(J84=TRUE,"1","0") -> 0 | S84: =IF(L84=TRUE,"1","0") -> 0 | V84: I dipendenti non hanno sufficienti informazioni sull’istituto | W84: =1*P84 -> 0 | X84: =1*Q84 -> 0 | Y84: =1*R84 -> 0 | Z84: =1*S84 -> 0
C85: L’istituto mette in discussione i ruoli tradizionali all’interno della coppia | F85: FALSE | H85: FALSE | J85: FALSE | L85: FALSE | N85: =IF(F85+H85+J85+L85>1,"Inserire una sola opzione!","") | O85: L’istituto mette in discussione i ruoli tradizionali all’interno della coppia | P85: =IF(F85=TRUE,"1","0") -> 0 | Q85: =IF(H85=TRUE,"1","0") -> 0 | R85: =IF(J85=TRUE,"1","0") -> 0 | S85: =IF(L85=TRUE,"1","0") -> 0 | V85: L’istituto mette in discussione i ruoli tradizionali all’interno della coppia | W85: =1*P85 -> 0 | X85: =1*Q85 -> 0 | Y85: =1*R85 -> 0 | Z85: =1*S85 -> 0
C86: I potenziali beneficiari possono temere il giudizio dei colleghi | F86: FALSE | H86: FALSE | J86: FALSE | L86: FALSE | N86: =IF(F86+H86+J86+L86>1,"Inserire una sola opzione!","") | O86: I potenziali beneficiari possono temere il giudizio dei colleghi | P86: =IF(F86=TRUE,"1","0") -> 0 | Q86: =IF(H86=TRUE,"1","0") -> 0 | R86: =IF(J86=TRUE,"1","0") -> 0 | S86: =IF(L86=TRUE,"1","0") -> 0 | V86: I potenziali beneficiari possono temere il giudizio dei colleghi | W86: =1*P86 -> 0 | X86: =1*Q86 -> 0 | Y86: =1*R86 -> 0 | Z86: =1*S86 -> 0
C87: Sostituire un lavoratore in congedo crea difficoltà alle aziende | F87: FALSE | H87: FALSE | J87: FALSE | L87: FALSE | N87: =IF(F87+H87+J87+L87>1,"Inserire una sola opzione!","") | O87: Sostituire un lavoratore in congedo crea difficoltà alle aziende | P87: =IF(F87=TRUE,"1","0") -> 0 | Q87: =IF(H87=TRUE,"1","0") -> 0 | R87: =IF(J87=TRUE,"1","0") -> 0 | S87: =IF(L87=TRUE,"1","0") -> 0 | V87: Sostituire un lavoratore in congedo crea difficoltà alle aziende | W87: =1*P87 -> 0 | X87: =1*Q87 -> 0 | Y87: =1*R87 -> 0 | Z87: =1*S87 -> 0
A89: B) In che misura concorda che l’utilizzo dei seguenti istituti da parte dei dipendenti possa avere delle ripercussioni sulla loro carriera?
F91: Decisamente d'accordo | H91: D'accordo | J91: In disaccordo | L91: Decisamente in disaccordo
P92: dec acc | Q92: acc | R92: disacc | S92: dec disac | W92: dec acc | X92: acc | Y92: disacc | Z92: dec disac
C93: Congedo di maternità | F93: FALSE | H93: FALSE | J93: FALSE | L93: FALSE | N93: =IF(F93+H93+J93+L93>1,"Inserire una sola opzione!","") | O93: Congedo di maternità | P93: =IF(F93=TRUE,"1","0") -> 0 | Q93: =IF(H93=TRUE,"1","0") -> 0 | R93: =IF(J93=TRUE,"1","0") -> 0 | S93: =IF(L93=TRUE,"1","0") -> 0 | V93: Congedo di maternità | W93: =1*P93 -> 0 | X93: =1*Q93 -> 0 | Y93: =1*R93 -> 0 | Z93: =1*S93 -> 0
C94: Congedo di paternità | F94: FALSE | H94: FALSE | J94: FALSE | L94: FALSE | N94: =IF(F94+H94+J94+L94>1,"Inserire una sola opzione!","") | O94: Congedo di paternità | P94: =IF(F94=TRUE,"1","0") -> 0 | Q94: =IF(H94=TRUE,"1","0") -> 0 | R94: =IF(J94=TRUE,"1","0") -> 0 | S94: =IF(L94=TRUE,"1","0") -> 0 | V94: Congedo di paternità | W94: =1*P94 -> 0 | X94: =1*Q94 -> 0 | Y94: =1*R94 -> 0 | Z94: =1*S94 -> 0
C95: Congedo parentale | F95: FALSE | H95: FALSE | J95: FALSE | L95: FALSE | N95: =IF(F95+H95+J95+L95>1,"Inserire una sola opzione!","") | O95: Congedo parentale | P95: =IF(F95=TRUE,"1","0") -> 0 | Q95: =IF(H95=TRUE,"1","0") -> 0 | R95: =IF(J95=TRUE,"1","0") -> 0 | S95: =IF(L95=TRUE,"1","0") -> 0 | V95: Congedo parentale | W95: =1*P95 -> 0 | X95: =1*Q95 -> 0 | Y95: =1*R95 -> 0 | Z95: =1*S95 -> 0
C96: Orario lavorativo flessibile | F96: FALSE | H96: FALSE | J96: FALSE | L96: FALSE | N96: =IF(F96+H96+J96+L96>1,"Inserire una sola opzione!","") | O96: Orario lavorativo flessibile | P96: =IF(F96=TRUE,"1","0") -> 0 | Q96: =IF(H96=TRUE,"1","0") -> 0 | R96: =IF(J96=TRUE,"1","0") -> 0 | S96: =IF(L96=TRUE,"1","0") -> 0 | V96: Orario lavorativo flessibile | W96: =1*P96 -> 0 | X96: =1*Q96 -> 0 | Y96: =1*R96 -> 0 | Z96: =1*S96 -> 0
C97: Smart working | F97: FALSE | H97: FALSE | J97: FALSE | L97: FALSE | N97: =IF(F97+H97+J97+L97>1,"Inserire una sola opzione!","") | O97: Smart working | P97: =IF(F97=TRUE,"1","0") -> 0 | Q97: =IF(H97=TRUE,"1","0") -> 0 | R97: =IF(J97=TRUE,"1","0") -> 0 | S97: =IF(L97=TRUE,"1","0") -> 0 | V97: Smart working | W97: =1*P97 -> 0 | X97: =1*Q97 -> 0 | Y97: =1*R97 -> 0 | Z97: =1*S97 -> 0
A99: C) In che misura concorda che l’utilizzo dei seguenti istituti possa ingenerare nei dipendenti la percezione di ripercussioni sulla loro carriera?
F101: Decisamente d'accordo | H101: D'accordo | J101: In disaccordo | L101: Decisamente in disaccordo
P102: dec acc | Q102: acc | R102: disacc | S102: dec disac | W102: dec acc | X102: acc | Y102: disacc | Z102: dec disac
C103: Congedo di maternità | F103: FALSE | H103: FALSE | J103: FALSE | L103: FALSE | N103: =IF(F103+H103+J103+L103>1,"Inserire una sola opzione!","") | O103: Congedo di maternità | P103: =IF(F103=TRUE,"1","0") -> 0 | Q103: =IF(H103=TRUE,"1","0") -> 0 | R103: =IF(J103=TRUE,"1","0") -> 0 | S103: =IF(L103=TRUE,"1","0") -> 0 | V103: Congedo di maternità | W103: =1*P103 -> 0 | X103: =1*Q103 -> 0 | Y103: =1*R103 -> 0 | Z103: =1*S103 -> 0
C104: Congedo di paternità | F104: FALSE | H104: FALSE | J104: FALSE | L104: FALSE | N104: =IF(F104+H104+J104+L104>1,"Inserire una sola opzione!","") | O104: Congedo di paternità | P104: =IF(F104=TRUE,"1","0") -> 0 | Q104: =IF(H104=TRUE,"1","0") -> 0 | R104: =IF(J104=TRUE,"1","0") -> 0 | S104: =IF(L104=TRUE,"1","0") -> 0 | V104: Congedo di paternità | W104: =1*P104 -> 0 | X104: =1*Q104 -> 0 | Y104: =1*R104 -> 0 | Z104: =1*S104 -> 0
C105: Congedo parentale | F105: FALSE | H105: FALSE | J105: FALSE | L105: FALSE | N105: =IF(F105+H105+J105+L105>1,"Inserire una sola opzione!","") | O105: Congedo parentale | P105: =IF(F105=TRUE,"1","0") -> 0 | Q105: =IF(H105=TRUE,"1","0") -> 0 | R105: =IF(J105=TRUE,"1","0") -> 0 | S105: =IF(L105=TRUE,"1","0") -> 0 | V105: Congedo parentale | W105: =1*P105 -> 0 | X105: =1*Q105 -> 0 | Y105: =1*R105 -> 0 | Z105: =1*S105 -> 0
C106: Orario lavorativo flessibile | F106: FALSE | H106: FALSE | J106: FALSE | L106: FALSE | N106: =IF(F106+H106+J106+L106>1,"Inserire una sola opzione!","") | O106: Orario lavorativo flessibile | P106: =IF(F106=TRUE,"1","0") -> 0 | Q106: =IF(H106=TRUE,"1","0") -> 0 | R106: =IF(J106=TRUE,"1","0") -> 0 | S106: =IF(L106=TRUE,"1","0") -> 0 | V106: Orario lavorativo flessibile | W106: =1*P106 -> 0 | X106: =1*Q106 -> 0 | Y106: =1*R106 -> 0 | Z106: =1*S106 -> 0
C107: Smart working | F107: FALSE | H107: FALSE | J107: FALSE | L107: FALSE | N107: =IF(F107+H107+J107+L107>1,"Inserire una sola opzione!","") | O107: Smart working | P107: =IF(F107=TRUE,"1","0") -> 0 | Q107: =IF(H107=TRUE,"1","0") -> 0 | R107: =IF(J107=TRUE,"1","0") -> 0 | S107: =IF(L107=TRUE,"1","0") -> 0 | V107: Smart working | W107: =1*P107 -> 0 | X107: =1*Q107 -> 0 | Y107: =1*R107 -> 0 | Z107: =1*S107 -> 0
A109: Fine del questionario

Sheet II. Gomma Plastica Cavi
C1: Indagine Confindustria sul lavoro del 2025
K6: FALSE
A8: A) INFORMAZIONI GENERALI SULL'IMPRESA
A10: A.1 Denominazione dell'impresa | F10: ='I. Questionario nazionale'!F15 -> 0 | N10: A.3 Partita IVA | P10: ='I. Questionario nazionale'!C19 -> 0
A12: A.7 Unità produttiva | N12: A.8 Lavorazioni | P12: 1.
P13: 2.
A14: A.9 Comparto produttivo | C14: Articoli in gomma | F14: FALSE | G14: Pneumatici | J14: FALSE | P14: 3.
C15: Manufatti in materiale plastico | F15: FALSE | G15: Cavi elettrici | J15: FALSE
C16: Altro (specificare) >>>
A20: H) SUDDIVISIONE PERSONALE PER CATEGORIA, PER GENERE, PER FASCE DI ETA' E TURNI PRATICATI
A22: H.1 Inquadramento dei lavoratori
C24: Dipendenti
C25: Uomini | D25: Donne
A26: Dirigenti
A27: Quadri e Impiegati | B27: F1
B28: E1
B29: D1
B30: C1
B31: B1
B32: A1
B33: Q
A34: Qualifiche speciali | B34: E2
B35: C2
A36: Operai | B36: I3
B37: H3
B38: G3
B39: F3
B40: E3
B41: D3
A42: Totale | C42: =SUM(C26:C41) -> 0 | D42: =SUM(D26:D41) -> 0
A44: H.2 Ripartizione addetti per fasce di età
C46: TOTALE
C47: Maschi | D47: Femmine
A48: Minori di anni 30
A49: Tra 30 e 50 anni
A50: Maggiori di anni 50
A51: TOTALE (da B.1) | B51: 0 | C51: ='I. Questionario nazionale'!H44 -> 0 | D51: ='I. Questionario nazionale'!J44 -> 0
A53: H.3 Turni praticati (1)
C55: cicli continui (3x7) | E55: 18 turni o più turni sett. (esc. 3x7) | G55: 17 turni sett. | I55: 15 o 16 turni sett. | J55: 2 turni 5 gg | K55: 10 turni sett. | M55: Altro | O55: Specificare
A57: Quadri e impiegati
A58: Qualifiche speciali
A59: Operai
A60: (1) Indicare il numero degli addetti a turni sia in servizio che in CIG ordinaria e straordinaria, anche se sospesi a zero ore:
A61: ciclo continuo: 3 turni giornalieri di 8 ore per 7 giorni settimanali
A62: 18 o più turni settimanali: 3 turni giornalieri di 8 ore per 6 giorni la settimana (incluso il sabato) ed eventualmente 1 o 2 turni domenicali
A63: 15 o 16 turni settimanali: 3 turni giornalieri di 8 ore per 5 giorni la settimana ed eventualmente 1 turno nella giornata di sabato
A64: 10 turni settimanali: 2 turni settimanali di 8 ore per 5 giorni la settimana
A65: Altro: specificare lo schema orario utilizzato se differente dai precedenti (es. 4 turni giornalieri di 6 ore per 6 giorni settimanali)
A67: I) POLITICHE DI GENERE
A69: I.1 L'azienda ha introdotto azioni positive per le politiche di genere e le pari opportunità? | J69: TRUE | K69: Sì | L69: FALSE | M69: No | N69: FALSE
A71: I.2 Se sì, in quali ambiti?
A72: Pari opportunità di crescita e inclusività delle donne | H72: FALSE | J72: (es. accesso paritario a posizioni manageriali, valorizzazione competenze, protezione del posto di lavoro post maternità, ecc.)
A73: (es. accesso paritario a posizioni manageriali, valorizzazione competenze, protezione del posto di lavoro post maternità, ecc.)
A74: Equità remunerativa a parità di competenze | H74: FALSE | J74: (es. parità salariale, promozioni, salario variabile, ecc.)
A75: (es. parità salariale, promozioni, salario variabile, ecc.)
A76: Conciliazione vita/lavoro e tutela della genitorialità | H76: FALSE | J76: (es. policy aziendali a tutela della maternità e della paternità)
A77: (es. policy aziendali a tutela della maternità e della paternità)
A78: Promozione delle politiche di genere nell'ambiente di lavoro | H78: FALSE | J78: (es. azioni di sensibilizzazione, cultura inclusiva, percorsi formativi, ecc.)
A81: I.3 L'azienda ha ottenuto la certificazione della parità di genere di cui alla Legge 162/2021(UNI PdR 125:2022)? | L81: Sì | M81: FALSE | N81: No | O81: FALSE
A83: I.3.1 Se NO, l'azienda ha intrapreso il percorso per ottenere la certificazione della parità di genere? | K83: Sì | L83: FALSE | M83: No | N83: FALSE
A85: I.4. Presenza femminile nei diversi ruoli aziendali
A87: Area | E87: Maschi | G87: Femmine | I87: Totale
A88: Amministrazione
A89: Risorse Umane
A90: Finance
A91: Marketing e comunicazione
A92: Acquisti
A93: Vendite
A94: Logistica
A95: Information Technology
A96: Organizzazione/Gestione
A97: Produzione e Manutenzione
A98: Qualità e Ricerca e sviluppo
A99: Altre aree
A100: Totale (da B.1) | E100: ='I. Questionario nazionale'!H44 -> 0 | G100: ='I. Questionario nazionale'!J44 -> 0 | I100: =E100+G100 -> 0
A103: I.4.1 Figure professionali connesse all'impiego di nuove tecnologie o alla trasformazione digitale nelle quali è presente personale femminile | O103: Sì | P103: FALSE | Q103: No | R103: FALSE
A105: I.4.2 Sono state implementate iniziative dirette a favorire l'occupazione del personale femminile in tali ruoli? | O105: Sì | P105: FALSE | Q105: No | R105: FALSE
A107: I.4.3 Se si, quali?
A110: I.5 Focus maternità
A111: Numero di lavoratrici in maternità nel precedente triennio:
A112: Periodo medio di primo rientro dopo la maternità (dopo numero mesi…):
A113: L'azienda accorda, al rientro dalla maternità, il part-time alle lavoratrici che ne fanno richiesta? | J113: FALSE | L113: FALSE
A114: L'azienda consente, al rientro dalla maternità, alle lavoratrici che ne fanno richiesta la possibilità di lavoro da remoto? | J114: FALSE | L114: FALSE
A115: Al rientro dalla maternità, in caso di modifica delle mansioni, è prevista una formazione specifica? | J115: FALSE | L115: FALSE
A116: Le eventuali azioni positive sono convenute con accordo aziendale? | J116: FALSE | L116: FALSE
A119: J) ACCOMODAMENTI RAGIONEVOLI E DISABILITÀ
A121: J.1 Accomodamenti ragionevoli
A122: Sono stati introdotti in azienda accomodamenti ragionevoli o misure per il reinserimento lavorativo di lavoratori con disabilità? | I122: Sì | J122: FALSE | K122: No | L122: FALSE | M122: (specificare) ...............................................................................
A123: Sono stati richiesti contributi pubblici (INAIL) a tal fine? | I123: Sì | J123: FALSE | K123: No | L123: FALSE | M123: (specificare) ...............................................................................
A124: Se presente, è stata coinvolta la RSU? | I124: Sì | J124: FALSE | K124: No | L124: FALSE | M124: (specificare) ...............................................................................
A126: J.2 Permessi connessi alla disabilità usufruiti nell'anno
G127: Quadri | I127: Impiegati/Qualifiche speciali | K127: Operai
G128: Maschi | H128: Femmine | I128: Maschi | J128: Femmine | K128: Maschi | L128: Femmine
F129: Numero lavoratori interessati
G130: Numero ore | I130: Numero ore | K130: Numero ore
F131: Permessi mensili L.104/1992 (per il lavoratore)
F132: Permessi mensili L.104/1992 (per i familiari)
F133: Congedi speciali per cure
F134: Totale ore | G134: =SUM(G131:G133) -> 0 | H134: =SUM(H131:H133) -> 0 | I134: =SUM(I131:I133) -> 0 | J134: =SUM(J131:J133) -> 0 | K134: =SUM(K131:K133) -> 0 | L134: =SUM(L131:L133) -> 0
A137: K) FOCUS SUI CONTRATTI
...

Sheet db A-B
A2: DATABASE A-B | J2: Azienda plurilocalizzata: | L2: I dati si riferiscono a: | N2: Provincia della: | P2: Indeterminato full-time: | T2: Indeterminato part-time: | X2: TOTALE INDETERMINATO | AB2: Determinato full-time: | AF2: Determinato part-time: | AJ2: Inserimento: | AN2: Apprendistato: | AR2: TOTALE: | AV2: Indeterminato - Dirigenti: | BD2: Indeterminato - Quadri: | BL2: Indeterminato - Impiegati: | BT2: Indeterminato - Intermedi: | CB2: Indeterminato - Operai: | CJ2: Indeterminato - TOTALE: | CR2: Domanda B.3 - turnover | CW2: B.4 - somministrazione tempo determinato | CZ2: B.4 - somministrazione tempo indeterminato
A3: Codice Identificativo | B3: Versione questionario | C3: Persona a cui inviare la sintesi | D3: E-mail | E3: Impresa | F3: Associazione | G3: PIVA | H3: CCNL | I3: Ateco 2-digit | J3: No | K3: Sì | L3: Impresa a livello nazionale | M3: Unità locale | N3: Sede principale | O3: Unità locale | P3: 2023 Maschi | Q3: 2023 Femmine | R3: 2024 Maschi | S3: 2024 Femmine | T3: 2023 Maschi | U3: 2023 Femmine | V3: 2024 Maschi | W3: 2024 Femmine | X3: 2023 Maschi | Y3: 2023 Femmine | Z3: 2024 Maschi | AA3: 2024 Femmine | AB3: 2023 Maschi | AC3: 2023 Femmine | AD3: 2024 Maschi | AE3: 2024 Femmine | AF3: 2023 Maschi | AG3: 2023 Femmine | AH3: 2024 Maschi | AI3: 2024 Femmine | AJ3: 2012 Maschi | AK3: 2012 Femmine | AL3: 2014 Maschi | AM3: 2014 Femmine | AN3: 2023 Maschi | AO3: 2023 Femmine | AP3: 2024 Maschi | AQ3: 2024 Femmine | AR3: 2023 Maschi | AS3: 2023 Femmine | AT3: 2024 Maschi | AU3: 2024 Femmine | AV3: 2023 Maschi | AW3: 2023 M di cui part-time | AX3: 2023 Femmine | AY3: 2023 F di cui part-time | AZ3: 2024 Maschi | BA3: 2024 M di cui part-time | BB3: 2024 Femmine | BC3: 2024 F di cui part-time | BD3: 2023 Maschi | BE3: 2023 M di cui part-time | BF3: 2023 Femmine | BG3: 2023 F di cui part-time | BH3: 2024 Maschi | BI3: 2024 M di cui part-time | BJ3: 2024 Femmine | BK3: 2024 F di cui part-time | BL3: 2023 Maschi | BM3: 2023 M di cui part-time | BN3: 2023 Femmine | BO3: 2023 F di cui part-time | BP3: 2024 Maschi | BQ3: 2024 M di cui part-time | BR3: 2024 Femmine | BS3: 2024 F di cui part-time | BT3: 2023 Maschi | BU3: 2023 M di cui part-time | BV3: 2023 Femmine | BW3: 2023 F di cui part-time | BX3: 2024 Maschi | BY3: 2024 M di cui part-time | BZ3: 2024 Femmine | CA3: 2024 F di cui part-time | CB3: 2023 Maschi | CC3: 2023 M di cui part-time | CD3: 2023 Femmine | CE3: 2023 F di cui part-time | CF3: 2024 Maschi | CG3: 2024 M di cui part-time | CH3: 2024 Femmine | CI3: 2024 F di cui part-time | CJ3: 2023 Maschi | CK3: 2023 M di cui part-time | CL3: 2023 Femmine | CM3: 2023 F di cui part-time | CN3: 2024 Maschi | CO3: 2024 M di cui part-time | CP3: 2024 Femmine | CQ3: 2024 F di cui part-time | CR3: Assunti 2024 | CS3: Cessati 2024 | CT3: Cessati per dimissioni 2024 | CU3: Cessati per uscita incentivata | CV3: Tasso di turnover 2024 | CW3: No | CX3: Sì | CY3: Quanti | CZ3: No | DA3: Sì | DB3: Quanti
AJ4: B17 | AK4: B18 | AL4: B19 | AM4: B20
A5: 0 | B5: ='I. Questionario nazionale'!A13 -> 9 | C5: =IF('I. Questionario nazionale'!D8="","",UPPER('I. Questionario nazionale'!D8)) | D5: =IF('I. Questionario nazionale'!B10="","",LOWER('I. Questionario nazionale'!B10)) | E5: =IF('I. Questionario nazionale'!F15="","",UPPER('I. Questionario nazionale'!F15)) | F5: =IF('I. Questionario nazionale'!F17="","",UPPER('I. Questionario nazionale'!F17)) -> ASSOLOMBARDA | G5: =IF('I. Questionario nazionale'!C19="","",'I. Questionario nazionale'!C19) | H5: ='I. Questionario nazionale'!N19 -> 0 | I5: ='I. Questionario nazionale'!N21 -> 0 | J5: ='I. Questionario nazionale'!P23 -> 0 | K5: ='I. Questionario nazionale'!Q23 -> 0 | L5: ='I. Questionario nazionale'!P27 -> 0 | M5: ='I. Questionario nazionale'!P29 -> 0 | N5: ='I. Questionario nazionale'!O27 -> 0 | O5: ='I. Questionario nazionale'!O29 -> 0 | P5: ='I. Questionario nazionale'!D38 -> 0 | Q5: ='I. Questionario nazionale'!F38 -> 0 | R5: ='I. Questionario nazionale'!H38 -> 0 | S5: ='I. Questionario nazionale'!J38 -> 0 | T5: ='I. Questionario nazionale'!D39 -> 0 | U5: =+'I. Questionario nazionale'!F39 -> 0 | V5: =+'I. Questionario nazionale'!H39 -> 0 | W5: =+'I. Questionario nazionale'!J39 -> 0 | X5: ='I. Questionario nazionale'!D40 -> 0 | Y5: ='I. Questionario nazionale'!F40 -> 0 | Z5: ='I. Questionario nazionale'!H40 -> 0 | AA5: ='I. Questionario nazionale'!J40 -> 0 | AB5: ='I. Questionario nazionale'!D41 -> 0 | AC5: =+'I. Questionario nazionale'!F41 -> 0 | AD5: =+'I. Questionario nazionale'!H41 -> 0 | AE5: =+'I. Questionario nazionale'!J41 -> 0 | AF5: ='I. Questionario nazionale'!D42 -> 0 | AG5: =+'I. Questionario nazionale'!F42 -> 0 | AH5: ='I. Questionario nazionale'!H42 -> 0 | AI5: =+'I. Questionario nazionale'!J42 -> 0 | AJ5: 0 | AK5: 0 | AL5: 0 | AM5: 0 | AN5: =+'I. Questionario nazionale'!D43 -> 0 | AO5: =+'I. Questionario nazionale'!F43 -> 0 | AP5: =+'I. Questionario nazionale'!H43 -> 0 | AQ5: =+'I. Questionario nazionale'!J43 -> 0 | AR5: =+'I. Questionario nazionale'!D44 -> 0 | AS5: =+'I. Questionario nazionale'!F44 -> 0 | AT5: =+'I. Questionario nazionale'!H44 -> 0 | AU5: =+'I. Questionario nazionale'!J44 -> 0 | AV5: =+'I. Questionario nazionale'!D52 -> 0 | AW5: =+'I. Questionario nazionale'!E52 -> 0 | AX5: =+'I. Questionario nazionale'!F52 -> 0 | AY5: =+'I. Questionario nazionale'!G52 -> 0 | AZ5: =+'I. Questionario nazionale'!H52 -> 0 | BA5: =+'I. Questionario nazionale'!I52 -> 0 | BB5: =+'I. Questionario nazionale'!J52 -> 0 | BC5: =+'I. Questionario nazionale'!K52 -> 0 | BD5: =+'I. Questionario nazionale'!D53 -> 0 | BE5: =+'I. Questionario nazionale'!E53 -> 0 | BF5: =+'I. Questionario nazionale'!F53 -> 0 | BG5: =+'I. Questionario nazionale'!G53 -> 0 | BH5: =+'I. Questionario nazionale'!H53 -> 0 | BI5: =+'I. Questionario nazionale'!I53 -> 0 | BJ5: =+'I. Questionario nazionale'!J53 -> 0 | BK5: =+'I. Questionario nazionale'!K53 -> 0 | BL5: =+'I. Questionario nazionale'!D54 -> 0 | BM5: =+'I. Questionario nazionale'!E54 -> 0 | BN5: =+'I. Questionario nazionale'!F54 -> 0 | BO5: =+'I. Questionario nazionale'!G54 -> 0 | BP5: =+'I. Questionario nazionale'!H54 -> 0 | BQ5: =+'I. Questionario nazionale'!I54 -> 0 | BR5: =+'I. Questionario nazionale'!J54 -> 0 | BS5: =+'I. Questionario nazionale'!K54 -> 0 | BT5: =+'I. Questionario nazionale'!D55 -> 0 | BU5: =+'I. Questionario nazionale'!E55 -> 0 | BV5: =+'I. Questionario nazionale'!F55 -> 0 | BW5: =+'I. Questionario nazionale'!G55 -> 0 | BX5: =+'I. Questionario nazionale'!H55 -> 0 | BY5: =+'I. Questionario nazionale'!I55 -> 0 | BZ5: =+'I. Questionario nazionale'!J55 -> 0 | CA5: =+'I. Questionario nazionale'!K55 -> 0 | CB5: =+'I. Questionario nazionale'!D56 -> 0 | CC5: =+'I. Questionario nazionale'!E56 -> 0 | CD5: =+'I. Questionario nazionale'!F56 -> 0 | CE5: =+'I. Questionario nazionale'!G56 -> 0 | CF5: =+'I. Questionario nazionale'!H56 -> 0 | CG5: =+'I. Questionario nazionale'!I56 -> 0 | CH5: =+'I. Questionario nazionale'!J56 -> 0 | CI5: =+'I. Questionario nazionale'!K56 -> 0 | CJ5: =+'I. Questionario nazionale'!D57 -> 0 | CK5: =+'I. Questionario nazionale'!E57 -> 0 | CL5: =+'I. Questionario nazionale'!F57 -> 0 | CM5: =+'I. Questionario nazionale'!G57 -> 0 | CN5: =+'I. Questionario nazionale'!H57 -> 0 | CO5: =+'I. Questionario nazionale'!I57 -> 0 | CP5: =+'I. Questionario nazionale'!J57 -> 0 | CQ5: =+'I. Questionario nazionale'!K57 -> 0 | CR5: ='I. Questionario nazionale'!I61 -> 0 | CS5: ='I. Questionario nazionale'!I63 -> 0 | CT5: ='I. Questionario nazionale'!I65 -> 0 | CU5: ='I. Questionario nazionale'!I66 -> 0 | CV5: ='I. Questionario nazionale'!I68 | CW5: ='I. Questionario nazionale'!P73 -> 0 | CX5: ='I. Questionario nazionale'!Q73 -> 0 | CY5: ='I. Questionario nazionale'!F73 -> 0 | CZ5: ='I. Questionario nazionale'!P76 -> 0 | DA5: ='I. Questionario nazionale'!Q76 -> 0 | DB5: ='I. Questionario nazionale'!F76 -> 0
A6: 0

Sheet db A-C
A2: DATABASE A-C | H2: Azienda plurilocalizzata: | J2: I dati si riferiscono a: | L2: Provincia della: | N2: Ferie: (giorni medi pro-capite) | P2: Ore di lavoro: (settimanali pro-capite) | R2: Pause retribuite: (minuti settimanali pro-capite) | U2: Quadri: (Indeterminato, numero medio) | W2: Impiegati/Intermedi: (Indeterminato, numero medio) | Y2: Operai: (Indeterminato, numero medio) | AA2: Infortuni per lavoro e malattie professionali | AG2: Malattie non professionali | AM2: di cui: per carenza | AS2: Congedi retribuiti | AY2: Permessi 104 | BE2: Altri permessi retribuiti | BK2: Altre assenze non retribuite | BQ2: Assenze per sciopero | BW2: CIG + FIS | CC2: ORE DI LAVORO STRAORDINARIO
A3: Codice Identificativo | B3: Versione questionario | C3: Impresa | D3: Associazione | E3: PIVA | F3: CCNL | G3: Ateco 2-digit | H3: No | I3: Sì | J3: Impresa a livello nazionale | K3: Unità locale | L3: Sede principale | M3: Unità locale | N3: Quadri/ Impiegati/Intermedi | O3: Operai | P3: Quadri/ Impiegati/Intermedi | Q3: Operai | R3: Quadri/ Impiegati/Intermedi | S3: Operai | T3: I dati si riferiscono a: | U3: Maschi | V3: Femmine | W3: Maschi | X3: Femmine | Y3: Maschi | Z3: Femmine | AA3: Quadri Maschi | AB3: Quadri Femmine | AC3: Impiegati/Intermedi Maschi | AD3: Impiegati/Intermedi Femmine | AE3: Operai Maschi | AF3: Operai Femmine | AG3: Quadri Maschi | AH3: Quadri Femmine | AI3: Impiegati/Intermedi Maschi | AJ3: Impiegati/Intermedi Femmine | AK3: Operai Maschi | AL3: Operai Femmine | AM3: Quadri Maschi | AN3: Quadri Femmine | AO3: Impiegati/Intermedi Maschi | AP3: Impiegati/Intermedi Femmine | AQ3: Operai Maschi | AR3: Operai Femmine | AS3: Quadri Maschi | AT3: Quadri Femmine | AU3: Impiegati/Intermedi Maschi | AV3: Impiegati/Intermedi Femmine | AW3: Operai Maschi | AX3: Operai Femmine | AY3: Quadri Maschi | AZ3: Quadri Femmine | BA3: Impiegati/Intermedi Maschi | BB3: Impiegati/Intermedi Femmine | BC3: Operai Maschi | BD3: Operai Femmine | BE3: Quadri Maschi | BF3: Quadri Femmine | BG3: Impiegati/Intermedi Maschi | BH3: Impiegati/Intermedi Femmine | BI3: Operai Maschi | BJ3: Operai Femmine | BK3: Quadri Maschi | BL3: Quadri Femmine | BM3: Impiegati/Intermedi Maschi | BN3: Impiegati/Intermedi Femmine | BO3: Operai Maschi | BP3: Operai Femmine | BQ3: Quadri Maschi | BR3: Quadri Femmine | BS3: Impiegati/Intermedi Maschi | BT3: Impiegati/Intermedi Femmine | BU3: Operai Maschi | BV3: Operai Femmine | BW3: Quadri Maschi | BX3: Quadri Femmine | BY3: Impiegati/Intermedi Maschi | BZ3: Impiegati/Intermedi Femmine | CA3: Operai Maschi | CB3: Operai Femmine | CC3: Impiegati/Intermedi Maschi | CD3: Impiegati/Intermedi Femmine | CE3: Operai Maschi | CF3: Operai Femmine
A4: COD | C4: A1 | D4: A2 | E4: A3 | F4: A4 | H4: A5 | I4: A6 | J4: A9 | K4: A10 | L4: A11 | M4: A12 | N4: C1 | O4: C2 | P4: C3 | Q4: C4 | R4: C5 | S4: C6 | T4: C9 | U4: C10 | V4: C11 | W4: C12 | X4: C13 | Y4: C14 | Z4: C15 | AG4: C16 | AH4: C17 | AI4: C18 | AJ4: C19 | AK4: C20 | AL4: C21 | AS4: C34 | AT4: C35 | AU4: C36 | AV4: C37 | AW4: C38 | AX4: C39 | AY4: C40 | AZ4: C41 | BA4: C42 | BB4: C43 | BC4: C44 | BD4: C45 | BE4: C46 | BF4: C47 | BG4: C48 | BH4: C49 | BI4: C50 | BJ4: C51 | BK4: C52 | BL4: C53 | BM4: C54 | BN4: C55 | BO4: C56 | BP4: C57 | BW4: C68 | BX4: C69 | BY4: C70 | BZ4: C71 | CA4: C72 | CB4: C73 | CC4: C70 | CD4: C71 | CE4: C72 | CF4: C73
A5: 0 | B5: ='I. Questionario nazionale'!A13 -> 9 | C5: =IF('I. Questionario nazionale'!F15="","",UPPER('I. Questionario nazionale'!F15)) | D5: =IF('I. Questionario nazionale'!F17="","",UPPER('I. Questionario nazionale'!F17)) -> ASSOLOMBARDA | E5: =IF('I. Questionario nazionale'!C19="","",'I. Questionario nazionale'!C19) | F5: ='I. Questionario nazionale'!N19 -> 0 | G5: ='I. Questionario nazionale'!N21 -> 0 | H5: ='I. Questionario nazionale'!P23 -> 0 | I5: ='I. Questionario nazionale'!Q23 -> 0 | J5: ='I. Questionario nazionale'!P27 -> 0 | K5: ='I. Questionario nazionale'!P29 -> 0 | L5: ='I. Questionario nazionale'!O27 -> 0 | M5: ='I. Questionario nazionale'!O29 -> 0 | N5: ='I. Questionario nazionale'!H92 -> 0 | O5: ='I. Questionario nazionale'!J92 -> 0 | P5: ='I. Questionario nazionale'!H94 -> 0 | Q5: ='I. Questionario nazionale'!J94 -> 0 | R5: ='I. Questionario nazionale'!H96 -> 0 | S5: ='I. Questionario nazionale'!J96 -> 0 | T5: ='I. Questionario nazionale'!F101 -> …........................................................................... | U5: ='I. Questionario nazionale'!F104 -> 0 | V5: ='I. Questionario nazionale'!G104 -> 0 | W5: ='I. Questionario nazionale'!H104 -> 0 | X5: ='I. Questionario nazionale'!I104 -> 0 | Y5: ='I. Questionario nazionale'!J104 -> 0 | Z5: ='I. Questionario nazionale'!K104 -> 0 | AA5: ='I. Questionario nazionale'!F105 -> 0 | AB5: ='I. Questionario nazionale'!G105 -> 0 | AC5: ='I. Questionario nazionale'!H105 -> 0 | AD5: ='I. Questionario nazionale'!I105 -> 0 | AE5: ='I. Questionario nazionale'!J105 -> 0 | AF5: ='I. Questionario nazionale'!K105 -> 0 | AG5: ='I. Questionario nazionale'!F106 -> 0 | AH5: =+'I. Questionario nazionale'!G106 -> 0 | AI5: =+'I. Questionario nazionale'!H106 -> 0 | AJ5: =+'I. Questionario nazionale'!I106 -> 0 | AK5: =+'I. Questionario nazionale'!J106 -> 0 | AL5: =+'I. Questionario nazionale'!K106 -> 0 | AM5: ='I. Questionario nazionale'!F107 -> 0 | AN5: ='I. Questionario nazionale'!G107 -> 0 | AO5: ='I. Questionario nazionale'!H107 -> 0 | AP5: ='I. Questionario nazionale'!I107 -> 0 | AQ5: ='I. Questionario nazionale'!J107 -> 0 | AR5: ='I. Questionario nazionale'!K107 -> 0 | AS5: =+'I. Questionario nazionale'!F109 -> 0 | AT5: =+'I. Questionario nazionale'!G109 -> 0 | AU5: =+'I. Questionario nazionale'!H109 -> 0 | AV5: =+'I. Questionario nazionale'!I109 -> 0 | AW5: =+'I. Questionario nazionale'!J109 -> 0 | AX5: =+'I. Questionario nazionale'!K109 -> 0 | AY5: =+'I. Questionario nazionale'!F110 -> 0 | AZ5: =+'I. Questionario nazionale'!G110 -> 0 | BA5: =+'I. Questionario nazionale'!H110 -> 0 | BB5: =+'I. Questionario nazionale'!I110 -> 0 | BC5: =+'I. Questionario nazionale'!J110 -> 0 | BD5: =+'I. Questionario nazionale'!K110 -> 0 | BE5: =+'I. Questionario nazionale'!F112 -> 0 | BF5: =+'I. Questionario nazionale'!G112 -> 0 | BG5: =+'I. Questionario nazionale'!H112 -> 0 | BH5: =+'I. Questionario nazionale'!I112 -> 0 | BI5: =+'I. Questionario nazionale'!J112 -> 0 | BJ5: =+'I. Questionario nazionale'!K112 -> 0 | BK5: =+'I. Questionario nazionale'!F113 -> 0 | BL5: =+'I. Questionario nazionale'!G113 -> 0 | BM5: =+'I. Questionario nazionale'!H113 -> 0 | BN5: =+'I. Questionario nazionale'!I113 -> 0 | BO5: =+'I. Questionario nazionale'!J113 -> 0 | BP5: =+'I. Questionario nazionale'!K113 -> 0 | BQ5: =+'I. Questionario nazionale'!F114 -> 0 | BR5: =+'I. Questionario nazionale'!G114 -> 0 | BS5: =+'I. Questionario nazionale'!H114 -> 0 | BT5: =+'I. Questionario nazionale'!I114 -> 0 | BU5: =+'I. Questionario nazionale'!J114 -> 0 | BV5: =+'I. Questionario nazionale'!K114 -> 0 | BW5: =+'I. Questionario nazionale'!F117 -> 0 | BX5: =+'I. Questionario nazionale'!G117 -> 0 | BY5: =+'I. Questionario nazionale'!H117 -> 0 | BZ5: =+'I. Questionario nazionale'!I117 -> 0 | CA5: =+'I. Questionario nazionale'!J117 -> 0 | CB5: =+'I. Questionario nazionale'!K117 -> 0 | CC5: =+'I. Questionario nazionale'!H119 -> 0 | CD5: =+'I. Questionario nazionale'!I119 -> 0 | CE5: =+'I. Questionario nazionale'!J119 -> 0 | CF5: =+'I. Questionario nazionale'!K119 -> 0
A6: 0

Sheet db A-DF
N1: D) LAVORO AGILE / SMART WORKING | W1: E) CAPITALE UMANO | BN1: E7. Quali effetti dall’introduzione dell’Intelligenza Artificiale nella sua azienda? Per ognuno, mi dica se l’ha già riscontrato o se lo prevede come effetto futuro | CF1: F) POLITICHE AZIENDALI
A2: DATABASE A-DF | H2: Azienda plurilocalizzata: | J2: I dati si riferiscono a: | L2: Provincia della: | N2: D.1 Lavoro agile utilizzato prima del Covid | P2: D.2 Lavoro agile nel 2024 | R2: D.3 Numero dipendenti coinvolti | W2: E.1 Difficoltà reperimento | AD2: E.2 Azioni intraprese | AK2: E.2-bis A che livello l'azienda è stata coinvolta in programmi educativi? | AP2: E.3 L'azienda ha integrato l'Intelligenza Artificiale nei propri processi? | AS2: E.4 Lato capitale umano, quali azioni ha intrapreso l’azienda per integrare l’IA nei propri processi o per valutarne l’integrazione? (possibili più risposte) | AX2: E.5 Quali sono gli ambiti aziendali in cui state implementando l’uso di soluzioni di Intelligenza Artificiale? (possibili più risposte) | BG2: E6. Quali sono le principali difficoltà che avete incontrato nell’adozione di soluzioni di Intelligenza Artificiale? | BN2: Automazione delle attività ripetitive | BQ2: Riduzione dei costi | BT2: Miglioramento della qualità e/o maggiore personalizzazione dei prodotti/servizi offerti | BW2: Innovazione e creatività | BZ2: Riduzione del personale | CC2: Altri effetti | CF2: F.1 Contratto aziendale ATTUALMENTE applicato | CH2: Contenuti | CU2: F.2 Iniziative di welfare | CW2: F.3 Premi variabili collettivi erogati nel 2023 | CY2: F.4 Incidenza media dei premi | DA2: F.5 N. lavoratori (tempo indet.) che hanno convertito premio in welfare e percentuale premio
A3: Codice Identificativo | B3: Versione questionario | C3: Impresa | D3: Associazione | E3: PIVA | F3: CCNL | G3: Ateco 2-digit | H3: No | I3: Sì | J3: Impresa a livello nazionale | K3: Unità locale | L3: Sede principale | M3: Unità locale | N3: No | O3: Sì | P3: No | Q3: Sì | R3: Fino a 1 giorno alla settimana (o fino a 4 giorni al mese) | S3: Fino a 2 giorni alla settimana (o fino a 8 giorni al mese) | T3: 3 o più giorni alla settimana (12 o più giorni al mese) | U3: TOTALE dipendenti coinvolti | V3: sul totale di | W3: No ricerche | X3: No | Y3: Sì, per competenze trasversali (cd. soft skills) | Z3: Sì, per competenze manageriali | AA3: Sì, per competenze tecniche | AB3: Sì, per competenze digitali | AC3: Sì, per mansioni manuali (es. operai, turnisti) | AD3: Nessuna | AE3: Formazione al personale oltre obbligatoria | AF3: Ricorso a servizi esterni | AG3: Coinvolgimento in programmi educativi (ITS, PCTO, …) | AH3: Allargamento bacino di ricerca | AI3: Inserimento personale da altri Paesi | AJ3: Partecipazione a partenariati pubblico-privati | AK3: Scuole primarie / secondarie di primo grado | AL3: Scuole secondarie di secondo grado e/o IeFP | AM3: ITS Academy (per governance, didattica, tirocini, visite aziendali) | AN3: Università (per didattica, ricerca, terzamissione, placement) | AO3: Altro (specificare) | AP3: No, non siamo interessati a utilizzarla | AQ3: Non ancora, ma stiamo valutando l'adozione di soluzioni di Intelligenza Artificiale | AR3: Sì, abbiamo adottato e utilizziamo regolarmente strumenti di Intelligenza Artificiale nelle attività aziendali o ne stiamo sperimentando l'adozione | AS3: Nessuna azione specifica | AT3: Ricerca e assunzione di personale con competenze specifiche in ambito IA | AU3: Formazione del personale interno per sviluppare competenze sull’uso dell’IA | AV3: Ricorso a consulenti o fornitori esterni per l’adozione dell’IA | AW3: Altro (specificare) | AX3: Automazione dei processi produttivi (es. robotica) | AY3: Controllo qualità | AZ3: Manutenzione predittiva | BA3: Analisi e gestione dei dati aziendali (es. forecasting vendite, analisi dati interni) | BB3: Marketing e personalizzazione dell’offerta (es. profilazione clienti) | BC3: Servizio clienti (chatbot, assistenti virtuali) | BD3: Gestione delle risorse umane (es. selezione, formazione, valutazione) | BE3: Ricerca e sviluppo | BF3: Altro (specificare) | BG3: Mancanza di informazioni chiare sulle opportunità offerte dall’IA | BH3: Mancanza di competenze interne | BI3: Resistenza al cambiamento da parte del personale | BJ3: Costi elevati delle tecnologie o dei servizi | BK3: Complessità tecnica nell’integrazione dei sistemi | BL3: Sicurezza e privacy dei dati | BM3: Altro (specificare) | BN3: Già visibile | BO3: Atteso in futuro | BP3: Né già riscontrato né atteso in futuro | BQ3: Già visibile | BR3: Atteso in futuro | BS3: Né già riscontrato né atteso in futuro | BT3: Già visibile | BU3: Atteso in futuro | BV3: Né già riscontrato né atteso in futuro | BW3: Già visibile | BX3: Atteso in futuro | BY3: Né già riscontrato né atteso in futuro | BZ3: Già visibile | CA3: Atteso in futuro | CB3: Né già riscontrato né atteso in futuro | CC3: Altro (specificare) | CD3: Già visibile (rif. Altro) | CE3: Atteso in futuro (rif. Altro) | CF3: No | CG3: Sì | CH3: Premi di risultato collettivi | CI3: Welfare aggiuntivo rispetto a CCNL o regolamento | CJ3: Conversione premi in welfare | CK3: Orario di lavoro | CL3: Conciliazione vita-lavoro | CM3: Lavoro agile | CN3: "Causali contrattuali" | CO3: Formazione aggiuntiva rispetto a CCNL o legge | CP3: Partecipazione agli utili | CQ3: Coinvolgimento paritetico | CR3: Protocolli sicurezza | CS3: Invecchiamento attivo | CT3: Altro: specificare | CU3: No | CV3: Sì | CW3: No | CX3: Sì | CY3: Op.-Imp.-Int- | CZ3: Quadri | DA3: N. Op.-Imp.-Int- | DB3: % premio Op.-Imp.-Int- | DC3: N. Quadri | DD3: % premio Quadri
A5: 0 | B5: ='I. Questionario nazionale'!A13 -> 9 | C5: =IF('I. Questionario nazionale'!F15="","",UPPER('I. Questionario nazionale'!F15)) | D5: =IF('I. Questionario nazionale'!F17="","",UPPER('I. Questionario nazionale'!F17)) -> ASSOLOMBARDA | E5: =IF('I. Questionario nazionale'!C19="","",'I. Questionario nazionale'!C19) | F5: ='I. Questionario nazionale'!N19 -> 0 | G5: ='I. Questionario nazionale'!N21 -> 0 | H5: ='I. Questionario nazionale'!P23 -> 0 | I5: ='I. Questionario nazionale'!Q23 -> 0 | J5: ='I. Questionario nazionale'!P27 -> 0 | K5: ='I. Questionario nazionale'!P29 -> 0 | L5: ='I. Questionario nazionale'!O27 -> 0 | M5: ='I. Questionario nazionale'!O29 -> 0 | N5: ='I. Questionario nazionale'!P136 -> 0 | O5: ='I. Questionario nazionale'!P137 -> 0 | P5: ='I. Questionario nazionale'!P140 -> 0 | Q5: ='I. Questionario nazionale'!P141 -> 0 | R5: ='I. Questionario nazionale'!F144 -> 0 | S5: ='I. Questionario nazionale'!F145 -> 0 | T5: ='I. Questionario nazionale'!F146 -> 0 | U5: ='I. Questionario nazionale'!F147 -> 0 | V5: ='I. Questionario nazionale'!H147 -> 0 | W5: ='I. Questionario nazionale'!P161 -> 0 | X5: ='I. Questionario nazionale'!P162 -> 0 | Y5: ='I. Questionario nazionale'!P163 -> 0 | Z5: ='I. Questionario nazionale'!P164 -> 0 | AA5: ='I. Questionario nazionale'!P165 -> 0 | AB5: ='I. Questionario nazionale'!P166 -> 0 | AC5: ='I. Questionario nazionale'!P167 -> 0 | AD5: ='I. Questionario nazionale'!P170 -> 0 | AE5: ='I. Questionario nazionale'!P171 -> 0 | AF5: ='I. Questionario nazionale'!P172 -> 0 | AG5: ='I. Questionario nazionale'!P173 -> 0 | AH5: ='I. Questionario nazionale'!P174 -> 0 | AI5: ='I. Questionario nazionale'!P175 -> 0 | AJ5: ='I. Questionario nazionale'!P176 -> 0 | AK5: ='I. Questionario nazionale'!P179 -> 0 | AL5: ='I. Questionario nazionale'!P180 -> 0 | AM5: ='I. Questionario nazionale'!P181 -> 0 | AN5: ='I. Questionario nazionale'!P182 -> 0 | AO5: ='I. Questionario nazionale'!E183 -> ……............................................. | AP5: ='I. Questionario nazionale'!P189 -> 0 | AQ5: ='I. Questionario nazionale'!P190 -> 0 | AR5: ='I. Questionario nazionale'!P191 -> 0 | AS5: ='I. Questionario nazionale'!P194 -> 0 | AT5: ='I. Questionario nazionale'!P195 -> 0 | AU5: ='I. Questionario nazionale'!P196 -> 0 | AV5: ='I. Questionario nazionale'!P197 -> 0 | AW5: ='I. Questionario nazionale'!E198 -> ……............................................. | AX5: ='I. Questionario nazionale'!P201 -> 0 | AY5: ='I. Questionario nazionale'!P202 -> 0 | AZ5: ='I. Questionario nazionale'!P203 -> 0 | BA5: ='I. Questionario nazionale'!P204 -> 0 | BB5: ='I. Questionario nazionale'!P205 -> 0 | BC5: ='I. Questionario nazionale'!P206 -> 0 | BD5: ='I. Questionario nazionale'!P207 -> 0 | BE5: ='I. Questionario nazionale'!P208 -> 0 | BF5: ='I. Questionario nazionale'!E209 -> ……............................................. | BG5: ='I. Questionario nazionale'!P212 -> 0 | BH5: ='I. Questionario nazionale'!P213 -> 0 | BI5: ='I. Questionario nazionale'!P214 -> 0 | BJ5: ='I. Questionario nazionale'!P215 -> 0 | BK5: ='I. Questionario nazionale'!P216 -> 0 | BL5: ='I. Questionario nazionale'!P217 -> 0 | BM5: ='I. Questionario nazionale'!E218 -> ……............................................. | BN5: ='I. Questionario nazionale'!O223 -> 0 | BO5: ='I. Questionario nazionale'!Q223 -> 0 | BP5: ='I. Questionario nazionale'!S223 -> 0 | BQ5: ='I. Questionario nazionale'!O224 -> 0 | BR5: ='I. Questionario nazionale'!Q224 -> 0 | BS5: ='I. Questionario nazionale'!S224 -> 0 | BT5: ='I. Questionario nazionale'!O225 -> 0 | BU5: ='I. Questionario nazionale'!Q225 -> 0 | BV5: ='I. Questionario nazionale'!S225 -> 0 | BW5: ='I. Questionario nazionale'!O226 -> 0 | BX5: ='I. Questionario nazionale'!Q226 -> 0 | BY5: ='I. Questionario nazionale'!S226 -> 0 | BZ5: ='I. Questionario nazionale'!O227 -> 0 | CA5: ='I. Questionario nazionale'!Q227 -> 0 | CB5: ='I. Questionario nazionale'!S227 -> 0 | CC5: ='I. Questionario nazionale'!C228 -> ...................................... | CD5: ='I. Questionario nazionale'!O228 -> 0 | CE5: ='I. Questionario nazionale'!Q228 -> 0 | CF5: ='I. Questionario nazionale'!P241 -> 0 | CG5: ='I. Questionario nazionale'!Q241 -> 0 | CH5: ='I. Questionario nazionale'!P246 -> 0 | CI5: ='I. Questionario nazionale'!P247 -> 0 | CJ5: ='I. Questionario nazionale'!P248 -> 0 | CK5: ='I. Questionario nazionale'!P249 -> 0 | CL5: ='I. Questionario nazionale'!P250 -> 0 | CM5: ='I. Questionario nazionale'!P251 -> 0 | CN5: ='I. Questionario nazionale'!P252 -> 0 | CO5: ='I. Questionario nazionale'!P253 -> 0 | CP5: ='I. Questionario nazionale'!P254 -> 0 | CQ5: ='I. Questionario nazionale'!P255 -> 0 | CR5: ='I. Questionario nazionale'!P256 -> 0 | CS5: ='I. Questionario nazionale'!P257 -> 0 | CT5: ='I. Questionario nazionale'!E258 -> ……............................................. | CU5: ='I. Questionario nazionale'!P260 -> 0 | CV5: ='I. Questionario nazionale'!Q260 -> 0 | CW5: ='I. Questionario nazionale'!P264 -> 0 | CX5: ='I. Questionario nazionale'!Q264 -> 0 | CY5: ='I. Questionario nazionale'!F269 -> % | CZ5: ='I. Questionario nazionale'!F270 -> % | DA5: ='I. Questionario nazionale'!F276 -> 0 | DB5: ='I. Questionario nazionale'!G276 -> 0 | DC5: ='I. Questionario nazionale'!F277 -> 0 | DD5: ='I. Questionario nazionale'!G277 -> 0
A6: 0

Sheet db A-G
N1: G) POLITICHE RETRIBUTIVE | P1: G.2 Quali criteri vengono utilizzati per aumentare la RAL (Retribuzione Annua Lorda)? | BZ1: G.6 Indicare la retribuzione d'ingresso per neolaureati alla prima esperienza di lavoro distinguendo la laurea triennale dalla magistrale e quest'ultima per indirizzi generali
A2: DATABASE A-G | H2: Azienda plurilocalizzata: | J2: I dati si riferiscono a: | L2: Provincia della: | N2: G.1 L'impresa ha una struttura di politica retributiva formalizzata? | P2: Nessun criterio | T2: Obiettivi aziendali | X2: Obiettivi individuali | AB2: Job evaluation/Classificazione dei ruoli | AF2: Posizionamento rispetto al mercato di riferimento | AJ2: Anzianità di servizio | AN2: Tasso di inflazione | AR2: Altro | AV2: G.3 Quale prevede sarà, nel 2024, l'incremento medio della RAL (Retribuzione Annua Lorda) per ciascuna categoria di dipendenti? | BB2: G.4 L'impresa riconosce un premio variabile? | BF2: G.5 Quali sono gli indicatori (di produttività, redditività, efficienza, qualità o innovazione) sulla base dei quali vengono erogati i premi variabili? | BZ2: Triennale | CA2: Magistrale | CD2: G.7 Qual è indicativamente la percentuale di incremento dopo il primo anno? | CE2: G.8 Nel 2024 l'azienda ha avuto stagisti? | CG2: G.8 Se sì, con quale rimborso mensile medio in caso di tirocini extracurriculari?
A3: Codice Identificativo | B3: Versione questionario | C3: Impresa | D3: Associazione | E3: PIVA | F3: CCNL | G3: Ateco 2-digit | H3: No | I3: Sì | J3: Impresa a livello nazionale | K3: Unità locale | L3: Sede principale | M3: Unità locale | N3: No | O3: Sì | P3: Dirigenti | Q3: Quadri | R3: Impiegati | S3: Operai/intermedi | T3: Dirigenti | U3: Quadri | V3: Impiegati | W3: Operai/intermedi | X3: Dirigenti | Y3: Quadri | Z3: Impiegati | AA3: Operai/intermedi | AB3: Dirigenti | AC3: Quadri | AD3: Impiegati | AE3: Operai/intermedi | AF3: Dirigenti | AG3: Quadri | AH3: Impiegati | AI3: Operai/intermedi | AJ3: Dirigenti | AK3: Quadri | AL3: Impiegati | AM3: Operai/intermedi | AN3: Dirigenti | AO3: Quadri | AP3: Impiegati | AQ3: Operai/intermedi | AR3: Dirigenti | AS3: Quadri | AT3: Impiegati | AU3: Operai/intermedi | AV3: Dirigenti | AW3: Quadri | AX3: Impiegati | AY3: Operai/intermedi | AZ3: Media Ponderata | BA3: Media azienda | BB3: no | BC3: sì, solo premi variabili individuali | BD3: sì, solo premi variabili collettivi | BE3: sì, sia premi variabili collettivi che individuali | BF3: Volume della produzione/n. dipendenti | BG3: Fatturato o VA di bilancio/n. dipendenti | BH3: MOL/VA di bilancio | BI3: Indici di soddisfazione del cliente | BJ3: Diminuzione n. riparazioni, rilavorazioni | BK3: Riduzione degli scarti di lavorazione | BL3: Percentuale di rispetto dei tempi di consegna | BM3: Rispetto previsioni di avanzamento lavori | BN3: Modifiche organizzazione del lavoro | BO3: Lavoro agile (smart working) | BP3: Modifiche ai regimi di orario | BQ3: Rapporto costi effettivi/costi previsti | BR3: Riduzione assenteismo | BS3: Numero brevetti depositati | BT3: Riduzione tempi sviluppo nuovi prodotti | BU3: Riduzione dei consumi energetici | BV3: Riduzione numero infortuni | BW3: Riduzione tempi di attraversamento interni lavorazione | BX3: Riduzione tempi di commessa | BY3: Altro (specificare) | CA3: Umanistica (lettere, filosofia, ecc.) | CB3: Economico-giuridiche (Economia e commercio, Giurisprudenza, ecc.) | CC3: Tecnico-Scientifiche (Ingegneria, Matematica, ecc.) | CE3: No | CF3: Sì
A5: 0 | B5: ='I. Questionario nazionale'!A13 -> 9 | C5: =IF('I. Questionario nazionale'!F15="","",UPPER('I. Questionario nazionale'!F15)) | D5: =IF('I. Questionario nazionale'!F17="","",UPPER('I. Questionario nazionale'!F17)) -> ASSOLOMBARDA | E5: =IF('I. Questionario nazionale'!C19="","",'I. Questionario nazionale'!C19) | F5: ='I. Questionario nazionale'!N19 -> 0 | G5: ='I. Questionario nazionale'!N21 -> 0 | H5: ='I. Questionario nazionale'!P23 -> 0 | I5: ='I. Questionario nazionale'!Q23 -> 0 | J5: ='I. Questionario nazionale'!P27 -> 0 | K5: ='I. Questionario nazionale'!P29 -> 0 | L5: ='I. Questionario nazionale'!O27 -> 0 | M5: ='I. Questionario nazionale'!O29 -> 0 | N5: ='Focus - POLITICHE RETRIBUTIVE'!P10 -> 0 | O5: ='Focus - POLITICHE RETRIBUTIVE'!Q10 -> 0 | P5: ='Focus - POLITICHE RETRIBUTIVE'!N14 -> 0 | Q5: ='Focus - POLITICHE RETRIBUTIVE'!O14 -> 0 | R5: ='Focus - POLITICHE RETRIBUTIVE'!P14 -> 0 | S5: ='Focus - POLITICHE RETRIBUTIVE'!Q14 -> 0 | T5: ='Focus - POLITICHE RETRIBUTIVE'!N15 -> 0 | U5: ='Focus - POLITICHE RETRIBUTIVE'!O15 -> 0 | V5: ='Focus - POLITICHE RETRIBUTIVE'!P15 -> 0 | W5: ='Focus - POLITICHE RETRIBUTIVE'!Q15 -> 0 | X5: ='Focus - POLITICHE RETRIBUTIVE'!N16 -> 0 | Y5: ='Focus - POLITICHE RETRIBUTIVE'!O16 -> 0 | Z5: ='Focus - POLITICHE RETRIBUTIVE'!P16 -> 0 | AA5: ='Focus - POLITICHE RETRIBUTIVE'!Q16 -> 0 | AB5: ='Focus - POLITICHE RETRIBUTIVE'!N17 -> 0 | AC5: ='Focus - POLITICHE RETRIBUTIVE'!O17 -> 0 | AD5: ='Focus - POLITICHE RETRIBUTIVE'!P17 -> 0 | AE5: ='Focus - POLITICHE RETRIBUTIVE'!Q17 -> 0 | AF5: ='Focus - POLITICHE RETRIBUTIVE'!N18 -> 0 | AG5: ='Focus - POLITICHE RETRIBUTIVE'!O18 -> 0 | AH5: ='Focus - POLITICHE RETRIBUTIVE'!P18 -> 0 | AI5: ='Focus - POLITICHE RETRIBUTIVE'!Q18 -> 0 | AJ5: ='Focus - POLITICHE RETRIBUTIVE'!N19 -> 0 | AK5: ='Focus - POLITICHE RETRIBUTIVE'!O19 -> 0 | AL5: ='Focus - POLITICHE RETRIBUTIVE'!P19 -> 0 | AM5: ='Focus - POLITICHE RETRIBUTIVE'!Q19 -> 0 | AN5: ='Focus - POLITICHE RETRIBUTIVE'!N20 -> 0 | AO5: ='Focus - POLITICHE RETRIBUTIVE'!O20 -> 0 | AP5: ='Focus - POLITICHE RETRIBUTIVE'!P20 -> 0 | AQ5: ='Focus - POLITICHE RETRIBUTIVE'!Q20 -> 0 | AR5: ='Focus - POLITICHE RETRIBUTIVE'!N21 -> 0 | AS5: ='Focus - POLITICHE RETRIBUTIVE'!O21 -> 0 | AT5: ='Focus - POLITICHE RETRIBUTIVE'!P21 -> 0 | AU5: ='Focus - POLITICHE RETRIBUTIVE'!Q21 -> 0 | AV5: =IF('Focus - POLITICHE RETRIBUTIVE'!P26=0,"",'Focus - POLITICHE RETRIBUTIVE'!P26) | AW5: =IF('Focus - POLITICHE RETRIBUTIVE'!P27=0,"",'Focus - POLITICHE RETRIBUTIVE'!P27) | AX5: =IF('Focus - POLITICHE RETRIBUTIVE'!P28=0,"",'Focus - POLITICHE RETRIBUTIVE'!P28) | AY5: =IF('Focus - POLITICHE RETRIBUTIVE'!P29=0,"",'Focus - POLITICHE RETRIBUTIVE'!P29) | AZ5: =IF('Focus - POLITICHE RETRIBUTIVE'!I29=0,"",'Focus - POLITICHE RETRIBUTIVE'!I29) -> #VALUE! | BA5: =IF('Focus - POLITICHE RETRIBUTIVE'!F33=0,"",'Focus - POLITICHE RETRIBUTIVE'!F33) | BB5: ='Focus - POLITICHE RETRIBUTIVE'!P37 -> 0 | BC5: ='Focus - POLITICHE RETRIBUTIVE'!P38 -> 0 | BD5: ='Focus - POLITICHE RETRIBUTIVE'!P39 -> 0 | BE5: ='Focus - POLITICHE RETRIBUTIVE'!P40 -> 0 | BF5: ='Focus - POLITICHE RETRIBUTIVE'!$P45 -> 0 | BG5: ='Focus - POLITICHE RETRIBUTIVE'!$P46 -> 0 | BH5: ='Focus - POLITICHE RETRIBUTIVE'!$P47 -> 0 | BI5: ='Focus - POLITICHE RETRIBUTIVE'!$P48 -> 0 | BJ5: ='Focus - POLITICHE RETRIBUTIVE'!$P49 -> 0 | BK5: ='Focus - POLITICHE RETRIBUTIVE'!$P50 -> 0 | BL5: ='Focus - POLITICHE RETRIBUTIVE'!$P51 -> 0 | BM5: ='Focus - POLITICHE RETRIBUTIVE'!$P52 -> 0 | BN5: ='Focus - POLITICHE RETRIBUTIVE'!$P53 -> 0 | BO5: ='Focus - POLITICHE RETRIBUTIVE'!$P54 -> 0 | BP5: ='Focus - POLITICHE RETRIBUTIVE'!$P55 -> 0 | BQ5: ='Focus - POLITICHE RETRIBUTIVE'!$P56 -> 0 | BR5: ='Focus - POLITICHE RETRIBUTIVE'!$P57 -> 0 | BS5: ='Focus - POLITICHE RETRIBUTIVE'!$P58 -> 0 | BT5: ='Focus - POLITICHE RETRIBUTIVE'!$P59 -> 0 | BU5: ='Focus - POLITICHE RETRIBUTIVE'!$P60 -> 0 | BV5: ='Focus - POLITICHE RETRIBUTIVE'!$P61 -> 0 | BW5: ='Focus - POLITICHE RETRIBUTIVE'!$P62 -> 0 | BX5: ='Focus - POLITICHE RETRIBUTIVE'!$P63 -> 0 | BY5: ='Focus - POLITICHE RETRIBUTIVE'!H64 -> …..... | BZ5: ='Focus - POLITICHE RETRIBUTIVE'!F74 -> 0 | CA5: ='Focus - POLITICHE RETRIBUTIVE'!F70 -> 0 | CB5: ='Focus - POLITICHE RETRIBUTIVE'!F71 -> 0 | CC5: ='Focus - POLITICHE RETRIBUTIVE'!F72 -> 0 | CD5: ='Focus - POLITICHE RETRIBUTIVE'!F78 -> 0 | CE5: ='Focus - POLITICHE RETRIBUTIVE'!P82 -> 0 | CF5: ='Focus - POLITICHE RETRIBUTIVE'!Q82 -> 0 | CG5: ='Focus - POLITICHE RETRIBUTIVE'!P85
A6: 0

Sheet db_focus_gen
N2: H) POLITICHE AZIENDALI PER L'EQUILIBRIO FAMIGLIA-LAVORO | P2: Domanda 1.A | V2: Domanda 2 | X2: Domanda 2.A | AD2: Domanda 3 | AX2: Domanda 4 | BM2: Domanda 5 | BO2: Domanda 6 | BW2: Domanda 7 | CF2: Domanda A | CV2: Domanda B | DP2: Domanda C
A3: DATABASE A-H | H3: Azienda plurilocalizzata: | J3: I dati si riferiscono a: | L3: Provincia della: | N3: Domanda 1 | P3: Per congedo di maternità | R3: Per congedo di paternità | T3: Per congedo parentale | X3: Dirigenti e quadri | AA3: Impiegati e operai | AD3: Congedo di maternità | AH3: Congedo di paternità | AL3: Congedo parentale | AP3: Orario lavorativo flessibile | AT3: Smart working | AX3: Congedo di maternità | BA3: Congedo di paternità | BD3: Congedo parentale | BG3: Orario lavorativo flessibile | BJ3: Smart working | BO3: Congedo di maternità | BQ3: Congedo di paternità | BS3: Congedo parentale da parte delle madri | BU3: Congedo parentale da parte dei padri | CF3: I dipendenti non hanno sufficienti informazioni sull'istituto | CJ3: L'istituto mette in discussione i ruoli tradizionali all'interno della coppia | CN3: I potenziali beneficiari possono temere il giudizio dei colleghi | CR3: Sostituire un lavoratore in congedo crea difficoltà alle aziende | CV3: Congedo di maternità | CZ3: Congedo di paternità | DD3: Congedo parentale | DH3: Orario lavorativo flessibile | DL3: Smart working | DP3: Congedo di maternità | DT3: Congedo di paternità | DX3: Congedo parentale | EB3: Orario lavorativo flessibile | EF3: Smart working
A4: Codice Identificativo | B4: Versione questionario | C4: Impresa | D4: Associazione | E4: PIVA | F4: CCNL | G4: Ateco 2-digit | H4: No | I4: Sì | J4: Impresa a livello nazionale | K4: Unità locale | L4: Sede principale | M4: Unità locale | N4: Sì | O4: No | P4: Durata | Q4: Indennità | R4: Durata | S4: Indennità | T4: Durata | U4: Indennità | V4: Sì | W4: No | X4: Smart working | Y4: Flessibilità di orario di ingresso | Z4: Flessibilità di orario di uscita | AA4: Smart working | AB4: Flessibilità di orario di ingresso | AC4: Flessibilità di orario di uscita | AD4: Decisamente d'accordo | AE4: D'accordo | AF4: In disaccordo | AG4: Decisamente in disaccordo | AH4: Decisamente d'accordo | AI4: D'accordo | AJ4: In disaccordo | AK4: Decisamente in disaccordo | AL4: Decisamente d'accordo | AM4: D'accordo | AN4: In disaccordo | AO4: Decisamente in disaccordo | AP4: Decisamente d'accordo | AQ4: D'accordo | AR4: In disaccordo | AS4: Decisamente in disaccordo | AT4: Decisamente d'accordo | AU4: D'accordo | AV4: In disaccordo | AW4: Decisamente in disaccordo | AX4: Aumento | AY4: Nessuno | AZ4: Diminuzione | BA4: Aumento | BB4: Nessuno | BC4: Diminuzione | BD4: Aumento | BE4: Nessuno | BF4: Diminuzione | BG4: Aumento | BH4: Nessuno | BI4: Diminuzione | BJ4: Aumento | BK4: Nessuno | BL4: Diminuzione | BM4: Totale | BN4: di cui donne | BO4: N° dipendenti | BP4: N° complessivo di giorni | BQ4: N° dipendenti | BR4: N° complessivo di giorni | BS4: N° dipendenti | BT4: N° complessivo di giorni | BU4: N° dipendenti | BV4: N° complessivo di giorni | BW4: Programmi di rientro al lavoro (re-onboarding) | BX4: Asilo nido aziendale | BY4: Scuola d'infanzia aziendale | BZ4: Adesione a progetti per la creazione di sistemi di asilo nido diffusi | CA4: Assicurazione sanitaria per familiari | CB4: Sussidi per asilo nido esterno | CC4: Sussidi per l'assistenza alla prima infanzia | CD4: Sussidi per campi estivi | CE4: Sussidi per le spese in istruzione | CF4: Decisamente d'accordo | CG4: D'accordo | CH4: In disaccordo | CI4: Decisamente in disaccordo | CJ4: Decisamente d'accordo | CK4: D'accordo | CL4: In disaccordo | CM4: Decisamente in disaccordo | CN4: Decisamente d'accordo | CO4: D'accordo | CP4: In disaccordo | CQ4: Decisamente in disaccordo | CR4: Decisamente d'accordo | CS4: D'accordo | CT4: In disaccordo | CU4: Decisamente in disaccordo | CV4: Decisamente d'accordo | CW4: D'accordo | CX4: In disaccordo | CY4: Decisamente in disaccordo | CZ4: Decisamente d'accordo | DA4: D'accordo | DB4: In disaccordo | DC4: Decisamente in disaccordo | DD4: Decisamente d'accordo | DE4: D'accordo | DF4: In disaccordo | DG4: Decisamente in disaccordo | DH4: Decisamente d'accordo | DI4: D'accordo | DJ4: In disaccordo | DK4: Decisamente in disaccordo | DL4: Decisamente d'accordo | DM4: D'accordo | DN4: In disaccordo | DO4: Decisamente in disaccordo | DP4: Decisamente d'accordo | DQ4: D'accordo | DR4: In disaccordo | DS4: Decisamente in disaccordo | DT4: Decisamente d'accordo | DU4: D'accordo | DV4: In disaccordo | DW4: Decisamente in disaccordo | DX4: Decisamente d'accordo | DY4: D'accordo | DZ4: In disaccordo | EA4: Decisamente in disaccordo | EB4: Decisamente d'accordo | EC4: D'accordo | ED4: In disaccordo | EE4: Decisamente in disaccordo | EF4: Decisamente d'accordo | EG4: D'accordo | EH4: In disaccordo | EI4: Decisamente in disaccordo
A5: 0 | B5: ='I. Questionario nazionale'!A13 -> 9 | C5: =IF('I. Questionario nazionale'!F15="","",UPPER('I. Questionario nazionale'!F15)) | D5: =IF('I. Questionario nazionale'!F17="","",UPPER('I. Questionario nazionale'!F17)) -> ASSOLOMBARDA | E5: =IF('I. Questionario nazionale'!C19="","",'I. Questionario nazionale'!C19) | F5: ='I. Questionario nazionale'!N19 -> 0 | G5: ='I. Questionario nazionale'!N21 -> 0 | H5: ='I. Questionario nazionale'!P23 -> 0 | I5: ='I. Questionario nazionale'!Q23 -> 0 | J5: ='I. Questionario nazionale'!P27 -> 0 | K5: ='I. Questionario nazionale'!P29 -> 0 | L5: ='I. Questionario nazionale'!O27 -> 0 | M5: ='I. Questionario nazionale'!O29 -> 0 | N5: ='Focus - SUPPORTO GENITORIALITÀ'!Q10 -> 0 | O5: ='Focus - SUPPORTO GENITORIALITÀ'!Q11 -> 0 | P5: ='Focus - SUPPORTO GENITORIALITÀ'!U16 -> 0 | Q5: ='Focus - SUPPORTO GENITORIALITÀ'!V16 -> 0 | R5: ='Focus - SUPPORTO GENITORIALITÀ'!U17 -> 0 | S5: ='Focus - SUPPORTO GENITORIALITÀ'!V18 -> 0 | T5: ='Focus - SUPPORTO GENITORIALITÀ'!U18 -> 0 | U5: ='Focus - SUPPORTO GENITORIALITÀ'!V18 -> 0 | V5: ='Focus - SUPPORTO GENITORIALITÀ'!Q23 -> 0 | W5: ='Focus - SUPPORTO GENITORIALITÀ'!Q24 -> 0 | X5: ='Focus - SUPPORTO GENITORIALITÀ'!U30 -> 0 | Y5: ='Focus - SUPPORTO GENITORIALITÀ'!V30 -> 0 | Z5: ='Focus - SUPPORTO GENITORIALITÀ'!W30 -> 0 | AA5: ='Focus - SUPPORTO GENITORIALITÀ'!U31 -> 0 | AB5: ='Focus - SUPPORTO GENITORIALITÀ'!V31 -> 0 | AC5: ='Focus - SUPPORTO GENITORIALITÀ'!W31 -> 0 | AD5: ='Focus - SUPPORTO GENITORIALITÀ'!W38 -> 0 | AE5: ='Focus - SUPPORTO GENITORIALITÀ'!X38 -> 0 | AF5: ='Focus - SUPPORTO GENITORIALITÀ'!Y38 -> 0 | AG5: ='Focus - SUPPORTO GENITORIALITÀ'!Z38 -> 0 | AH5: ='Focus - SUPPORTO GENITORIALITÀ'!W39 -> 0 | AI5: ='Focus - SUPPORTO GENITORIALITÀ'!X39 -> 0 | AJ5: ='Focus - SUPPORTO GENITORIALITÀ'!Y39 -> 0 | AK5: ='Focus - SUPPORTO GENITORIALITÀ'!Z39 -> 0 | AL5: ='Focus - SUPPORTO GENITORIALITÀ'!W40 -> 0 | AM5: ='Focus - SUPPORTO GENITORIALITÀ'!X40 -> 0 | AN5: ='Focus - SUPPORTO GENITORIALITÀ'!Y40 -> 0 | AO5: ='Focus - SUPPORTO GENITORIALITÀ'!Z40 -> 0 | AP5: ='Focus - SUPPORTO GENITORIALITÀ'!W41 -> 0 | AQ5: ='Focus - SUPPORTO GENITORIALITÀ'!X41 -> 0 | AR5: ='Focus - SUPPORTO GENITORIALITÀ'!Y41 -> 0 | AS5: ='Focus - SUPPORTO GENITORIALITÀ'!Z41 -> 0 | AT5: ='Focus - SUPPORTO GENITORIALITÀ'!W42 -> 0 | AU5: ='Focus - SUPPORTO GENITORIALITÀ'!X42 -> 0 | AV5: ='Focus - SUPPORTO GENITORIALITÀ'!Y42 -> 0 | AW5: ='Focus - SUPPORTO GENITORIALITÀ'!Z42 -> 0 | AX5: ='Focus - SUPPORTO GENITORIALITÀ'!W47 -> 0 | AY5: ='Focus - SUPPORTO GENITORIALITÀ'!X47 -> 0 | AZ5: ='Focus - SUPPORTO GENITORIALITÀ'!Y47 -> 0 | BA5: ='Focus - SUPPORTO GENITORIALITÀ'!W48 -> 0 | BB5: ='Focus - SUPPORTO GENITORIALITÀ'!X48 -> 0 | BC5: ='Focus - SUPPORTO GENITORIALITÀ'!Y48 -> 0 | BD5: ='Focus - SUPPORTO GENITORIALITÀ'!W49 -> 0 | BE5: ='Focus - SUPPORTO GENITORIALITÀ'!X49 -> 0 | BF5: ='Focus - SUPPORTO GENITORIALITÀ'!Y49 -> 0 | BG5: ='Focus - SUPPORTO GENITORIALITÀ'!W50 -> 0 | BH5: ='Focus - SUPPORTO GENITORIALITÀ'!X50 -> 0 | BI5: ='Focus - SUPPORTO GENITORIALITÀ'!Y50 -> 0 | BJ5: ='Focus - SUPPORTO GENITORIALITÀ'!W51 -> 0 | BK5: ='Focus - SUPPORTO GENITORIALITÀ'!X51 -> 0 | BL5: ='Focus - SUPPORTO GENITORIALITÀ'!Y51 -> 0 | BM5: ='Focus - SUPPORTO GENITORIALITÀ'!F56 -> 0 | BN5: ='Focus - SUPPORTO GENITORIALITÀ'!H56 -> 0 | BO5: ='Focus - SUPPORTO GENITORIALITÀ'!F61 -> 0 | BP5: ='Focus - SUPPORTO GENITORIALITÀ'!H61 -> 0 | BQ5: ='Focus - SUPPORTO GENITORIALITÀ'!F62 -> 0 | BR5: ='Focus - SUPPORTO GENITORIALITÀ'!H62 -> 0 | BS5: ='Focus - SUPPORTO GENITORIALITÀ'!F63 -> 0 | BT5: ='Focus - SUPPORTO GENITORIALITÀ'!H63 -> 0 | BU5: ='Focus - SUPPORTO GENITORIALITÀ'!F64 -> 0 | BV5: ='Focus - SUPPORTO GENITORIALITÀ'!H64 -> 0 | BW5: ='Focus - SUPPORTO GENITORIALITÀ'!Q68 -> 0 | BX5: ='Focus - SUPPORTO GENITORIALITÀ'!Q69 -> 0 | BY5: ='Focus - SUPPORTO GENITORIALITÀ'!Q70 -> 0 | BZ5: ='Focus - SUPPORTO GENITORIALITÀ'!Q71 -> 0 | CA5: ='Focus - SUPPORTO GENITORIALITÀ'!Q72 -> 0 | CB5: ='Focus - SUPPORTO GENITORIALITÀ'!Q73 -> 0 | CC5: ='Focus - SUPPORTO GENITORIALITÀ'!Q74 -> 0 | CD5: ='Focus - SUPPORTO GENITORIALITÀ'!Q75 -> 0 | CE5: ='Focus - SUPPORTO GENITORIALITÀ'!Q76 -> 0 | CF5: ='Focus - SUPPORTO GENITORIALITÀ'!W84 -> 0 | CG5: ='Focus - SUPPORTO GENITORIALITÀ'!X84 -> 0 | CH5: ='Focus - SUPPORTO GENITORIALITÀ'!Y84 -> 0 | CI5: ='Focus - SUPPORTO GENITORIALITÀ'!Z84 -> 0 | CJ5: ='Focus - SUPPORTO GENITORIALITÀ'!W85 -> 0 | CK5: ='Focus - SUPPORTO GENITORIALITÀ'!X85 -> 0 | CL5: ='Focus - SUPPORTO GENITORIALITÀ'!Y85 -> 0 | CM5: ='Focus - SUPPORTO GENITORIALITÀ'!Z85 -> 0 | CN5: ='Focus - SUPPORTO GENITORIALITÀ'!W86 -> 0 | CO5: ='Focus - SUPPORTO GENITORIALITÀ'!X86 -> 0 | CP5: ='Focus - SUPPORTO GENITORIALITÀ'!Y86 -> 0 | CQ5: ='Focus - SUPPORTO GENITORIALITÀ'!Z86 -> 0 | CR5: ='Focus - SUPPORTO GENITORIALITÀ'!W87 -> 0 | CS5: ='Focus - SUPPORTO GENITORIALITÀ'!X87 -> 0 | CT5: ='Focus - SUPPORTO GENITORIALITÀ'!Y87 -> 0 | CU5: ='Focus - SUPPORTO GENITORIALITÀ'!Z87 -> 0 | CV5: ='Focus - SUPPORTO GENITORIALITÀ'!W93 -> 0 | CW5: ='Focus - SUPPORTO GENITORIALITÀ'!X93 -> 0 | CX5: ='Focus - SUPPORTO GENITORIALITÀ'!Y93 -> 0 | CY5: ='Focus - SUPPORTO GENITORIALITÀ'!Z93 -> 0 | CZ5: ='Focus - SUPPORTO GENITORIALITÀ'!W94 -> 0 | DA5: ='Focus - SUPPORTO GENITORIALITÀ'!X94 -> 0 | DB5: ='Focus - SUPPORTO GENITORIALITÀ'!Y94 -> 0 | DC5: ='Focus - SUPPORTO GENITORIALITÀ'!Z94 -> 0 | DD5: ='Focus - SUPPORTO GENITORIALITÀ'!W95 -> 0 | DE5: ='Focus - SUPPORTO GENITORIALITÀ'!X95 -> 0 | DF5: ='Focus - SUPPORTO GENITORIALITÀ'!Y95 -> 0 | DG5: ='Focus - SUPPORTO GENITORIALITÀ'!Z95 -> 0 | DH5: ='Focus - SUPPORTO GENITORIALITÀ'!W96 -> 0 | DI5: ='Focus - SUPPORTO GENITORIALITÀ'!X96 -> 0 | DJ5: ='Focus - SUPPORTO GENITORIALITÀ'!Y96 -> 0 | DK5: ='Focus - SUPPORTO GENITORIALITÀ'!Z96 -> 0 | DL5: ='Focus - SUPPORTO GENITORIALITÀ'!W97 -> 0 | DM5: ='Focus - SUPPORTO GENITORIALITÀ'!X97 -> 0 | DN5: ='Focus - SUPPORTO GENITORIALITÀ'!Y97 -> 0 | DO5: ='Focus - SUPPORTO GENITORIALITÀ'!Z97 -> 0 | DP5: ='Focus - SUPPORTO GENITORIALITÀ'!W103 -> 0 | DQ5: ='Focus - SUPPORTO GENITORIALITÀ'!X103 -> 0 | DR5: ='Focus - SUPPORTO GENITORIALITÀ'!Y103 -> 0 | DS5: ='Focus - SUPPORTO GENITORIALITÀ'!Z103 -> 0 | DT5: ='Focus - SUPPORTO GENITORIALITÀ'!W104 -> 0 | DU5: ='Focus - SUPPORTO GENITORIALITÀ'!X104 -> 0 | DV5: ='Focus - SUPPORTO GENITORIALITÀ'!Y104 -> 0 | DW5: ='Focus - SUPPORTO GENITORIALITÀ'!Z104 -> 0 | DX5: ='Focus - SUPPORTO GENITORIALITÀ'!W105 -> 0 | DY5: ='Focus - SUPPORTO GENITORIALITÀ'!X105 -> 0 | DZ5: ='Focus - SUPPORTO GENITORIALITÀ'!Y105 -> 0 | EA5: ='Focus - SUPPORTO GENITORIALITÀ'!Z105 -> 0 | EB5: ='Focus - SUPPORTO GENITORIALITÀ'!W106 -> 0 | EC5: ='Focus - SUPPORTO GENITORIALITÀ'!X106 -> 0 | ED5: ='Focus - SUPPORTO GENITORIALITÀ'!Y106 -> 0 | EE5: ='Focus - SUPPORTO GENITORIALITÀ'!Z106 -> 0 | EF5: ='Focus - SUPPORTO GENITORIALITÀ'!W107 -> 0 | EG5: ='Focus - SUPPORTO GENITORIALITÀ'!X107 -> 0 | EH5: ='Focus - SUPPORTO GENITORIALITÀ'!Y107 -> 0 | EI5: ='Focus - SUPPORTO GENITORIALITÀ'!Z107 -> 0

Sheet db H
N1: H) INQUADRAMENTO, AREE PROFESSIONALI, TURNI
A2: DATABASE Gomma Plastica Cavi - Sez. H | F2: Lavorazione | I2: Comparto produttivo | N2: UOMINI | O2: Quadri e impiegati | V2: Qualifiche speciali | X2: Operai | AE2: DONNE | AF2: Quadri e impiegati | AM2: Qualifiche speciali | AO2: Operai | AV2: Turni praticati - Quadri e impiegati | BC2: Turni praticati - QS | BJ2: Turni praticati - Operai | BQ2: Addetti per fasce d'età
A3: Codice Identificativo | B3: Versione questionario | C3: Impresa | D3: PIVA | E3: Unità produttiva | F3: Lavorazione 1 | G3: Lavorazione 2 | H3: Lavorazione 3 | I3: Articoli in gomma | J3: Pneumatici | K3: Manufatti materiale plastico | L3: Cavi elettrici | M3: Altro (specificare) | N3: Dirigenti | O3: F1 | P3: E1 | Q3: D1 | R3: C1 | S3: B1 | T3: A1 | U3: Q | V3: E2 | W3: C2 | X3: I3 | Y3: H3 | Z3: G3 | AA3: F3 | AB3: E3 | AC3: D3 | AD3: TOTALE | AE3: Dirigenti | AF3: F1 | AG3: E1 | AH3: D1 | AI3: C1 | AJ3: B1 | AK3: A1 | AL3: Q | AM3: E2 | AN3: C2 | AO3: I3 | AP3: H3 | AQ3: G3 | AR3: F3 | AS3: E3 | AT3: D3 | AU3: TOTALE | AV3: cicli continui (3x7) | AW3: 18 turni o più turni sett. (esc. 3x7) | AX3: 17 turni | AY3: 15 o 16 turni | AZ3: 10 turni | BA3: Altro | BB3: specificare | BC3: cicli continui (3x7) | BD3: 18 turni o più turni sett. (esc. 3x7) | BE3: 17 turni | BF3: 15 o 16 turni | BG3: 10 turni | BH3: Altro | BI3: specificare | BJ3: cicli continui (3x7) | BK3: 18 turni o più turni sett. (esc. 3x7) | BL3: 17 turni | BM3: 15 o 16 turni | BN3: 10 turni | BO3: Altro | BP3: specificare | BQ3: M <30 | BR3: M 30-50 | BS3: M >50 | BT3: Tot. Da B.1 | BU3: F <30 | BV3: F 30-50 | BW3: F >50 | BX3: Tot. Da B.1
A5: 0 | B5: ='I. Questionario nazionale'!A13 -> 9 | C5: =IF('I. Questionario nazionale'!F15="","",UPPER('I. Questionario nazionale'!F15)) | D5: =IF('I. Questionario nazionale'!C19="","",'I. Questionario nazionale'!C19) | E5: ='II. Gomma Plastica Cavi'!D12 -> 0 | F5: ='II. Gomma Plastica Cavi'!P12 -> 1. | G5: ='II. Gomma Plastica Cavi'!P13 -> 2. | H5: ='II. Gomma Plastica Cavi'!P14 -> 3. | I5: =IF('II. Gomma Plastica Cavi'!F14=TRUE,1,0) -> 0 | J5: =IF('II. Gomma Plastica Cavi'!J14=TRUE,1,0) -> 0 | K5: =IF('II. Gomma Plastica Cavi'!F15=TRUE,1,0) -> 0 | L5: =IF('II. Gomma Plastica Cavi'!J15=TRUE,1,0) -> 0 | M5: ='II. Gomma Plastica Cavi'!F16 -> 0 | N5: ='II. Gomma Plastica Cavi'!C26 -> 0 | O5: ='II. Gomma Plastica Cavi'!C27 -> 0 | P5: ='II. Gomma Plastica Cavi'!C28 -> 0 | Q5: ='II. Gomma Plastica Cavi'!C29 -> 0 | R5: ='II. Gomma Plastica Cavi'!C30 -> 0 | S5: ='II. Gomma Plastica Cavi'!C31 -> 0 | T5: ='II. Gomma Plastica Cavi'!C32 -> 0 | U5: ='II. Gomma Plastica Cavi'!C33 -> 0 | V5: ='II. Gomma Plastica Cavi'!C34 -> 0 | W5: ='II. Gomma Plastica Cavi'!C35 -> 0 | X5: ='II. Gomma Plastica Cavi'!C36 -> 0 | Y5: ='II. Gomma Plastica Cavi'!C37 -> 0 | Z5: ='II. Gomma Plastica Cavi'!C38 -> 0 | AA5: ='II. Gomma Plastica Cavi'!C39 -> 0 | AB5: ='II. Gomma Plastica Cavi'!C40 -> 0 | AC5: ='II. Gomma Plastica Cavi'!C41 -> 0 | AD5: ='II. Gomma Plastica Cavi'!C42 -> 0 | AE5: ='II. Gomma Plastica Cavi'!D26 -> 0 | AF5: ='II. Gomma Plastica Cavi'!D27 -> 0 | AG5: ='II. Gomma Plastica Cavi'!D28 -> 0 | AH5: ='II. Gomma Plastica Cavi'!D29 -> 0 | AI5: ='II. Gomma Plastica Cavi'!D30 -> 0 | AJ5: ='II. Gomma Plastica Cavi'!D31 -> 0 | AK5: ='II. Gomma Plastica Cavi'!D32 -> 0 | AL5: ='II. Gomma Plastica Cavi'!D33 -> 0 | AM5: ='II. Gomma Plastica Cavi'!D34 -> 0 | AN5: ='II. Gomma Plastica Cavi'!D35 -> 0 | AO5: ='II. Gomma Plastica Cavi'!D36 -> 0 | AP5: ='II. Gomma Plastica Cavi'!D37 -> 0 | AQ5: ='II. Gomma Plastica Cavi'!D38 -> 0 | AR5: ='II. Gomma Plastica Cavi'!D39 -> 0 | AS5: ='II. Gomma Plastica Cavi'!D40 -> 0 | AT5: ='II. Gomma Plastica Cavi'!D41 -> 0 | AU5: ='II. Gomma Plastica Cavi'!D42 -> 0 | AV5: ='II. Gomma Plastica Cavi'!C57 -> 0 | AW5: ='II. Gomma Plastica Cavi'!E57 -> 0 | AX5: ='II. Gomma Plastica Cavi'!G57 -> 0 | AY5: ='II. Gomma Plastica Cavi'!I57 -> 0 | AZ5: ='II. Gomma Plastica Cavi'!K57 -> 0 | BA5: ='II. Gomma Plastica Cavi'!M57 -> 0 | BB5: ='II. Gomma Plastica Cavi'!O57 -> 0 | BC5: ='II. Gomma Plastica Cavi'!C58 -> 0 | BD5: ='II. Gomma Plastica Cavi'!E58 -> 0 | BE5: ='II. Gomma Plastica Cavi'!G58 -> 0 | BF5: ='II. Gomma Plastica Cavi'!I58 -> 0 | BG5: ='II. Gomma Plastica Cavi'!K58 -> 0 | BH5: ='II. Gomma Plastica Cavi'!M58 -> 0 | BI5: ='II. Gomma Plastica Cavi'!O58 -> 0 | BJ5: ='II. Gomma Plastica Cavi'!C59 -> 0 | BK5: ='II. Gomma Plastica Cavi'!E59 -> 0 | BL5: ='II. Gomma Plastica Cavi'!G59 -> 0 | BM5: ='II. Gomma Plastica Cavi'!I59 -> 0 | BN5: ='II. Gomma Plastica Cavi'!K59 -> 0 | BO5: ='II. Gomma Plastica Cavi'!M59 -> 0 | BP5: ='II. Gomma Plastica Cavi'!O59 -> 0 | BQ5: ='II. Gomma Plastica Cavi'!C48 -> 0 | BR5: ='II. Gomma Plastica Cavi'!C49 -> 0 | BS5: ='II. Gomma Plastica Cavi'!C50 -> 0 | BT5: ='II. Gomma Plastica Cavi'!C51 -> 0 | BU5: ='II. Gomma Plastica Cavi'!D48 -> 0 | BV5: ='II. Gomma Plastica Cavi'!D49 -> 0 | BW5: ='II. Gomma Plastica Cavi'!D50 -> 0 | BX5: ='II. Gomma Plastica Cavi'!D51 -> 0
A6: 0

Sheet db IK
N1: I) POLITICHE GENERE | X1: Ambito professionale interessato | BV1: J) ACCOMODAMENTI RAGIONEVOLI E DISABILITA' | DC1: K) FOCUS SUI CONTRATTI
A2: DATABASE Gomma Plastica Cavi - Sez. H-J | F2: Lavorazione | I2: Comparto produttivo | N2: Politiche di genere | P2: Se sì, quali ambiti | T2: Certificazione della parità di genere di cui alla Legge 162/2021 | V2: Se NO, l'azienda ha intrapreso il percorso per ottenere la certificazione | X2: Amministrazione | AA2: Risorse Umane | AD2: Finance | AG2: Marketing e comunicazione | AJ2: Acquisti | AS2: Information technology | AV2: Organizzazione/Gestione | AY2: Produzione e manutenzione | BB2: Qualità e R&S | BE2: Altre aree | BH2: TOTALE da B.1 | BK2: Figure connesse alle tecnologie con personale femminile | BM2: Iniziative per occupazione femminile in tali ruoli | BP2: Focus maternità | BV2: Accomodamenti ragionevoli per il reiserimento lavoratori con disabilità | BY2: Richiesta contributi all'INAIL | CB2: Coinvolgimento RSU | CE2: PERMESSI | DD2: Clausole elastiche | DG2: Maggiorazioni aggiuntive rispetto a CCNL | DJ2: Lavoro supplementare: Maggiorazioni aggiuntive rispetto a CCNL | DP2: Stagionalità ex art. 2 Par. C | DR2: Somministrazione | DT2: Somministrazione a tempo determinato | DY2: Somministrazione a tempo indeterminato
A3: Codice Identificativo | B3: Versione questionario | C3: Impresa | D3: PIVA | E3: Unità produttiva | F3: Lavorazione 1 | G3: Lavorazione 2 | H3: Lavorazione 3 | I3: Articoli in gomma | J3: Pneumatici | K3: Manufatti materiale plastico | L3: Cavi elettrici | M3: Altro (specificare) | N3: Sì | O3: No | P3: Pari opportunità inclusività | Q3: Equità remunerativa a parità di competenze | R3: Conciliazione e genitorialità | S3: Politiche di genere nell'ambiente di lavoro | T3: Sì | U3: No | V3: Sì | W3: No | X3: M | Y3: F | Z3: TOTALE | AA3: M | AB3: F | AC3: TOTALE | AD3: M | AE3: F | AF3: TOTALE | AG3: M | AH3: F | AI3: TOTALE | AJ3: M | AK3: F | AL3: TOTALE | AM3: M | AN3: F | AO3: TOTALE | AP3: M | AQ3: F | AR3: TOTALE | AS3: M | AT3: F | AU3: TOTALE | AV3: M | AW3: F | AX3: TOTALE | AY3: M | AZ3: F | BA3: TOTALE | BB3: M | BC3: F | BD3: TOTALE | BE3: M | BF3: F | BG3: TOTALE | BH3: M | BI3: F | BJ3: TOTALE | BK3: Sì | BL3: No | BM3: Sì | BN3: No | BO3: Quali? | BP3: N. lavoratrici maternità prec. Triennio | BQ3: Periodo medio rientro | BR3: Part-time per lavoratrici madri | BS3: Lavoro da remoto per lavoratrici madri | BT3: Formazione specifica per lavoratrici madri | BU3: Accordo aziendale | BV3: Sì | BW3: No | BX3: specificare | BY3: Sì | BZ3: No | CA3: specificare | CB3: Sì | CC3: No | CD3: specificare | CE3: Numero Quadri - M | CF3: Ore 104 (lavoratore) - Quadri - M | CG3: Ore 104 (familiari) - Quadri - M | CH3: Ore congedi speciali - Quadri - M | CI3: Numero Quadri - F | CJ3: Ore 104 (lavoratore) - Quadri - F | CK3: Ore 104 (familiari) - Quadri - F | CL3: Ore congedi speciali - Quadri - F | CM3: Numero Impiegati QS - M | CN3: Ore 104 (lavoratore) - Impiegati QS - M | CO3: Ore 104 (familiari) - Impiegati QS - M | CP3: Ore congedi speciali - Impiegati QS - M | CQ3: Numero Impiegati QS - F | CR3: Ore 104 (lavoratore) - Impiegati QS - F | CS3: Ore 104 (familiari) - Impiegati QS - F | CT3: Ore congedi speciali - Impiegati QS - F | CU3: Numero Operai - M | CV3: Ore 104 (lavoratore) - Operai - M | CW3: Ore 104 (familiari) - Operai - M | CX3: Ore congedi speciali - Operai - M | CY3: Numero Operai - F | CZ3: Ore 104 (lavoratore) - Operai - F | DA3: Ore 104 (familiari) - Operai - F | DB3: Ore congedi speciali - Operai - F | DC3: Numero contratti a tempo parziale | DD3: Sì | DE3: No | DF3: Num contratti | DG3: Sì | DH3: No | DI3: percentuale | DJ3: Sì | DK3: No | DL3: percentuale | DM3: Causali contratt. SI | DN3: Causali contratt. NO | DO3: Specificare causali | DP3: Sì | DQ3: No | DR3: Sì | DS3: No | DT3: Lavoratori totali | DU3: N. impiegati/QS | DV3: N. operai | DW3: Ore iimpiegati/QS | DX3: Ore operai | DY3: Lavoratori totali | DZ3: N. impiegati/QS | EA3: N. operai | EB3: Ore iimpiegati/QS | EC3: Ore operai
A5: 0 | B5: ='I. Questionario nazionale'!A13 -> 9 | C5: =IF('I. Questionario nazionale'!F15="","",UPPER('I. Questionario nazionale'!F15)) | D5: =IF('I. Questionario nazionale'!C19="","",'I. Questionario nazionale'!C19) | E5: ='II. Gomma Plastica Cavi'!D12 -> 0 | F5: ='II. Gomma Plastica Cavi'!P12 -> 1. | G5: ='II. Gomma Plastica Cavi'!P13 -> 2. | H5: ='II. Gomma Plastica Cavi'!P14 -> 3. | I5: =IF('II. Gomma Plastica Cavi'!F14=TRUE,1,0) -> 0 | J5: =IF('II. Gomma Plastica Cavi'!J14=TRUE,1,0) -> 0 | K5: =IF('II. Gomma Plastica Cavi'!F15=TRUE,1,0) -> 0 | L5: =IF('II. Gomma Plastica Cavi'!J15=TRUE,1,0) -> 0 | M5: ='II. Gomma Plastica Cavi'!F16 -> 0 | N5: =IF('II. Gomma Plastica Cavi'!L69=TRUE,1,0) -> 0 | O5: =IF('II. Gomma Plastica Cavi'!N69=TRUE,1,0) -> 0 | P5: =IF('II. Gomma Plastica Cavi'!H72=TRUE,1,0) -> 0 | Q5: =IF('II. Gomma Plastica Cavi'!H74=TRUE,1,0) -> 0 | R5: =IF('II. Gomma Plastica Cavi'!H76=TRUE,1,0) -> 0 | S5: =IF('II. Gomma Plastica Cavi'!H78=TRUE,1,0) -> 0 | T5: =IF('II. Gomma Plastica Cavi'!M81=TRUE,1,0) -> 0 | U5: =IF('II. Gomma Plastica Cavi'!O81=TRUE,1,0) -> 0 | V5: =IF('II. Gomma Plastica Cavi'!L83=TRUE,1,0) -> 0 | W5: =IF('II. Gomma Plastica Cavi'!N83=TRUE,1,0) -> 0 | X5: ='II. Gomma Plastica Cavi'!E88 -> 0 | Y5: ='II. Gomma Plastica Cavi'!G88 -> 0 | Z5: ='II. Gomma Plastica Cavi'!I88 -> 0 | AA5: ='II. Gomma Plastica Cavi'!E89 -> 0 | AB5: ='II. Gomma Plastica Cavi'!G89 -> 0 | AC5: ='II. Gomma Plastica Cavi'!I89 -> 0 | AD5: ='II. Gomma Plastica Cavi'!E90 -> 0 | AE5: ='II. Gomma Plastica Cavi'!G90 -> 0 | AF5: ='II. Gomma Plastica Cavi'!I90 -> 0 | AG5: ='II. Gomma Plastica Cavi'!E91 -> 0 | AH5: ='II. Gomma Plastica Cavi'!G91 -> 0 | AI5: ='II. Gomma Plastica Cavi'!I91 -> 0 | AJ5: ='II. Gomma Plastica Cavi'!E92 -> 0 | AK5: ='II. Gomma Plastica Cavi'!G92 -> 0 | AL5: ='II. Gomma Plastica Cavi'!I92 -> 0 | AM5: ='II. Gomma Plastica Cavi'!E93 -> 0 | AN5: ='II. Gomma Plastica Cavi'!G93 -> 0 | AO5: ='II. Gomma Plastica Cavi'!I93 -> 0 | AP5: ='II. Gomma Plastica Cavi'!E94 -> 0 | AQ5: ='II. Gomma Plastica Cavi'!G94 -> 0 | AR5: ='II. Gomma Plastica Cavi'!I94 -> 0 | AS5: ='II. Gomma Plastica Cavi'!E95 -> 0 | AT5: ='II. Gomma Plastica Cavi'!G95 -> 0 | AU5: ='II. Gomma Plastica Cavi'!I95 -> 0 | AV5: ='II. Gomma Plastica Cavi'!E96 -> 0 | AW5: ='II. Gomma Plastica Cavi'!G96 -> 0 | AX5: ='II. Gomma Plastica Cavi'!I96 -> 0 | AY5: ='II. Gomma Plastica Cavi'!E97 -> 0 | AZ5: ='II. Gomma Plastica Cavi'!G97 -> 0 | BA5: ='II. Gomma Plastica Cavi'!I97 -> 0 | BB5: ='II. Gomma Plastica Cavi'!E98 -> 0 | BC5: ='II. Gomma Plastica Cavi'!G98 -> 0 | BD5: ='II. Gomma Plastica Cavi'!I98 -> 0 | BE5: ='II. Gomma Plastica Cavi'!E99 -> 0 | BF5: ='II. Gomma Plastica Cavi'!G99 -> 0 | BG5: ='II. Gomma Plastica Cavi'!I99 -> 0 | BH5: ='II. Gomma Plastica Cavi'!E100 -> 0 | BI5: ='II. Gomma Plastica Cavi'!G100 -> 0 | BJ5: ='II. Gomma Plastica Cavi'!I100 -> 0 | BK5: =IF('II. Gomma Plastica Cavi'!P103=TRUE,1,0) -> 0 | BL5: =IF('II. Gomma Plastica Cavi'!R103=TRUE,1,0) -> 0 | BM5: =IF('II. Gomma Plastica Cavi'!P105=TRUE,1,0) -> 0 | BN5: =IF('II. Gomma Plastica Cavi'!R105=TRUE,1,0) -> 0 | BO5: ='II. Gomma Plastica Cavi'!D107 -> 0 | BP5: ='II. Gomma Plastica Cavi'!G111 -> 0 | BQ5: ='II. Gomma Plastica Cavi'!H112 -> 0 | BR5: =IF('II. Gomma Plastica Cavi'!L113=TRUE,1,0) -> 0 | BS5: =IF('II. Gomma Plastica Cavi'!L114=TRUE,1,0) -> 0 | BT5: =IF('II. Gomma Plastica Cavi'!L115=TRUE,1,0) -> 0 | BU5: =IF('II. Gomma Plastica Cavi'!L116=TRUE,1,0) -> 0 | BV5: =IF('II. Gomma Plastica Cavi'!J122=TRUE,1,0) -> 0 | BW5: =IF('II. Gomma Plastica Cavi'!L122=TRUE,1,0) -> 0 | BX5: ='II. Gomma Plastica Cavi'!M122 -> (specificare) ............................................................................... | BY5: =IF('II. Gomma Plastica Cavi'!J123=TRUE,1,0) -> 0 | BZ5: =IF('II. Gomma Plastica Cavi'!L123=TRUE,1,0) -> 0 | CA5: ='II. Gomma Plastica Cavi'!M123 -> (specificare) ............................................................................... | CB5: =IF('II. Gomma Plastica Cavi'!J124=TRUE,1,0) -> 0 | CC5: =IF('II. Gomma Plastica Cavi'!L124=TRUE,1,0) -> 0 | CD5: ='II. Gomma Plastica Cavi'!M124 -> (specificare) ............................................................................... | CE5: ='II. Gomma Plastica Cavi'!G129 -> 0 | CF5: ='II. Gomma Plastica Cavi'!G131 -> 0 | CG5: ='II. Gomma Plastica Cavi'!G132 -> 0 | CH5: ='II. Gomma Plastica Cavi'!G133 -> 0 | CI5: ='II. Gomma Plastica Cavi'!H129 -> 0 | CJ5: ='II. Gomma Plastica Cavi'!H131 -> 0 | CK5: ='II. Gomma Plastica Cavi'!H132 -> 0 | CL5: ='II. Gomma Plastica Cavi'!H133 -> 0 | CM5: ='II. Gomma Plastica Cavi'!I129 -> 0 | CN5: ='II. Gomma Plastica Cavi'!I131 -> 0 | CO5: ='II. Gomma Plastica Cavi'!I132 -> 0 | CP5: ='II. Gomma Plastica Cavi'!I133 -> 0 | CQ5: ='II. Gomma Plastica Cavi'!J129 -> 0 | CR5: ='II. Gomma Plastica Cavi'!J131 -> 0 | CS5: ='II. Gomma Plastica Cavi'!J132 -> 0 | CT5: ='II. Gomma Plastica Cavi'!J133 -> 0 | CU5: ='II. Gomma Plastica Cavi'!K129 -> 0 | CV5: ='II. Gomma Plastica Cavi'!K131 -> 0 | CW5: ='II. Gomma Plastica Cavi'!K132 -> 0 | CX5: ='II. Gomma Plastica Cavi'!K133 -> 0 | CY5: ='II. Gomma Plastica Cavi'!L129 -> 0 | CZ5: ='II. Gomma Plastica Cavi'!L131 -> 0 | DA5: ='II. Gomma Plastica Cavi'!L132 -> 0 | DB5: ='II. Gomma Plastica Cavi'!L133 -> 0 | DC5: ='II. Gomma Plastica Cavi'!E141 -> 0 | DD5: =IF('II. Gomma Plastica Cavi'!J142=TRUE,1,0) -> 0 | DE5: =IF('II. Gomma Plastica Cavi'!L142=TRUE,1,0) -> 0 | DF5: ='II. Gomma Plastica Cavi'!Q142 -> … | DG5: =IF('II. Gomma Plastica Cavi'!J143=TRUE,1,0) -> 0 | DH5: =IF('II. Gomma Plastica Cavi'!L143=TRUE,1,0) -> 0 | DI5: ='II. Gomma Plastica Cavi'!Q143 -> % | DJ5: =IF('II. Gomma Plastica Cavi'!J144=TRUE,1,0) -> 0 | DK5: =IF('II. Gomma Plastica Cavi'!L144=TRUE,1,0) -> 0 | DL5: ='II. Gomma Plastica Cavi'!Q144 -> % | DM5: =IF('II. Gomma Plastica Cavi'!J148=TRUE,1,0) -> 0 | DN5: =IF('II. Gomma Plastica Cavi'!L148=TRUE,1,0) -> 0 | DO5: ='II. Gomma Plastica Cavi'!D149 -> … | DP5: =IF('II. Gomma Plastica Cavi'!K153=TRUE,1,0) -> 0 | DQ5: =IF('II. Gomma Plastica Cavi'!M153=TRUE,1,0) -> 0 | DR5: =IF('II. Gomma Plastica Cavi'!H155=TRUE,1,0) -> 0 | DS5: =IF('II. Gomma Plastica Cavi'!J155=TRUE,1,0) -> 0 | DT5: ='II. Gomma Plastica Cavi'!G159 -> 0 | DU5: ='II. Gomma Plastica Cavi'!I159 -> 0 | DV5: ='II. Gomma Plastica Cavi'!L159 -> 0 | DW5: ='II. Gomma Plastica Cavi'!N159 -> 0 | DX5: ='II. Gomma Plastica Cavi'!Q159 -> 0 | DY5: ='II. Gomma Plastica Cavi'!G160 -> 0 | DZ5: ='II. Gomma Plastica Cavi'!I160 -> 0 | EA5: ='II. Gomma Plastica Cavi'!L160 -> 0 | EB5: ='II. Gomma Plastica Cavi'!N160 -> 0 | EC5: ='II. Gomma Plastica Cavi'!Q160 -> 0
A6: 0

Sheet db LM
N1: L) RETRIBUZIONE - L.1 Retribuzione diretta | AE1: M.3 Retribuzione indiretta | AM1: M) ASSISTENZA SANITARIA INTEGRATIVA
A2: DATABASE Gomma Plastica Cavi - Sez. L-M | F2: Lavorazione | I2: Comparto produttivo | N2: 1 - Lorda mensile | P2: 2 - Superminimo | R2: 3 - Scatti anzianità | T2: 4 - Cottimo | V2: 5 - Indennità sost. Premio | X2: 6 - Premio produzione e/o altri premi fissi | Z2: 7 - Maggiorazioni | AB2: L.2 Lavoro notturno | AE2: 1 - Premio di risultato | AI2: 2 - 14ma mensilità | AM2: Quadri | AO2: Impiegati/QS | AQ2: Operai | AT2: Trattamenti aggiuntivi rispetto a CCNL | AW2: Iscritti al Fondo Gomma Plastica
A3: Codice Identificativo | B3: Versione questionario | C3: Impresa | D3: PIVA | E3: Unità produttiva | F3: Lavorazione 1 | G3: Lavorazione 2 | H3: Lavorazione 3 | I3: Articoli in gomma | J3: Pneumatici | K3: Manufatti materiale plastico | L3: Cavi elettrici | M3: Altro (specificare) | N3: Valore Quadri/Imp/QS | O3: Valore Operai | P3: Valore Quadri/Imp/QS | Q3: Valore Operai | R3: Valore Quadri/Imp/QS | S3: Valore operai | T3: Valore Quadri/Imp/QS | U3: Valore Operai | V3: Valore Quadri/Imp/QS | W3: Valore Operai | X3: Valore Quadri/Imp/QS | Y3: Valore Operai | Z3: Valore Quadri/Imp/QS | AA3: Valore Operai | AB3: Altri importi SI | AC3: Altri importi NO | AD3: Tipologia | AE3: No | AF3: Sì | AG3: Valore Quadri/Imp/QS | AH3: Valore Operai | AI3: No | AJ3: Sì | AK3: Valore Quadri/Imp/QS | AL3: Valore Operai | AM3: FASG&P | AN3: altri Fondi | AO3: FASG&P | AP3: altri Fondi | AQ3: FASG&P | AR3: altri Fondi | AS3: Specificare altro Fondo | AT3: Sì | AU3: No | AV3: Quali | AW3: Quadri | AX3: Imp. + QS | AY3: Operai
A5: 0 | B5: ='I. Questionario nazionale'!A13 -> 9 | C5: =IF('I. Questionario nazionale'!F15="","",UPPER('I. Questionario nazionale'!F15)) | D5: =IF('I. Questionario nazionale'!C19="","",'I. Questionario nazionale'!C19) | E5: ='II. Gomma Plastica Cavi'!D12 -> 0 | F5: ='II. Gomma Plastica Cavi'!P12 -> 1. | G5: ='II. Gomma Plastica Cavi'!P13 -> 2. | H5: ='II. Gomma Plastica Cavi'!P14 -> 3. | I5: =IF('II. Gomma Plastica Cavi'!F14=TRUE,1,0) -> 0 | J5: =IF('II. Gomma Plastica Cavi'!J14=TRUE,1,0) -> 0 | K5: =IF('II. Gomma Plastica Cavi'!F15=TRUE,1,0) -> 0 | L5: =IF('II. Gomma Plastica Cavi'!J15=TRUE,1,0) -> 0 | M5: ='II. Gomma Plastica Cavi'!F16 -> 0 | N5: ='II. Gomma Plastica Cavi'!I170 -> 0 | O5: ='II. Gomma Plastica Cavi'!K170 -> 0 | P5: ='II. Gomma Plastica Cavi'!I172 -> 0 | Q5: ='II. Gomma Plastica Cavi'!K172 -> 0 | R5: ='II. Gomma Plastica Cavi'!I173 -> 0 | S5: ='II. Gomma Plastica Cavi'!K173 -> 0 | T5: ='II. Gomma Plastica Cavi'!I174 -> 0 | U5: ='II. Gomma Plastica Cavi'!K174 -> 0 | V5: ='II. Gomma Plastica Cavi'!I175 -> 0 | W5: ='II. Gomma Plastica Cavi'!K175 -> 0 | X5: ='II. Gomma Plastica Cavi'!I176 -> 0 | Y5: ='II. Gomma Plastica Cavi'!K176 -> 0 | Z5: ='II. Gomma Plastica Cavi'!I178 -> 0 | AA5: ='II. Gomma Plastica Cavi'!K178 -> 0 | AB5: =IF('II. Gomma Plastica Cavi'!M184=TRUE,1,0) -> 0 | AC5: =IF('II. Gomma Plastica Cavi'!O184=TRUE,1,0) -> 0 | AD5: ='II. Gomma Plastica Cavi'!F186&'II. Gomma Plastica Cavi'!F186 | AE5: =IF('II. Gomma Plastica Cavi'!H191=TRUE,1,0) -> 0 | AF5: =IF('II. Gomma Plastica Cavi'!J191=TRUE,1,0) -> 0 | AG5: ='II. Gomma Plastica Cavi'!L191 -> 0 | AH5: ='II. Gomma Plastica Cavi'!N191 -> 0 | AI5: =IF('II. Gomma Plastica Cavi'!H192=TRUE,1,0) -> 0 | AJ5: =IF('II. Gomma Plastica Cavi'!J192=TRUE,1,0) -> 0 | AK5: ='II. Gomma Plastica Cavi'!L192 -> 0 | AL5: ='II. Gomma Plastica Cavi'!N192 -> 0 | AM5: ='II. Gomma Plastica Cavi'!G253 -> 0 | AN5: ='II. Gomma Plastica Cavi'!G254 -> 0 | AO5: ='II. Gomma Plastica Cavi'!I253 -> 0 | AP5: ='II. Gomma Plastica Cavi'!I254 -> 0 | AQ5: ='II. Gomma Plastica Cavi'!K253 -> 0 | AR5: ='II. Gomma Plastica Cavi'!K254 -> 0 | AS5: ='II. Gomma Plastica Cavi'!A256 -> ….......................................................... | AT5: =IF('II. Gomma Plastica Cavi'!M258=TRUE,1,0) -> 0 | AU5: =IF('II. Gomma Plastica Cavi'!O258=TRUE,1,0) -> 0 | AV5: ='II. Gomma Plastica Cavi'!C260 -> … | AW5: ='II. Gomma Plastica Cavi'!G266 -> 0 | AX5: ='II. Gomma Plastica Cavi'!I266 -> 0 | AY5: ='II. Gomma Plastica Cavi'!K266 -> 0
A6: 0

Sheet feedback assenze
D2: Check-up assenze anno 2024 | H2: =CONCATENATE(" - ",UPPER('I. Questionario nazionale'!F15)) -> -
A4: =CONCATENATE("Buongiorno ",PROPER('I. Questionario nazionale'!D8),".") -> Buongiorno .
A5: Le confermiamo di aver ricevuto il questionario che ci ha gentilmente compilato.
A6: Vogliamo ringraziarla per l’indispensabile collaborazione che ci ha prestato e le restituiamo - sulla base dei dati che ha inserito - un quadro sintetico della situazione della sua azienda per quanto riguarda ore lavorate e tassi di assenza:
C8: Totale | F8: Quadri | I8: Impiegati/Intermedi | L8: Operai
C9: Maschi | D9: Femmine | E9: Totale | F9: Maschi | G9: Femmine | H9: Totale | I9: Maschi | J9: Femmine | K9: Totale | L9: Maschi | M9: Femmine | N9: Totale
A10: Lavoratori* | C10: =+F10+I10+L10 -> 0 | D10: =+G10+J10+M10 -> 0 | E10: =C10+D10 -> 0 | F10: =+'I. Questionario nazionale'!S101 -> 0 | G10: =+'I. Questionario nazionale'!T101 -> 0 | H10: =+F10+G10 -> 0 | I10: =+'I. Questionario nazionale'!V101 -> 0 | J10: =+'I. Questionario nazionale'!W101 -> 0 | K10: =+I10+J10 -> 0 | L10: =+'I. Questionario nazionale'!Y101 -> 0 | M10: =+'I. Questionario nazionale'!Z101 -> 0 | N10: =+L10+M10 -> 0
A11: Ore lavorabili | C11: =IF(C$10>0,+(F11*F$10+I11*I$10+L11*L$10)/C$10,"0") -> 0 | D11: =IF(D$10>0,+(G11*G$10+J11*J$10+M11*M$10)/D$10,"0") -> 0 | E11: =IF(C10>0,IF(D10>0,+(C11*C10+D11*D10)/E10,C11),D11) -> 0 | F11: =+'I. Questionario nazionale'!S102 -> 0 | G11: =+'I. Questionario nazionale'!T102 -> 0 | H11: =IF(F10>0,IF(G10>0,+(F11*F10+G11*G10)/H10,F11),G11) -> 0 | I11: =+'I. Questionario nazionale'!V102 -> 0 | J11: =+'I. Questionario nazionale'!W102 -> 0 | K11: =IF(I10>0,IF(J10>0,+(I11*I10+J11*J10)/K10,I11),J11) -> 0 | L11: =+'I. Questionario nazionale'!Y102 -> 0 | M11: =+'I. Questionario nazionale'!Z102 -> 0 | N11: =IF(L10>0,IF(M10>0,+(L11*L10+M11*M10)/N10,L11),M11) -> 0
A12: Ore lavorate | C12: =IF($C$10>0,+(F12*$F$10+I12*$I$10+L12*$L$10)/$C$10,"0") -> 0 | D12: =IF(D$10>0,+(G12*G$10+J12*J$10+M12*M$10)/D$10,"0") -> 0 | E12: =IF(C10>0,IF(D10>0,+(C12*C10+D12*D10)/E10,C12),D12) -> 0 | F12: =+'I. Questionario nazionale'!S103 -> 0 | G12: =+'I. Questionario nazionale'!T103 -> 0 | H12: =IF(F10>0,IF(G10>0,+(F12*F10+G12*G10)/H10,F12),G12) -> 0 | I12: =+'I. Questionario nazionale'!V103 -> 0 | J12: =+'I. Questionario nazionale'!W103 -> 0 | K12: =IF(I10>0,IF(J10>0,+(I12*I10+J12*J10)/K10,I12),J12) -> 0 | L12: =+'I. Questionario nazionale'!Y103 -> 0 | M12: =+'I. Questionario nazionale'!Z103 -> 0 | N12: =IF(L10>0,IF(M10>0,+(L12*L10+M12*M10)/N10,L12),M12) -> 0
A13: Ore assenza pro-capite | C13: =IF($C$10>0,+(F13*$F$10+I13*$I$10+L13*$L$10)/$C$10,"0") -> 0 | D13: =IF(D$10>0,+(G13*G$10+J13*J$10+M13*M$10)/D$10,"0") -> 0 | E13: =IF(C10>0,IF(D10>0,+E11-E12,C13),D13) -> 0 | F13: =IF(F10>0,+F11-F12,"0") -> 0 | G13: =IF(G10>0,+G11-G12,"0") -> 0 | H13: =IF(F10>0,IF(G10>0,+H11-H12,F13),G13) -> 0 | I13: =IF(I10>0,+I11-I12,"0") -> 0 | J13: =IF(J10>0,+J11-J12,"0") -> 0 | K13: =IF(I10>0,IF(J10>0,+K11-K12,I13),J13) -> 0 | L13: =IF(L10>0,+L11-L12,"0") -> 0 | M13: =IF(M10>0,+M11-M12,"0") -> 0 | N13: =IF(L10>0,IF(M10>0,+N11-N12,L13),M13) -> 0
A14: Tasso di gravità | C14: =IF($C$10>0,+(F14*$F$10+I14*$I$10+L14*$L$10)/$C$10,"0") -> 0 | D14: =IF(D$10>0,+(G14*G$10+J14*J$10+M14*M$10)/D$10,"0") -> 0 | E14: =IF(C10>0,IF(D10>0,+E13/E11,C14),D14) -> 0 | F14: =IF(F10>0,+F13/F11,"0") -> 0 | G14: =IF(G10>0,+G13/G11,"0") -> 0 | H14: =IF(F10>0,IF(G10>0,+H13/H11,F14),G14) -> 0 | I14: =IF(I10>0,+I13/I11,"0") -> 0 | J14: =IF(J10>0,+J13/J11,"0") -> 0 | K14: =IF(I10>0,IF(J10>0,+K13/K11,I14),J14) -> 0 | L14: =IF(L10>0,+L13/L11,"0") -> 0 | M14: =IF(M10>0,+M13/M11,"0") -> 0 | N14: =IF(L10>0,IF(M10>0,+N13/N11,L14),M14) -> 0
A15: * Numero medio di lavoratori a tempo indeterminato full-time in organico a dicembre 2023 e a dicembre 2024.
A17: Rimaniamo a disposizione per ogni chiarimento sui numeri contenuti nella tabella.
A18: =CONCATENATE("Ci auguriamo di poter contare anche in futuro sulla sua attiva partecipazione, e provvederemo a informarla - all’indirizzo ",LOWER('I. Questionario nazionale'!B10)," che ha indicato sul questionario - non appena saranno disponibili i risultati dell’indagine.") -> Ci auguriamo di poter contare anche in futuro sulla sua attiva partecipazione, e provvederemo a informarla - all’indirizzo che ha indicato sul questionario - non appena saranno disponibili i risultati dell’indagine.
A19: Con i migliori saluti.
A23: PER LE ASSOCIAZIONI: Metodo di calcolo del tasso di gravità
A25: Elementi per il calcolo: | G25: Esempio
A27: lavoratori al 31.12.2023 | G27: 9
A28: lavoratori al 31.12.2024 | G28: 11
A29: numero medio lavoratori nel 2024 | G29: =AVERAGE(G27:G28) -> 10
A30: giorni dell'anno | G30: 366
A31: sabati e domeniche | G31: 104
A32: festività infrasettimanali nel 2024 | G32: 9
A33: giorni di ferie e P.A.R. | G33: 33
A34: orario settimanale | G34: 40
A35: pause retribuite per settimana (in minuti) | G35: 60
A36: ore di CIG (pro-capite) | G36: =500/G29 -> 50
A37: Ore lavorabili: (366 - 104 - 9 - 33) x (40 - 60/60)/5 - 50 = | G37: =+((G30-G31-G33-G32)*((G34-(G35/60))/5))-G36 -> 1666
A39: 1. Infortuni sul lavoro e malattie professionali | G39: =100/G29 -> 10
A40: 2. Malattie non professionali | G40: =100/G29 -> 10
A41: 3. Congedi retribuiti | G41: =100/G29 -> 10
A42: 4. Altri permessi retribuiti | G42: =100/G29 -> 10
A43: 5. Assenze per sciopero | G43: =100/G29 -> 10
A44: 6. Altre assenze non retribuite | G44: =100/G29 -> 10
A45: 7. Ore di assemblea | G45: =100/G29 -> 10
A46: Ore di assenza pro-capite (totale): | G46: =SUM(G39:G45) -> 70
A48: Tasso di gravità: Ore di assenza in % delle ore lavorabili = | G48: =G46/G37 -> 0.042016807
D59: =+D55+SUM(D56:E58) -> 0 | F59: =+F55+SUM(F56:G58) -> 0 | H59: =+H55+SUM(H56:I58) -> 0 | J59: =+J55+SUM(J56:K58) -> 0

Sheet ccnl
A1: 3 Colonne in cui pescano formule della tendina CCNL | E1: cod cnel
A2: 1 | B2: (Scegliere CCNL principale) | C2: 0
A3: 2 | B3: ALIMENTARE | C3: 100 | E3: E012
A4: 3 | B4: ALISCAFI | C4: 1580
A5: 4 | B5: AREA PORTI | C5: 1800 | E5: I5G1
A6: 5 | B6: ASSICURAZIONI | C6: 3010 | E6: J121
A7: 6 | B7: ATTIVITA' FERROVIARIE | C7: 2020 | E7: I320
A8: 7 | B8: AUTOFERROTRANVIERI | C8: 2010 | E8: I022
A9: 8 | B9: AUTORIMESSE E AUTONOLEGGIO | C9: 2300 | E9: IC35
A10: 9 | B10: AUTOSTRADE E TRAFORI IN CONCESSIONE | C10: 2400 | E10: I192
A11: 10 | B11: CALZATURIERO | C11: 302 | E11: D121
A12: 11 | B12: CAPITANI DI LUNGO CORSO AL COMANDO E CAPITANI DI MACCHINA ALLA DIREZIONE | C12: 1581
A13: 12 | B13: CARTARIO E CARTOTECNICO | C13: 501 | E13: G022
A14: 13 | B14: CEMENTO, CALCE,GESSO E MALTE | C14: 402 | E14: F032
A15: 14 | B15: CHIMICO-FARMACEUTICO | C15: 601 | E15: B011
A16: 15 | B16: COIBENTAZIONI TERMO-ACUSTICHE | C16: 607 | E16: B012
A17: 16 | B17: COMANDANTI MEZZI NAVALI SPECIALI | C17: 1585
A18: 17 | B18: COMMERCIO | C18: 3030 | E18: H011
A19: 18 | B19: CONCIARIO | C19: 604 | E19: B101
A20: 19 | B20: CROCIERE | C20: 1570
A21: 20 | B21: DIPENDENTI DA AGENTI IMMOBILIARI MANDATARI PROFESSIONALI A TITOLO ONEROSO E MEDIATORI CREDITIZI | C21: 2660
A22: 21 | B22: DOPPIAGGIO | C22: 514 | E22: G161
A23: 22 | B23: EDILIZIA | C23: 700 | E23: F012
A24: 23 | B24: ENTI AUTONOMI LIRICI | C24: 512
A25: 24 | B25: ESERCIZI CINEMATOGRAFICI | C25: 511 | E25: G211
A26: 25 | B26: ESERCIZI TEATRALI | C26: 510 | E26: G310
A27: 26 | B27: FILIERA ITTICA E RETIFICI | C27: 309 | E27: D411
A28: 27 | B28: FOTOLABORATORI | C28: 507 | E28: G511
A29: 28 | B29: GAS - ACQUA | C29: 1100 | E29: K321
A30: 29 | B30: GENERICI E COMPARSE CINEMATOGRAFICI DIPENDENTI DA CASE DI PRODUZIONE | C30: 515 | E30: G131
A31: 30 | B31: GESTIONI AEROPORTUALI E SERVIZI ASSISTENTI A TERRA | C31: 1520 | E31: I810
A32: 31 | B32: GOMMA-PLASTICA | C32: 611 | E32: B371
A33: 32 | B33: GRAFICO ED EDITORIALE | C33: 502 | E33: G011
A34: 33 | B34: IMPIANTI DI TRASPORTO A FUNE | C34: 1510 | E34: I911
A35: 34 | B35: IMPRESE PRIVATE DISTRIBUZIONE, RECAPITO, SERVIZI POSTALI | C35: 2100
A36: 35 | B36: IMPRESE RADIO TELEVISIVE PRIVATE | C36: 508 | E36: G091
A37: 36 | B37: INDUSTRIA CINEAUDIOVISIVA | C37: 509 | E37: G111
A38: 37 | B38: INDUSTRIA TURISTICA | C38: 2850 | E38: H05B
A39: 38 | B39: ISTITUTI DI VIGILANZA PRIVATI | C39: 2700 | E39: HV17
A40: 39 | B40: ISTITUTI FINANZIARI E AZIENDE DI CREDITO | C40: 3020 | E40: J241
A41: 40 | B41: ISTITUTI PRIVATI DI EDUCAZIONE E ISTRUZIONE | C41: 3050 | E41: T231
A42: 41 | B42: LAPIDEI | C42: 800 | E42: F041
A43: 42 | B43: LATERIZI, MANUFATTI IN CEMENTO | C43: 403 | E43: F021
A44: 43 | B44: LAVANDERIE INDUSTRIALI | C44: 310 | E44: D0L1
A45: 44 | B45: LEGNO-ARREDAMENTO, BOSCHIVO-FORESTALE | C45: 401 | E45: F051
A46: 45 | B46: LOGISTICA, TRASPORTO MERCI E SPEDIZIONI | C46: 1400 | E46: I100
A47: 46 | B47: METALMECCANICO | C47: 200 | E47: C011
A48: 47 | B48: MEZZI NAVALI SPECIALI | C48: 1584
A49: 48 | B49: MINERARIO | C49: 900 | E49: B282
A50: 49 | B50: NAVI LOCATE A SCAFO NUDO E AD ARMATORE STRANIERO | C50: 1583
A51: 50 | B51: NAVIGLIO MAGGIORE | C51: 1530
A52: 51 | B52: NAVIGLIO MINORE | C52: 1550
A53: 52 | B53: OCCHIALI E ARTICOLI INERENTI L'OCCHIALERIA | C53: 308 | E53: D271
A54: 53 | B54: OMBRELLI-OMBRELLONI | C54: 306 | E54: D111
A55: 54 | B55: ORAFI E ARGENTIERI | C55: 204 | E55: C021
A56: 55 | B56: OSPEDALI PRIVATI (PERSONALE MEDICO) | C56: 3001 | E56: T012
A57: 56 | B57: OSPEDALI PRIVATI (PERSONALE NON MEDICO) | C57: 3000 | E57: T011
A58: 57 | B58: PELLI, CUOIO E SUCCEDANEI | C58: 303 | E58: D111
A59: 58 | B59: PENNE, MATITE E AFFINI, SPAZZOLE, PENNELLI, SCOPE | C59: 304 | E59: D241
A60: 59 | B60: PESCA MARITTIMA | C60: 102 | E60: E071
A61: 60 | B61: PETROLIO - ENERGIA | C61: 1000 | E61: B254
A62: 61 | B62: PIASTRELLE DI CERAMICA | C62: 610 | E62: B122
A63: 62 | B63: PILOTI COLLAUDATORI E SPERIMENTATORI E DI PRODUZIONE DI AZIENDE DI COSTRUZIONI AEROSPAZIALI | C63: 3060 | E63: I8A2
A64: 63 | B64: POMPE FUNEBRI | C64: 2200
A65: 64 | B65: RIMORCHIATORI | C65: 1560
A66: 65 | B66: SERVIZI AMBIENTALI | C66: 2600 | E66: K541
A67: 66 | B67: SERVIZI DI PULIZIA E SERVIZI INTEGRATI MULTISERVIZI | C67: 2500 | E67: K511
A68: 67 | B68: SERVIZI ELICOTTERISTICI | C68: 1590 | E68: I8C2
A69: 68 | B69: SERVIZI POSTALI IN APPALTO | C69: 1700
A70: 69 | B70: SETTORE ELETTRICO | C70: 1300 | E70: K051
A71: 70 | B71: SOCIETA' E AZIENDE DI NAVIGAZIONE | C71: 1582 | E71: I391
A72: 71 | B72: SOMMINISTRAZIONE DI LAVORO | C72: 2650 | E72: V212
A73: 72 | B73: STUDI PROFESSIONALI | C73: 3040 | E73: H445
A74: 73 | B74: TEATRI STABILI PUBBLICI E GESTITI DALL'ETI | C74: 513 | E74: G321
A75: 74 | B75: TELECOMUNICAZIONI | C75: 2950 | E75: K411
A76: 75 | B76: TERMALE | C76: 2800 | E76: K461
A77: 76 | B77: TESSILE E ABBIGLIAMENTO | C77: 300 | E77: D014
A78: 77 | B78: TROUPES CINEAUDIOVISIVE | C78: 504 | E78: G121
A79: 78 | B79: UNITA' DI DIPORTO DESTINATE A SCOPI COMMERCIALI | C79: 1586
A80: 79 | B80: VETRO, LAMPADE E DISPLAY | C80: 608 | E80: B132
A81: 80 | B81: VIDEOFONOGRAFICI | C81: 505 | E81: G421
A82: 81 | B82: ALTRO | C82: 3100

Sheet ateco2007_2digit
A1: Riga | B1: Descrizione | C1: Codice Ateco 2007
A2: 1 | B2: (Scegliere Ateco principale) | C2: 0
A3: 2 | B3: 01 - Coltivazioni agricole e produzione di prodotti animali, caccia e servizi connessi | C3: 01
A4: 3 | B4: 02 - Silvicoltura ed utilizzo di aree forestali | C4: 02
A5: 4 | B5: 03 - Pesca e acquacoltura | C5: 03
A6: 5 | B6: 05 - Estrazione di carbone (esclusa torba) | C6: 05
A7: 6 | B7: 06 - Estrazione di petrolio greggio e di gas naturale | C7: 06
A8: 7 | B8: 07 - Estrazione di minerali metalliferi | C8: 07
A9: 8 | B9: 08 - Altre attività di estrazione di minerali da cave e miniere | C9: 08
A10: 9 | B10: 09 - Attività dei servizi di supporto all'estrazione | C10: 09
A11: 10 | B11: 10 - Industrie alimentari | C11: 10
A12: 11 | B12: 11 - Industria delle bevande | C12: 11
A13: 12 | B13: 12 - Industria del tabacco | C13: 12
A14: 13 | B14: 13 - Industrie tessili | C14: 13
... A90: 89 | B90: 99 - Organizzazioni ed organismi extraterritoriali | C90: 99

Sheet provincia
A1: 1 | B1: (Scegliere Provincia) | D1: Denominazione regione | E1: Ripartizione geografica
A2: 2 | B2: MI - Milano | C2: MI | D2: LOMBARDIA | E2: NORD-OVEST | F2: NORD-OVEST
A3: 3 | B3: MB - Monza e della Brianza | C3: MB | D3: LOMBARDIA | E3: NORD-OVEST | F3: NORD-OVEST
A4: 4 | B4: LO - Lodi | C4: LO | D4: LOMBARDIA | E4: NORD-OVEST | F4: NORD-OVEST
A5: 5 | B5: PV - Pavia | C5: PV | D5: LOMBARDIA | E5: NORD-OVEST | F5: NORD-OVEST
A6: 6 | B6: AG - Agrigento | C6: AG | D6: SICILIA | E6: ISOLE | F6: CENTRO-SUD
A7: 7 | B7: AL - Alessandria | C7: AL | D7: PIEMONTE | E7: NORD-OVEST | F7: NORD-OVEST
A8: 8 | B8: AN - Ancona | C8: AN | D8: MARCHE | E8: CENTRO | F8: CENTRO-SUD
A9: 9 | B9: AO - Valle d'Aosta | C9: AO | D9: VALLE D'AOSTA | E9: NORD-OVEST | F9: NORD-OVEST
A10: 10 | B10: AP - Ascoli Piceno | C10: AP | D10: MARCHE | E10: CENTRO | F10: CENTRO-SUD
A11: 11 | B11: AQ - L'Aquila | C11: AQ | D11: ABRUZZO | E11: SUD | F11: CENTRO-SUD
A12: 12 | B12: AR - Arezzo | C12: AR | D12: TOSCANA | E12: CENTRO | F12: CENTRO-SUD
A13: 13 | B13: AT - Asti | C13: AT | D13: PIEMONTE | E13: NORD-OVEST | F13: NORD-OVEST
... A108: 108 | B108: VV - Vibo Valentia | C108: VV | D108: CALABRIA | E108: SUD | F108: CENTRO-SUD
